Workbook

Sheet Disclaimer
B12: The Welsh Government Energy Service (“WGES”) is funded by the Welsh Government with the aim of developing energy efficiency and renewable energy projects that contribute to public sector decarbonisation and national energy targets. The WGES is delivered by the Carbon Trust, Energy Saving Trust and Local Partnerships (the “Delivery Partners”). This report (the “Report”) has been produced by the Delivery Partners and, whilst the views expressed in it are given in good faith based on information available at the date of this Report:- (i) these views do not necessarily reflect the views of the Welsh Government, which accepts no liability for any statement or opinion expressed in the Report; (ii) the Report is intended to provide general guidance only, rather than financial, legal or technical advice for the purposes of any particular project or other matter, and no-one in receipt of the Report should place any reliance on it in substitution for obtaining their own advice from an appropriate third party advisor; and (iii) any person in receipt of this Report should therefore obtain their own financial, legal, technical and/or other relevant professional advice insofar as they require specific guidance on what action (if any) to take, or refrain from taking, in respect of any project, initiative, proposal, involvement with any partnership or other matter to which information contained in the Report may be relevant; and (iv) the Delivery Partners accept no liability in respect of the Report, or for any statement in the Report and/or any error or omission relating to the Report.
A13: User system requirements: | B13: Microsoft 365 latest update
A15: Tool Name: | B15: Rooftop Solar Operation Analysis
A17: Version: | B17: 3.0 12th August 2026
A19: Contact: | B19: enquiries@energyservice.wales

Sheet User Instructions
A1: Pre-requisites | B1: 1. Read and action the (Welsh Government Energy Service) Guidance Notes; (Introductory, 1 and 2) on Maximising Rooftop Solar generation. 2. Preparation of data using the the following WGES excel tools, as required; Import Data Converter Tool, Generation Data Converter Tool and Contract Rates HH Converter Tool.
A4: Overall Purpose | B4: To understand the performance of your solar array and the financial value of generation.
A5: Introduction: | B5: On download, save a copy of this Tool in a secure location. This Tool's tabs hold example data for 1st January 2024 to 27th February 2024. We suggest you read the instructions, look at each tab, and familiarise yourself with their correct function, prior to deleting the example data ( using the 'Clear Contents' function) and inputting data of your own.
A7: Notes: | B7: For all data, the timestamp is at the end of each half-hourly period. Tabs contain EXAMPLE data for calendar year 2024. a leap year (366 days).
B8: Tabs | C8: Instructions
A9: User Input Tabs* | B9: ImportHHDatakWhInput | C9: Source, copy and Paste Special Values calendar dates into Column B (B7 downward). Source and copy half-hourly electricity import data (kWhs) and Paste Special Values these data into the Rows alongside the associated dates. Values are formatted on a sliding scale: a darker background for higher values and a lighter background for lower values. By extending the MAX range in Cell A3, the user can see the maximum kWhs imported in any half-hour period.
B11: HHGenerationDataInput | C11: Source, copy and Paste Special Values calendar dates into Column B (B7 downward). Source and copy half-hourly electricity generation data (Whs) and Paste Special Values these data into the Rows alongside the dates. Values are formatted on a sliding scale: a darker background for higher values and a lighter background for lower values.
B13: HHExportDataInput | C13: If there is a facility to export onto the grid and there is an export meter measuring the export : Source, copy and Paste Special Values calendar dates into Column B (B7 downward). Source and copy half-hourly electricity Export data (kWhs) and Paste Special Values these data into the Rows alongside the dates. If there is no export facility at site, input a value of '0' (zero) into Cells A7:AX737. Values are formatted on a sliding scale: a darker background for higher values and a lighter background for lower values.
B15: HHImportTariffInput | C15: Source, copy and Paste Special Values calendar dates into Column B (B7 downward), then input the kWh unit rate tariff applicable to each date and time period (£/kWh e.g. £0.341).
B17: GenTariffInput | C17: Source, copy and Paste Special Values calendar dates into Column B (B7 downward), then Paste Special Values the kWh unit rate tariff applicable to each date and time period (£/kWh e.g. £0.0165). half-hourly tariffs into the Rows alongside the dates. If there is no generation tariff, input a value of '0', (zero) into Cells A7:AX737.
B19: ExpTariffInput | C19: Source, copy and Paste Special Values calendar dates into Column B (B7 downward), then Paste Special Values the kWh unit rate tariff applicable to each date and time period (£/kWh e.g. £0.050). half-hourly tariffs into the Rows alongside the dates. If there is no generation tariff, input a value of '0', (zero) into Cells A7:AX737.
B21: UTC Daylight Hours Input | C21: This tab will be used for visual reference only. Source and input the calendar year daylight hours for the solar array's geographical location.( Example source is: https://sunrise-sunset.org/ ) Please note that all times must be adjusted to UTC Universal Time Code in order to align with half-hourly data. Sense-check for accuracy.
B23: Tabs | C23: Instructions
A25: Insight Tabs | B25: GenerationkWh | C25: This tab converts Wh output into kWhs. In Cell A1, replace ? with the expected annual output stated by the suppler/installer of the array. Values are formatted on a sliding scale: a lighter background for lower values and a darker background for higher values. Cell A4 displays the total kWh generatted to date. Compare this figure with the Estimated Annual Energy Yield provided by the Supplier/Installer.
B27: Site Demand | C27: FOR USE ONLY FOR SITES WHERE GENERATION IS ENTIRELY CONSUMED ON SITE. This tab displays the electricity kiloWatt used from the grid AND the solar array COMBINED (Import plus generation). Values are formatted on a sliding scale: a lighter background for lower values and a darker background for higher values. The formatting makes it easy to spot the patterns of demand for electricity at the site. Zero demand periods appear in red typeface and should always be validated (e.g. Is it a likely occurence there would be no demand at all for electricity?) Cell A4 displays the highest demand in any half-hourly period. | E27: 1 | F27: 2 | G27: 3
B29: ValueofSolarGentoBusiness | C29: Select ONLY the tab appropriate to the electrical design of your site. This will be one of three options: 1. where all electricity generated is consumed on site. 2. Where some electricity is consumed on site but any surplus is exported to the grid. 3. All electricity generated is exported to the grid. To avoid confusion going forward, we suggest 'hiding' the two tabs which do not reflect the electrical design of your site. tabs. This tab displays any revenue gained and/or savings made by generating electricity. Lower values are formatted on a sliding scale: a lighter background for lower values and a darker background for higher values. Column A displays a running total daily total value.Column AY displays the same value less the levelised cost of operation and maintenance (LCOM). Note: you may need to manually extend the cell Formula downwards to include the relevant dates each time data is input into the orange Input tabs. | E29: selfconsuming | F29: Surplus export | G29: All Export
C30: Cell A3 displays total value of generation to date. This tab also allows you to understand potential costs to budget when the solar array is NOT generating. From Cell J18 of the ContractRatesInput tab of the ContractRatesHHConverter tool, source the levelised daily O&M cost and Paste SpecialValues into Cell AZ1.
B32: Tabs | C32: Instructions
A33: Operation Analysis tabs | B33: OperationAnalysis | C33: Used in conjunction with the Key tab, the Operation Analysis tab gives a visual indication of the solar array's performance in each half-hourly period. The Key tab lists the meaning of each cell formatting appearing in the OperationAnalysis tab, and provides guidance notes on questions you might ask and actions you might take. When data has been input into the User Input tabs, replace the red question mark at the top left of the Operation Analysis tab with the installed kiloWatt capacity value of the solar array.(Note: this may be curtailed by the inverter size, in which case, use the curtailed rated capacity value instead.) Cell A5 and A6 will automatically display the maximum kW output in any half-hourly period of the input data. In the Operational Analysis tab, highlight Cells A7 to AX737; open Conditional Formatting; in the rule circled purple (in the picture to the right of these instructions), amend the final numeric value (in this example, 76) to installed kiloWatt capacity value of the solar array. (Note: this may be curtailed by the inverter size, in which case, use the curtailed rated capacity value instead.) Highlight Columns W7 to AD7; open Conditional Formatting; in the rule circled Blue (in the picture to the upper right of these Instructions), amend the value to a figure equal to the 95% of the value appearing in Cell A5 and A6 of the OperationAnalysis tab, i.e; Maximum kW generated to date. As further data is input into the workbook, this number in Cell A5 and A6 of the OperationAnalysis tab may increase in value and you will need to adjust the Conditional Formatting to reflect this and keep the analysis relevant. In the operational Analysis tab, highlight Cells A7 to AX737, open Conditional Formatting; in the rule circled green ( in the picture to the upper right of these instructions) adjust the grading scale's Midpoint and Maximum numbers to the size of your rooftop array. (The Maximum number should be a value equal to the maximum kilowatt capacity of the installation, and the Midpoint number should be half the maximum value.) In the Operational Analysis tab, highlight Cells A7 to AX737; open Conditional Formatting; in the rule circled Yellow (in the picture to the right in these Instructions), amend the value to a figure equal to 1 kW below the installed rated capacity/curtalied rated capacity of the solar array.

Sheet ImportHHDatakWhInput
A1: Paste Special Values half hourly Import data kiloWatt hours | W1: Hours of peak generation opportunity
A3: =MAX(A7:A64) -> 57 | B3: Time | C3: Hours of darkness | I3: Potential Max Summer Daylight Hours | AU3: Hours of darkness
Q4: Potential Min Winter Daylight Hours
A5: Maximum Import | B5: HH Period | C5: 0.041666667 | E5: 0.083333333 | G5: 0.125 | I5: 0.16666667 | K5: 0.20833333 | M5: 0.25 | O5: 0.29166667 | Q5: 0.33333333 | S5: 0.375 | U5: 0.41666667 | W5: 0.45833333 | Y5: 0.5 | AA5: 0.54166667 | AC5: 0.58333333 | AE5: 0.625 | AG5: 0.66666667 | AI5: 0.70833333 | AK5: 0.75 | AM5: 0.79166667 | AO5: 0.83333333 | AQ5: 0.875 | AS5: 0.91666667 | AU5: 0.95833333 | AW5: 1
C6: 1 | D6: 2 | E6: 3 | F6: 4 | G6: 5 | H6: 6 | I6: 7 | J6: 8 | K6: 9 | L6: 10 | M6: 11 | N6: 12 | O6: 13 | P6: 14 | Q6: 15 | R6: 16 | S6: 17 | T6: 18 | U6: 19 | V6: 20 | W6: 21 | X6: 22 | Y6: 23 | Z6: 24 | AA6: 25 | AB6: 26 | AC6: 27 | AD6: 28 | AE6: 29 | AF6: 30 | AG6: 31 | AH6: 32 | AI6: 33 | AJ6: 34 | AK6: 35 | AL6: 36 | AM6: 37 | AN6: 38 | AO6: 39 | AP6: 40 | AQ6: 41 | AR6: 42 | AS6: 43 | AT6: 44 | AU6: 45 | AV6: 46 | AW6: 47 | AX6: 48
A7: {=MAX(IFERROR(C7:AX7,0))} -> 19.8 | B7: 45292 | C7: 17.3 | D7: 17.1 | E7: 17.7 | F7: 17.8 | G7: 18.1 | H7: 18.6 | I7: 18 | J7: 16.7 | K7: 17.5 | L7: 19.8 | M7: 17.7 | N7: 17.8 | O7: 17.2 | P7: 16.6 | Q7: 16.7 | R7: 17.6 | S7: 18.3 | T7: 14.9 | U7: 16.6 | V7: 14 | W7: 13.3 | X7: 15.2 | Y7: 14.2 | Z7: 13.2 | AA7: 16.8 | AB7: 17.4 | AC7: 14.7 | AD7: 16.2 | AE7: 17.3 | AF7: 17.5 | AG7: 17 | AH7: 17.6 | AI7: 18.3 | AJ7: 18.1 | AK7: 17.2 | AL7: 17 | AM7: 16.7 | AN7: 16.1 | AO7: 15.5 | AP7: 17.4 | AQ7: 15.9 | AR7: 16.6 | AS7: 16.1 | AT7: 17.4 | AU7: 17.1 | AV7: 15.6 | AW7: 17.8 | AX7: 16.8
A8: {=MAX(IFERROR(C8:AX8,0))} -> 29 | B8: 45293 | C8: 15.4 | D8: 16.2 | E8: 16.9 | F8: 17 | G8: 16.7 | H8: 16.8 | I8: 16.4 | J8: 16.2 | K8: 14.8 | L8: 15.5 | M8: 16.4 | N8: 15.6 | O8: 17.6 | P8: 16.3 | Q8: 15.5 | R8: 20.1 | S8: 20.1 | T8: 23.7 | U8: 29 | V8: 28.2 | W8: 27.3 | X8: 25.7 | Y8: 26.5 | Z8: 22.1 | AA8: 22.6 | AB8: 22.8 | AC8: 18.8 | AD8: 19.5 | AE8: 19.8 | AF8: 22.2 | AG8: 20.4 | AH8: 24.4 | AI8: 24.8 | AJ8: 27.7 | AK8: 26.3 | AL8: 27.8 | AM8: 25 | AN8: 23.8 | AO8: 22.8 | AP8: 19.9 | AQ8: 23 | AR8: 21.4 | AS8: 22 | AT8: 22.9 | AU8: 24.2 | AV8: 21.5 | AW8: 21.6 | AX8: 20
A9: {=MAX(IFERROR(C9:AX9,0))} -> 31.4 | B9: 45294 | C9: 17.3 | D9: 19.3 | E9: 16.2 | F9: 18.7 | G9: 18.1 | H9: 16.3 | I9: 18.6 | J9: 19.1 | K9: 18.8 | L9: 16.9 | M9: 19.5 | N9: 18.8 | O9: 17.9 | P9: 20.2 | Q9: 19.2 | R9: 24.4 | S9: 26.1 | T9: 29.7 | U9: 29.9 | V9: 30.8 | W9: 31.4 | X9: 29.9 | Y9: 29.6 | Z9: 28.9 | AA9: 27.3 | AB9: 23.4 | AC9: 25.3 | AD9: 28.7 | AE9: 24.4 | AF9: 25.1 | AG9: 18.9 | AH9: 21 | AI9: 23.8 | AJ9: 23.2 | AK9: 23.9 | AL9: 21.8 | AM9: 22.6 | AN9: 18.9 | AO9: 20.4 | AP9: 20.1 | AQ9: 18.3 | AR9: 18.1 | AS9: 18.6 | AT9: 18.9 | AU9: 18.7 | AV9: 19.1 | AW9: 20.2 | AX9: 17.4
A10: {=MAX(IFERROR(C10:AX10,0))} -> 32.7 | B10: 45295 | C10: 19.6 | D10: 19.9 | E10: 21.3 | F10: 21.1 | G10: 18.3 | H10: 17.1 | I10: 22.3 | J10: 19.9 | K10: 19.7 | L10: 18.5 | M10: 20.2 | N10: 20.9 | O10: 19.5 | P10: 20.6 | Q10: 21.6 | R10: 24 | S10: 24.6 | T10: 31.4 | U10: 32.7 | V10: 32.2 | W10: 31.9 | X10: 28.9 | Y10: 28.4 | Z10: 27.9 | AA10: 29.3 | AB10: 27.9 | AC10: 30.5 | AD10: 28.9 | AE10: 25.6 | AF10: 25.9 | AG10: 25 | AH10: 25.1 | AI10: 30.2 | AJ10: 27 | AK10: 26 | AL10: 25.5 | AM10: 24.8 | AN10: 23 | AO10: 21.2 | AP10: 21.1 | AQ10: 21.8 | AR10: 19 | AS10: 21.4 | AT10: 19.7 | AU10: 22.8 | AV10: 20 | AW10: 21.6 | AX10: 18.2
A11: {=MAX(IFERROR(C11:AX11,0))} -> 31.2 | B11: 45296 | C11: 22.2 | D11: 18.6 | E11: 22.2 | F11: 20.3 | G11: 20.3 | H11: 18 | I11: 22.1 | J11: 21.9 | K11: 21.5 | L11: 20 | M11: 22.7 | N11: 21.9 | O11: 22.4 | P11: 19 | Q11: 24.6 | R11: 28.3 | S11: 27.7 | T11: 31.2 | U11: 30.7 | V11: 24.6 | W11: 26.4 | X11: 28.2 | Y11: 24.9 | Z11: 22.9 | AA11: 21.1 | AB11: 20.8 | AC11: 24 | AD11: 23.2 | AE11: 25.7 | AF11: 27.2 | AG11: 25 | AH11: 26.9 | AI11: 24.6 | AJ11: 29.8 | AK11: 29 | AL11: 26.2 | AM11: 23.2 | AN11: 24.1 | AO11: 21.8 | AP11: 20.2 | AQ11: 18.4 | AR11: 21.3 | AS11: 22 | AT11: 23.1 | AU11: 20.4 | AV11: 19.9 | AW11: 20.5 | AX11: 21
A12: {=MAX(IFERROR(C12:AX12,0))} -> 24.1 | B12: 45297 | C12: 22 | D12: 20.9 | E12: 22.3 | F12: 19.5 | G12: 22.4 | H12: 22.6 | I12: 21.8 | J12: 21.6 | K12: 21.2 | L12: 21.6 | M12: 21.3 | N12: 22.9 | O12: 19.1 | P12: 21.4 | Q12: 22.4 | R12: 22.4 | S12: 20.6 | T12: 23.3 | U12: 21.6 | V12: 19.3 | W12: 22.1 | X12: 18.9 | Y12: 14.6 | Z12: 9.9 | AA12: 10.4 | AB12: 10.3 | AC12: 10.6 | AD12: 13.8 | AE12: 17 | AF12: 17.2 | AG12: 17.3 | AH12: 18.7 | AI12: 21 | AJ12: 21.4 | AK12: 20.9 | AL12: 22 | AM12: 20.9 | AN12: 22.1 | AO12: 20.2 | AP12: 21.4 | AQ12: 22.9 | AR12: 20.4 | AS12: 20.7 | AT12: 21 | AU12: 23.3 | AV12: 21.1 | AW12: 23.9 | AX12: 24.1
A13: {=MAX(IFERROR(C13:AX13,0))} -> 28 | B13: 45298 | C13: 22.3 | D13: 26.4 | E13: 24 | F13: 26.2 | G13: 24.8 | H13: 24.6 | I13: 26.4 | J13: 25.7 | K13: 27.5 | L13: 25.4 | M13: 25.9 | N13: 25.7 | O13: 27.4 | P13: 24.2 | Q13: 28 | R13: 26 | S13: 27 | T13: 26.8 | U13: 27.6 | V13: 25 | W13: 23.8 | X13: 21.9 | Y13: 24.1 | Z13: 22.6 | AA13: 19.6 | AB13: 21.4 | AC13: 19.4 | AD13: 20.1 | AE13: 23.5 | AF13: 21 | AG13: 25.6 | AH13: 26 | AI13: 26.7 | AJ13: 26.3 | AK13: 26.3 | AL13: 25.6 | AM13: 27.1 | AN13: 26.7 | AO13: 26.9 | AP13: 25.3 | AQ13: 27 | AR13: 26.1 | AS13: 26.8 | AT13: 25.6 | AU13: 27.2 | AV13: 27.7 | AW13: 27.6 | AX13: 27.8
A14: {=MAX(IFERROR(C14:AX14,0))} -> 49.2 | B14: 45299 | C14: 29.3 | D14: 29.2 | E14: 27.1 | F14: 27.9 | G14: 27 | H14: 26 | I14: 29.6 | J14: 28.3 | K14: 28.4 | L14: 28.8 | M14: 27.3 | N14: 30.3 | O14: 26.2 | P14: 27.7 | Q14: 33.5 | R14: 31.6 | S14: 40.5 | T14: 48.3 | U14: 48.6 | V14: 49.2 | W14: 47.1 | X14: 43.4 | Y14: 44.4 | Z14: 41 | AA14: 42 | AB14: 41.6 | AC14: 40.9 | AD14: 38.6 | AE14: 39.7 | AF14: 39.2 | AG14: 37.5 | AH14: 36.8 | AI14: 40.1 | AJ14: 37.9 | AK14: 37.3 | AL14: 36.8 | AM14: 34.5 | AN14: 32.7 | AO14: 33.7 | AP14: 33.8 | AQ14: 30.8 | AR14: 30.9 | AS14: 28.4 | AT14: 27.1 | AU14: 30.2 | AV14: 28.6 | AW14: 29.1 | AX14: 29.1
A15: {=MAX(IFERROR(C15:AX15,0))} -> 51.8 | B15: 45300 | C15: 29.7 | D15: 27.3 | E15: 29.9 | F15: 26.6 | G15: 27.8 | H15: 27.9 | I15: 28.6 | J15: 27.2 | K15: 29.5 | L15: 28.7 | M15: 28.7 | N15: 28.7 | O15: 29.3 | P15: 29.3 | Q15: 34.2 | R15: 34.9 | S15: 35.4 | T15: 47.8 | U15: 50.7 | V15: 49.5 | W15: 51.8 | X15: 47.4 | Y15: 45.3 | Z15: 44.3 | AA15: 42.7 | AB15: 41.7 | AC15: 37.8 | AD15: 43.6 | AE15: 41.4 | AF15: 41.7 | AG15: 40.1 | AH15: 42.2 | AI15: 44 | AJ15: 45.3 | AK15: 40 | AL15: 38.6 | AM15: 35.6 | AN15: 34.7 | AO15: 34.8 | AP15: 31.4 | AQ15: 30.2 | AR15: 31.1 | AS15: 33.1 | AT15: 34.1 | AU15: 33.8 | AV15: 32.1 | AW15: 34.1 | AX15: 32.8
A16: {=MAX(IFERROR(C16:AX16,0))} -> 57 | B16: 45301 | C16: 35.2 | D16: 34.3 | E16: 33.7 | F16: 33.5 | G16: 31.9 | H16: 36.1 | I16: 34.7 | J16: 33.1 | K16: 35.9 | L16: 33.7 | M16: 32.2 | N16: 32.2 | O16: 37.4 | P16: 34.8 | Q16: 36.7 | R16: 40.1 | S16: 43.2 | T16: 50.4 | U16: 56.7 | V16: 55.5 | W16: 57 | X16: 50.4 | Y16: 42.3 | Z16: 31.9 | AA16: 34.4 | AB16: 26.4 | AC16: 31.8 | AD16: 34.1 | AE16: 39.5 | AF16: 40.7 | AG16: 42.7 | AH16: 40.7 | AI16: 42 | AJ16: 37.3 | AK16: 35.7 | AL16: 33.8 | AM16: 35.2 | AN16: 29.4 | AO16: 28.5 | AP16: 28.6 | AQ16: 28.9 | AR16: 29.3 | AS16: 30.8 | AT16: 27.7 | AU16: 28.1 | AV16: 28.9 | AW16: 28.3 | AX16: 26.3
A17: {=MAX(IFERROR(C17:AX17,0))} -> 8.2 | B17: 45302 | C17: 4.9 | D17: 5 | E17: 5.3 | F17: 5.3 | G17: 4.6 | H17: 4.3 | I17: 5.6 | J17: 5 | K17: 4.9 | L17: 4.6 | M17: 5 | N17: 5.2 | O17: 4.9 | P17: 5.2 | Q17: 5.4 | R17: 6 | S17: 6.2 | T17: 7.9 | U17: 8.2 | V17: 8.1 | W17: 0 | X17: 7.2 | Y17: 7.1 | Z17: 7 | AA17: 7.3 | AB17: 7 | AC17: 7.6 | AD17: 7.2 | AE17: 6.4 | AF17: 6.5 | AG17: 6.2 | AH17: 6.3 | AI17: 7.5 | AJ17: 6.8 | AK17: 6.5 | AL17: 6.4 | AM17: 6.2 | AN17: 5.8 | AO17: 5.3 | AP17: 5.3 | AQ17: 5.5 | AR17: 4.8 | AS17: 5.4 | AT17: 4.9 | AU17: 5.7 | AV17: 5 | AW17: 5.4 | AX17: 4.5
A18: {=MAX(IFERROR(C18:AX18,0))} -> 10 | B18: 45303 | C18: 5.5 | D18: 4.7 | E18: 5.5 | F18: 5.1 | G18: 5.1 | H18: 4.5 | I18: 5.5 | J18: 5.5 | K18: 5.4 | L18: 5 | M18: 5.7 | N18: 5.5 | O18: 5.6 | P18: 4.8 | Q18: 6.2 | R18: 7.1 | S18: 6.9 | T18: 7.8 | U18: 7.7 | V18: 6.2 | W18: 6.6 | X18: 7 | Y18: 6.2 | Z18: 5.7 | AA18: 5.3 | AB18: 5.2 | AC18: 6 | AD18: 5.8 | AE18: 6.4 | AF18: 6.8 | AG18: 6.2 | AH18: 6.7 | AI18: 6.2 | AJ18: 7.5 | AK18: 7.2 | AL18: 6.5 | AM18: 5.8 | AN18: 6 | AO18: 5.5 | AP18: 5 | AQ18: 6.2 | AR18: 9.3 | AS18: 9.5 | AT18: 10 | AU18: 9.2 | AV18: 9.5 | AW18: 9.6 | AX18: 9.3
... A64: {=MAX(IFERROR(C64:AX64,0))} -> 36.3 | B64: 45349 | C64: 20.6 | D64: 19.8 | E64: 21.3 | F64: 19.7 | G64: 20.2 | H64: 20.3 | I64: 20.5 | J64: 19.7 | K64: 20.3 | L64: 20.2 | M64: 20.5 | N64: 20.2 | O64: 21.3 | P64: 20.8 | Q64: 22.9 | R64: 25 | S64: 25.3 | T64: 32.8 | U64: 36.3 | V64: 35.4 | W64: 36.1 | X64: 33.4 | Y64: 32.6 | Z64: 30.4 | AA64: 29.8 | AB64: 29.4 | AC64: 25.9 | AD64: 29.1 | AE64: 28.1 | AF64: 29.2 | AG64: 27.7 | AH64: 30.3 | AI64: 31.3 | AJ64: 33.1 | AK64: 30 | AL64: 29.9 | AM64: 27.3 | AN64: 26.4 | AO64: 26 | AP64: 23.2 | AQ64: 23.9 | AR64: 23.7 | AS64: 24.9 | AT64: 25.7 | AU64: 26.1 | AV64: 24.2 | AW64: 25.2 | AX64: 24
A65: {=MAX(IFERROR(C65:AX65,0))} -> 0 | B65: 45350 | C65: - | D65: - | E65: - | F65: - | G65: - | H65: - | I65: - | J65: - | K65: - | L65: - | M65: - | N65: - | O65: - | P65: - | Q65: - | R65: - | S65: - | T65: - | U65: - | V65: - | W65: - | X65: - | Y65: - | Z65: - | AA65: - | AB65: - | AC65: - | AD65: - | AE65: - | AF65: - | AG65: - | AH65: - | AI65: - | AJ65: - | AK65: - | AL65: - | AM65: - | AN65: - | AO65: - | AP65: - | AQ65: - | AR65: - | AS65: - | AT65: - | AU65: - | AV65: - | AW65: - | AX65: -
A66: {=MAX(IFERROR(C66:AX66,0))} -> 0 | B66: 45351 | C66: - | D66: - | E66: - | F66: - | G66: - | H66: - | I66: - | J66: - | K66: - | L66: - | M66: - | N66: - | O66: - | P66: - | Q66: - | R66: - | S66: - | T66: - | U66: - | V66: - | W66: - | X66: - | Y66: - | Z66: - | AA66: - | AB66: - | AC66: - | AD66: - | AE66: - | AF66: - | AG66: - | AH66: - | AI66: - | AJ66: - | AK66: - | AL66: - | AM66: - | AN66: - | AO66: - | AP66: - | AQ66: - | AR66: - | AS66: - | AT66: - | AU66: - | AV66: - | AW66: - | AX66: -
A67: {=MAX(IFERROR(C67:AX67,0))} -> 0 | B67: 45352 | C67: - | D67: - | E67: - | F67: - | G67: - | H67: - | I67: - | J67: - | K67: - | L67: - | M67: - | N67: - | O67: - | P67: - | Q67: - | R67: - | S67: - | T67: - | U67: - | V67: - | W67: - | X67: - | Y67: - | Z67: - | AA67: - | AB67: - | AC67: - | AD67: - | AE67: - | AF67: - | AG67: - | AH67: - | AI67: - | AJ67: - | AK67: - | AL67: - | AM67: - | AN67: - | AO67: - | AP67: - | AQ67: - | AR67: - | AS67: - | AT67: - | AU67: - | AV67: - | AW67: - | AX67: -
A68: {=MAX(IFERROR(C68:AX68,0))} -> 0 | B68: 45353 | C68: - | D68: - | E68: - | F68: - | G68: - | H68: - | I68: - | J68: - | K68: - | L68: - | M68: - | N68: - | O68: - | P68: - | Q68: - | R68: - | S68: - | T68: - | U68: - | V68: - | W68: - | X68: - | Y68: - | Z68: - | AA68: - | AB68: - | AC68: - | AD68: - | AE68: - | AF68: - | AG68: - | AH68: - | AI68: - | AJ68: - | AK68: - | AL68: - | AM68: - | AN68: - | AO68: - | AP68: - | AQ68: - | AR68: - | AS68: - | AT68: - | AU68: - | AV68: - | AW68: - | AX68: -
A69: {=MAX(IFERROR(C69:AX69,0))} -> 0 | B69: 45354 | C69: - | D69: - | E69: - | F69: - | G69: - | H69: - | I69: - | J69: - | K69: - | L69: - | M69: - | N69: - | O69: - | P69: - | Q69: - | R69: - | S69: - | T69: - | U69: - | V69: - | W69: - | X69: - | Y69: - | Z69: - | AA69: - | AB69: - | AC69: - | AD69: - | AE69: - | AF69: - | AG69: - | AH69: - | AI69: - | AJ69: - | AK69: - | AL69: - | AM69: - | AN69: - | AO69: - | AP69: - | AQ69: - | AR69: - | AS69: - | AT69: - | AU69: - | AV69: - | AW69: - | AX69: -
A70: {=MAX(IFERROR(C70:AX70,0))} -> 0 | B70: 45355 | C70: - | D70: - | E70: - | F70: - | G70: - | H70: - | I70: - | J70: - | K70: - | L70: - | M70: - | N70: - | O70: - | P70: - | Q70: - | R70: - | S70: - | T70: - | U70: - | V70: - | W70: - | X70: - | Y70: - | Z70: - | AA70: - | AB70: - | AC70: - | AD70: - | AE70: - | AF70: - | AG70: - | AH70: - | AI70: - | AJ70: - | AK70: - | AL70: - | AM70: - | AN70: - | AO70: - | AP70: - | AQ70: - | AR70: - | AS70: - | AT70: - | AU70: - | AV70: - | AW70: - | AX70: -
A71: {=MAX(IFERROR(C71:AX71,0))} -> 0 | B71: 45356 | C71: - | D71: - | E71: - | F71: - | G71: - | H71: - | I71: - | J71: - | K71: - | L71: - | M71: - | N71: - | O71: - | P71: - | Q71: - | R71: - | S71: - | T71: - | U71: - | V71: - | W71: - | X71: - | Y71: - | Z71: - | AA71: - | AB71: - | AC71: - | AD71: - | AE71: - | AF71: - | AG71: - | AH71: - | AI71: - | AJ71: - | AK71: - | AL71: - | AM71: - | AN71: - | AO71: - | AP71: - | AQ71: - | AR71: - | AS71: - | AT71: - | AU71: - | AV71: - | AW71: - | AX71: -
A72: {=MAX(IFERROR(C72:AX72,0))} -> 0 | B72: 45357 | C72: - | D72: - | E72: - | F72: - | G72: - | H72: - | I72: - | J72: - | K72: - | L72: - | M72: - | N72: - | O72: - | P72: - | Q72: - | R72: - | S72: - | T72: - | U72: - | V72: - | W72: - | X72: - | Y72: - | Z72: - | AA72: - | AB72: - | AC72: - | AD72: - | AE72: - | AF72: - | AG72: - | AH72: - | AI72: - | AJ72: - | AK72: - | AL72: - | AM72: - | AN72: - | AO72: - | AP72: - | AQ72: - | AR72: - | AS72: - | AT72: - | AU72: - | AV72: - | AW72: - | AX72: -
A73: {=MAX(IFERROR(C73:AX73,0))} -> 0 | B73: 45358 | C73: - | D73: - | E73: - | F73: - | G73: - | H73: - | I73: - | J73: - | K73: - | L73: - | M73: - | N73: - | O73: - | P73: - | Q73: - | R73: - | S73: - | T73: - | U73: - | V73: - | W73: - | X73: - | Y73: - | Z73: - | AA73: - | AB73: - | AC73: - | AD73: - | AE73: - | AF73: - | AG73: - | AH73: - | AI73: - | AJ73: - | AK73: - | AL73: - | AM73: - | AN73: - | AO73: - | AP73: - | AQ73: - | AR73: - | AS73: - | AT73: - | AU73: - | AV73: - | AW73: - | AX73: -
A74: {=MAX(IFERROR(C74:AX74,0))} -> 0 | B74: 45359 | C74: - | D74: - | E74: - | F74: - | G74: - | H74: - | I74: - | J74: - | K74: - | L74: - | M74: - | N74: - | O74: - | P74: - | Q74: - | R74: - | S74: - | T74: - | U74: - | V74: - | W74: - | X74: - | Y74: - | Z74: - | AA74: - | AB74: - | AC74: - | AD74: - | AE74: - | AF74: - | AG74: - | AH74: - | AI74: - | AJ74: - | AK74: - | AL74: - | AM74: - | AN74: - | AO74: - | AP74: - | AQ74: - | AR74: - | AS74: - | AT74: - | AU74: - | AV74: - | AW74: - | AX74: -
A75: {=MAX(IFERROR(C75:AX75,0))} -> 0 | B75: 45360 | C75: - | D75: - | E75: - | F75: - | G75: - | H75: - | I75: - | J75: - | K75: - | L75: - | M75: - | N75: - | O75: - | P75: - | Q75: - | R75: - | S75: - | T75: - | U75: - | V75: - | W75: - | X75: - | Y75: - | Z75: - | AA75: - | AB75: - | AC75: - | AD75: - | AE75: - | AF75: - | AG75: - | AH75: - | AI75: - | AJ75: - | AK75: - | AL75: - | AM75: - | AN75: - | AO75: - | AP75: - | AQ75: - | AR75: - | AS75: - | AT75: - | AU75: - | AV75: - | AW75: - | AX75: -
A76: {=MAX(IFERROR(C76:AX76,0))} -> 0 | B76: 45361 | C76: - | D76: - | E76: - | F76: - | G76: - | H76: - | I76: - | J76: - | K76: - | L76: - | M76: - | N76: - | O76: - | P76: - | Q76: - | R76: - | S76: - | T76: - | U76: - | V76: - | W76: - | X76: - | Y76: - | Z76: - | AA76: - | AB76: - | AC76: - | AD76: - | AE76: - | AF76: - | AG76: - | AH76: - | AI76: - | AJ76: - | AK76: - | AL76: - | AM76: - | AN76: - | AO76: - | AP76: - | AQ76: - | AR76: - | AS76: - | AT76: - | AU76: - | AV76: - | AW76: - | AX76: -
... A372: {=MAX(IFERROR(C372:AX372,0))} -> 0 | B372: 45657 | C372: - | D372: - | E372: - | F372: - | G372: - | H372: - | I372: - | J372: - | K372: - | L372: - | M372: - | N372: - | O372: - | P372: - | Q372: - | R372: - | S372: - | T372: - | U372: - | V372: - | W372: - | X372: - | Y372: - | Z372: - | AA372: - | AB372: - | AC372: - | AD372: - | AE372: - | AF372: - | AG372: - | AH372: - | AI372: - | AJ372: - | AK372: - | AL372: - | AM372: - | AN372: - | AO372: - | AP372: - | AQ372: - | AR372: - | AS372: - | AT372: - | AU372: - | AV372: - | AW372: - | AX372: -

Sheet HHGenerationDataInput
A1: PasteSpecialValues half-hourly converted generation data (Watt hours) | W1: Hours of peak generation opportunity
B3: Time | C3: Hours of darkness | I3: Potential Max Summer Daylight Hours | AU3: Hours of darkness
Q4: Potential Min Winter Daylight Hours
B5: HH Period | C5: 0.041666667 | E5: 0.083333333 | G5: 0.125 | I5: 0.16666667 | K5: 0.20833333 | M5: 0.25 | O5: 0.29166667 | Q5: 0.33333333 | S5: 0.375 | U5: 0.41666667 | W5: 0.45833333 | Y5: 0.5 | AA5: 0.54166667 | AC5: 0.58333333 | AE5: 0.625 | AG5: 0.66666667 | AI5: 0.70833333 | AK5: 0.75 | AM5: 0.79166667 | AO5: 0.83333333 | AQ5: 0.875 | AS5: 0.91666667 | AU5: 0.95833333 | AW5: 1
C6: 1 | D6: 2 | E6: 3 | F6: 4 | G6: 5 | H6: 6 | I6: 7 | J6: 8 | K6: 9 | L6: 10 | M6: 11 | N6: 12 | O6: 13 | P6: 14 | Q6: 15 | R6: 16 | S6: 17 | T6: 18 | U6: 19 | V6: 20 | W6: 21 | X6: 22 | Y6: 23 | Z6: 24 | AA6: 25 | AB6: 26 | AC6: 27 | AD6: 28 | AE6: 29 | AF6: 30 | AG6: 31 | AH6: 32 | AI6: 33 | AJ6: 34 | AK6: 35 | AL6: 36 | AM6: 37 | AN6: 38 | AO6: 39 | AP6: 40 | AQ6: 41 | AR6: 42 | AS6: 43 | AT6: 44 | AU6: 45 | AV6: 46 | AW6: 47 | AX6: 48
B7: 45292 | C7: 0 | D7: 0 | E7: 0 | F7: 0 | G7: 0 | H7: 0 | I7: 0 | J7: 0 | K7: 0 | L7: 0 | M7: 0 | N7: 0 | O7: 0 | P7: 0 | Q7: 250 | R7: 250 | S7: 1815 | T7: 1815 | U7: 2320 | V7: 2320 | W7: 2190 | X7: 2190 | Y7: 2095 | Z7: 2095 | AA7: 960 | AB7: 960 | AC7: 220 | AD7: 220 | AE7: 95 | AF7: 95 | AG7: 10 | AH7: 10 | AI7: 0 | AJ7: 0 | AK7: 0 | AL7: 0 | AM7: 0 | AN7: 0 | AO7: 0 | AP7: 0 | AQ7: 0 | AR7: 0 | AS7: 0 | AT7: 0 | AU7: 0 | AV7: 0 | AW7: 0 | AX7: 0
B8: 45293 | C8: 0 | D8: 0 | E8: 0 | F8: 0 | G8: 0 | H8: 0 | I8: 0 | J8: 0 | K8: 0 | L8: 0 | M8: 0 | N8: 0 | O8: 0 | P8: 0 | Q8: 0 | R8: 0 | S8: 180 | T8: 180 | U8: 490 | V8: 490 | W8: 1790 | X8: 1790 | Y8: 1920 | Z8: 1920 | AA8: 3945 | AB8: 3945 | AC8: 1860 | AD8: 1860 | AE8: 930 | AF8: 930 | AG8: 35 | AH8: 35 | AI8: 0 | AJ8: 0 | AK8: 0 | AL8: 0 | AM8: 0 | AN8: 0 | AO8: 0 | AP8: 0 | AQ8: 0 | AR8: 0 | AS8: 0 | AT8: 0 | AU8: 0 | AV8: 0 | AW8: 0 | AX8: 0
B9: 45294 | C9: 0 | D9: 0 | E9: 0 | F9: 0 | G9: 0 | H9: 0 | I9: 0 | J9: 0 | K9: 0 | L9: 0 | M9: 0 | N9: 0 | O9: 0 | P9: 0 | Q9: 110 | R9: 110 | S9: 1165 | T9: 1165 | U9: 2310 | V9: 2310 | W9: 4740 | X9: 4740 | Y9: 6535 | Z9: 6535 | AA9: 2880 | AB9: 2880 | AC9: 1175 | AD9: 1175 | AE9: 950 | AF9: 950 | AG9: 40 | AH9: 40 | AI9: 0 | AJ9: 0 | AK9: 0 | AL9: 0 | AM9: 0 | AN9: 0 | AO9: 0 | AP9: 0 | AQ9: 0 | AR9: 0 | AS9: 0 | AT9: 0 | AU9: 0 | AV9: 0 | AW9: 0 | AX9: 0
B10: 45295 | C10: 0 | D10: 0 | E10: 0 | F10: 0 | G10: 0 | H10: 0 | I10: 0 | J10: 0 | K10: 0 | L10: 0 | M10: 0 | N10: 0 | O10: 0 | P10: 0 | Q10: 210 | R10: 210 | S10: 1115 | T10: 1115 | U10: 2100 | V10: 2100 | W10: 1730 | X10: 1730 | Y10: 850 | Z10: 850 | AA10: 990 | AB10: 990 | AC10: 1590 | AD10: 1590 | AE10: 545 | AF10: 545 | AG10: 40 | AH10: 40 | AI10: 0 | AJ10: 0 | AK10: 0 | AL10: 0 | AM10: 0 | AN10: 0 | AO10: 0 | AP10: 0 | AQ10: 0 | AR10: 0 | AS10: 0 | AT10: 0 | AU10: 0 | AV10: 0 | AW10: 0 | AX10: 0
B11: 45296 | C11: 0 | D11: 0 | E11: 0 | F11: 0 | G11: 0 | H11: 0 | I11: 0 | J11: 0 | K11: 0 | L11: 0 | M11: 0 | N11: 0 | O11: 0 | P11: 0 | Q11: 205 | R11: 205 | S11: 1870 | T11: 1870 | U11: 2695 | V11: 2695 | W11: 4435 | X11: 4435 | Y11: 6560 | Z11: 6560 | AA11: 4355 | AB11: 4355 | AC11: 1425 | AD11: 1425 | AE11: 1415 | AF11: 1415 | AG11: 150 | AH11: 150 | AI11: 0 | AJ11: 0 | AK11: 0 | AL11: 0 | AM11: 0 | AN11: 0 | AO11: 0 | AP11: 0 | AQ11: 0 | AR11: 0 | AS11: 0 | AT11: 0 | AU11: 0 | AV11: 0 | AW11: 0 | AX11: 0
B12: 45297 | C12: 0 | D12: 0 | E12: 0 | F12: 0 | G12: 0 | H12: 0 | I12: 0 | J12: 0 | K12: 0 | L12: 0 | M12: 0 | N12: 0 | O12: 0 | P12: 0 | Q12: 220 | R12: 220 | S12: 965 | T12: 965 | U12: 1765 | V12: 1765 | W12: 6950 | X12: 6950 | Y12: 9580 | Z12: 9580 | AA12: 5370 | AB12: 5370 | AC12: 1875 | AD12: 1875 | AE12: 805 | AF12: 805 | AG12: 100 | AH12: 100 | AI12: 0 | AJ12: 0 | AK12: 0 | AL12: 0 | AM12: 0 | AN12: 0 | AO12: 0 | AP12: 0 | AQ12: 0 | AR12: 0 | AS12: 0 | AT12: 0 | AU12: 0 | AV12: 0 | AW12: 0 | AX12: 0
B13: 45298 | C13: 0 | D13: 0 | E13: 0 | F13: 0 | G13: 0 | H13: 0 | I13: 0 | J13: 0 | K13: 0 | L13: 0 | M13: 0 | N13: 0 | O13: 0 | P13: 0 | Q13: 185 | R13: 185 | S13: 730 | T13: 730 | U13: 2620 | V13: 2620 | W13: 4245 | X13: 4245 | Y13: 3565 | Z13: 3565 | AA13: 4000 | AB13: 4000 | AC13: 2165 | AD13: 2165 | AE13: 745 | AF13: 745 | AG13: 105 | AH13: 105 | AI13: 15 | AJ13: 15 | AK13: 0 | AL13: 0 | AM13: 0 | AN13: 0 | AO13: 0 | AP13: 0 | AQ13: 0 | AR13: 0 | AS13: 0 | AT13: 0 | AU13: 0 | AV13: 0 | AW13: 0 | AX13: 0
B14: 45299 | C14: 0 | D14: 0 | E14: 0 | F14: 0 | G14: 0 | H14: 0 | I14: 0 | J14: 0 | K14: 0 | L14: 0 | M14: 0 | N14: 0 | O14: 0 | P14: 0 | Q14: 265 | R14: 265 | S14: 1045 | T14: 1045 | U14: 2415 | V14: 2415 | W14: 5190 | X14: 5190 | Y14: 4410 | Z14: 4410 | AA14: 2005 | AB14: 2005 | AC14: 1080 | AD14: 1080 | AE14: 440 | AF14: 440 | AG14: 30 | AH14: 30 | AI14: 0 | AJ14: 0 | AK14: 0 | AL14: 0 | AM14: 0 | AN14: 0 | AO14: 0 | AP14: 0 | AQ14: 0 | AR14: 0 | AS14: 0 | AT14: 0 | AU14: 0 | AV14: 0 | AW14: 0 | AX14: 0
B15: 45300 | C15: 0 | D15: 0 | E15: 0 | F15: 0 | G15: 0 | H15: 0 | I15: 0 | J15: 0 | K15: 0 | L15: 0 | M15: 0 | N15: 0 | O15: 0 | P15: 0 | Q15: 345 | R15: 345 | S15: 1475 | T15: 1475 | U15: 3500 | V15: 3500 | W15: 6740 | X15: 6740 | Y15: 7530 | Z15: 7530 | AA15: 5065 | AB15: 5065 | AC15: 1620 | AD15: 1620 | AE15: 625 | AF15: 625 | AG15: 90 | AH15: 90 | AI15: 10 | AJ15: 10 | AK15: 0 | AL15: 0 | AM15: 0 | AN15: 0 | AO15: 0 | AP15: 0 | AQ15: 0 | AR15: 0 | AS15: 0 | AT15: 0 | AU15: 0 | AV15: 0 | AW15: 0 | AX15: 0
B16: 45301 | C16: 0 | D16: 0 | E16: 0 | F16: 0 | G16: 0 | H16: 0 | I16: 0 | J16: 0 | K16: 0 | L16: 0 | M16: 0 | N16: 0 | O16: 0 | P16: 0 | Q16: 270 | R16: 270 | S16: 925 | T16: 925 | U16: 1850 | V16: 1850 | W16: 7995 | X16: 7995 | Y16: 11910 | Z16: 11910 | AA16: 6315 | AB16: 6315 | AC16: 1650 | AD16: 1650 | AE16: 695 | AF16: 695 | AG16: 125 | AH16: 125 | AI16: 5 | AJ16: 5 | AK16: 0 | AL16: 0 | AM16: 0 | AN16: 0 | AO16: 0 | AP16: 0 | AQ16: 0 | AR16: 0 | AS16: 0 | AT16: 0 | AU16: 0 | AV16: 0 | AW16: 0 | AX16: 0
B17: 45302 | C17: 0 | D17: 0 | E17: 0 | F17: 0 | G17: 0 | H17: 0 | I17: 0 | J17: 0 | K17: 0 | L17: 0 | M17: 0 | N17: 0 | O17: 0 | P17: 0 | Q17: 290 | R17: 290 | S17: 955 | T17: 955 | U17: 1960 | V17: 1960 | W17: 7650 | X17: 7650 | Y17: 10185 | Z17: 10185 | AA17: 5695 | AB17: 5695 | AC17: 1825 | AD17: 1825 | AE17: 650 | AF17: 650 | AG17: 140 | AH17: 140 | AI17: 5 | AJ17: 5 | AK17: 0 | AL17: 0 | AM17: 0 | AN17: 0 | AO17: 0 | AP17: 0 | AQ17: 0 | AR17: 0 | AS17: 0 | AT17: 0 | AU17: 0 | AV17: 0 | AW17: 0 | AX17: 0
B18: 45303 | C18: 0 | D18: 0 | E18: 0 | F18: 0 | G18: 0 | H18: 0 | I18: 0 | J18: 0 | K18: 0 | L18: 0 | M18: 0 | N18: 0 | O18: 0 | P18: 0 | Q18: 340 | R18: 340 | S18: 1780 | T18: 1780 | U18: 2700 | V18: 2700 | W18: 8190 | X18: 8190 | Y18: 9740 | Z18: 9740 | AA18: 6035 | AB18: 6035 | AC18: 2030 | AD18: 2030 | AE18: 835 | AF18: 835 | AG18: 145 | AH18: 145 | AI18: 0 | AJ18: 0 | AK18: 0 | AL18: 0 | AM18: 0 | AN18: 0 | AO18: 0 | AP18: 0 | AQ18: 0 | AR18: 0 | AS18: 0 | AT18: 0 | AU18: 0 | AV18: 0 | AW18: 0 | AX18: 0
... B64: 45349 | C64: 0 | D64: 0 | E64: 0 | F64: 0 | G64: 0 | H64: 0 | I64: 0 | J64: 0 | K64: 0 | L64: 0 | M64: 485 | N64: 485 | O64: 2425 | P64: 2425 | Q64: 3885 | R64: 3885 | S64: 5175 | T64: 5175 | U64: 3375 | V64: 3375 | W64: 3285 | X64: 3285 | Y64: 3335 | Z64: 3335 | AA64: 3035 | AB64: 3035 | AC64: 1845 | AD64: 1845 | AE64: 850 | AF64: 850 | AG64: 150 | AH64: 150 | AI64: 5 | AJ64: 5 | AK64: 0 | AL64: 0 | AM64: 0 | AN64: 0 | AO64: 0 | AP64: 0 | AQ64: 0 | AR64: 0 | AS64: 0 | AT64: 0 | AU64: 0 | AV64: 0 | AW64: 0 | AX64: 0
B65: 45350 | C65: - | D65: - | E65: - | F65: - | G65: - | H65: - | I65: - | J65: - | K65: - | L65: - | M65: - | N65: - | O65: - | P65: - | Q65: - | R65: - | S65: - | T65: - | U65: - | V65: - | W65: - | X65: - | Y65: - | Z65: - | AA65: - | AB65: - | AC65: - | AD65: - | AE65: - | AF65: - | AG65: - | AH65: - | AI65: - | AJ65: - | AK65: - | AL65: - | AM65: - | AN65: - | AO65: - | AP65: - | AQ65: - | AR65: - | AS65: - | AT65: - | AU65: - | AV65: - | AW65: - | AX65: -
B66: 45351 | C66: - | D66: - | E66: - | F66: - | G66: - | H66: - | I66: - | J66: - | K66: - | L66: - | M66: - | N66: - | O66: - | P66: - | Q66: - | R66: - | S66: - | T66: - | U66: - | V66: - | W66: - | X66: - | Y66: - | Z66: - | AA66: - | AB66: - | AC66: - | AD66: - | AE66: - | AF66: - | AG66: - | AH66: - | AI66: - | AJ66: - | AK66: - | AL66: - | AM66: - | AN66: - | AO66: - | AP66: - | AQ66: - | AR66: - | AS66: - | AT66: - | AU66: - | AV66: - | AW66: - | AX66: -
B67: 45352 | C67: - | D67: - | E67: - | F67: - | G67: - | H67: - | I67: - | J67: - | K67: - | L67: - | M67: - | N67: - | O67: - | P67: - | Q67: - | R67: - | S67: - | T67: - | U67: - | V67: - | W67: - | X67: - | Y67: - | Z67: - | AA67: - | AB67: - | AC67: - | AD67: - | AE67: - | AF67: - | AG67: - | AH67: - | AI67: - | AJ67: - | AK67: - | AL67: - | AM67: - | AN67: - | AO67: - | AP67: - | AQ67: - | AR67: - | AS67: - | AT67: - | AU67: - | AV67: - | AW67: - | AX67: -
B68: 45353 | C68: - | D68: - | E68: - | F68: - | G68: - | H68: - | I68: - | J68: - | K68: - | L68: - | M68: - | N68: - | O68: - | P68: - | Q68: - | R68: - | S68: - | T68: - | U68: - | V68: - | W68: - | X68: - | Y68: - | Z68: - | AA68: - | AB68: - | AC68: - | AD68: - | AE68: - | AF68: - | AG68: - | AH68: - | AI68: - | AJ68: - | AK68: - | AL68: - | AM68: - | AN68: - | AO68: - | AP68: - | AQ68: - | AR68: - | AS68: - | AT68: - | AU68: - | AV68: - | AW68: - | AX68: -
B69: 45354 | C69: - | D69: - | E69: - | F69: - | G69: - | H69: - | I69: - | J69: - | K69: - | L69: - | M69: - | N69: - | O69: - | P69: - | Q69: - | R69: - | S69: - | T69: - | U69: - | V69: - | W69: - | X69: - | Y69: - | Z69: - | AA69: - | AB69: - | AC69: - | AD69: - | AE69: - | AF69: - | AG69: - | AH69: - | AI69: - | AJ69: - | AK69: - | AL69: - | AM69: - | AN69: - | AO69: - | AP69: - | AQ69: - | AR69: - | AS69: - | AT69: - | AU69: - | AV69: - | AW69: - | AX69: -
B70: 45355 | C70: - | D70: - | E70: - | F70: - | G70: - | H70: - | I70: - | J70: - | K70: - | L70: - | M70: - | N70: - | O70: - | P70: - | Q70: - | R70: - | S70: - | T70: - | U70: - | V70: - | W70: - | X70: - | Y70: - | Z70: - | AA70: - | AB70: - | AC70: - | AD70: - | AE70: - | AF70: - | AG70: - | AH70: - | AI70: - | AJ70: - | AK70: - | AL70: - | AM70: - | AN70: - | AO70: - | AP70: - | AQ70: - | AR70: - | AS70: - | AT70: - | AU70: - | AV70: - | AW70: - | AX70: -
B71: 45356 | C71: - | D71: - | E71: - | F71: - | G71: - | H71: - | I71: - | J71: - | K71: - | L71: - | M71: - | N71: - | O71: - | P71: - | Q71: - | R71: - | S71: - | T71: - | U71: - | V71: - | W71: - | X71: - | Y71: - | Z71: - | AA71: - | AB71: - | AC71: - | AD71: - | AE71: - | AF71: - | AG71: - | AH71: - | AI71: - | AJ71: - | AK71: - | AL71: - | AM71: - | AN71: - | AO71: - | AP71: - | AQ71: - | AR71: - | AS71: - | AT71: - | AU71: - | AV71: - | AW71: - | AX71: -
B72: 45357 | C72: - | D72: - | E72: - | F72: - | G72: - | H72: - | I72: - | J72: - | K72: - | L72: - | M72: - | N72: - | O72: - | P72: - | Q72: - | R72: - | S72: - | T72: - | U72: - | V72: - | W72: - | X72: - | Y72: - | Z72: - | AA72: - | AB72: - | AC72: - | AD72: - | AE72: - | AF72: - | AG72: - | AH72: - | AI72: - | AJ72: - | AK72: - | AL72: - | AM72: - | AN72: - | AO72: - | AP72: - | AQ72: - | AR72: - | AS72: - | AT72: - | AU72: - | AV72: - | AW72: - | AX72: -
B73: 45358 | C73: - | D73: - | E73: - | F73: - | G73: - | H73: - | I73: - | J73: - | K73: - | L73: - | M73: - | N73: - | O73: - | P73: - | Q73: - | R73: - | S73: - | T73: - | U73: - | V73: - | W73: - | X73: - | Y73: - | Z73: - | AA73: - | AB73: - | AC73: - | AD73: - | AE73: - | AF73: - | AG73: - | AH73: - | AI73: - | AJ73: - | AK73: - | AL73: - | AM73: - | AN73: - | AO73: - | AP73: - | AQ73: - | AR73: - | AS73: - | AT73: - | AU73: - | AV73: - | AW73: - | AX73: -
B74: 45359 | C74: - | D74: - | E74: - | F74: - | G74: - | H74: - | I74: - | J74: - | K74: - | L74: - | M74: - | N74: - | O74: - | P74: - | Q74: - | R74: - | S74: - | T74: - | U74: - | V74: - | W74: - | X74: - | Y74: - | Z74: - | AA74: - | AB74: - | AC74: - | AD74: - | AE74: - | AF74: - | AG74: - | AH74: - | AI74: - | AJ74: - | AK74: - | AL74: - | AM74: - | AN74: - | AO74: - | AP74: - | AQ74: - | AR74: - | AS74: - | AT74: - | AU74: - | AV74: - | AW74: - | AX74: -
B75: 45360 | C75: - | D75: - | E75: - | F75: - | G75: - | H75: - | I75: - | J75: - | K75: - | L75: - | M75: - | N75: - | O75: - | P75: - | Q75: - | R75: - | S75: - | T75: - | U75: - | V75: - | W75: - | X75: - | Y75: - | Z75: - | AA75: - | AB75: - | AC75: - | AD75: - | AE75: - | AF75: - | AG75: - | AH75: - | AI75: - | AJ75: - | AK75: - | AL75: - | AM75: - | AN75: - | AO75: - | AP75: - | AQ75: - | AR75: - | AS75: - | AT75: - | AU75: - | AV75: - | AW75: - | AX75: -
B76: 45361 | C76: - | D76: - | E76: - | F76: - | G76: - | H76: - | I76: - | J76: - | K76: - | L76: - | M76: - | N76: - | O76: - | P76: - | Q76: - | R76: - | S76: - | T76: - | U76: - | V76: - | W76: - | X76: - | Y76: - | Z76: - | AA76: - | AB76: - | AC76: - | AD76: - | AE76: - | AF76: - | AG76: - | AH76: - | AI76: - | AJ76: - | AK76: - | AL76: - | AM76: - | AN76: - | AO76: - | AP76: - | AQ76: - | AR76: - | AS76: - | AT76: - | AU76: - | AV76: - | AW76: - | AX76: -
... B373: 45658 | C373: - | D373: - | E373: - | F373: - | G373: - | H373: - | I373: - | J373: - | K373: - | L373: - | M373: - | N373: - | O373: - | P373: - | Q373: - | R373: - | S373: - | T373: - | U373: - | V373: - | W373: - | X373: - | Y373: - | Z373: - | AA373: - | AB373: - | AC373: - | AD373: - | AE373: - | AF373: - | AG373: - | AH373: - | AI373: - | AJ373: - | AK373: - | AL373: - | AM373: - | AN373: - | AO373: - | AP373: - | AQ373: - | AR373: - | AS373: - | AT373: - | AU373: - | AV373: - | AW373: - | AX373: -

Sheet HHExportDataInput
A1: PasteSpecialValues half-hourly export data (kiloWatt hours). Input zeros if there is no export facility at site. | W1: Hours of peak generation opportunity
A3: Total kWh Exported to date | B3: Time | C3: Hours of darkness | I3: Potential Max Summer Daylight Hours | AU3: Hours of darkness
A4: {=SUM(IFERROR(A7:A1634,0))} -> 3.00904 | Q4: Potential Min Winter Daylight Hours
B5: HH Period | C5: 0.041666667 | E5: 0.083333333 | G5: 0.125 | I5: 0.16666667 | K5: 0.20833333 | M5: 0.25 | O5: 0.29166667 | Q5: 0.33333333 | S5: 0.375 | U5: 0.41666667 | W5: 0.45833333 | Y5: 0.5 | AA5: 0.54166667 | AC5: 0.58333333 | AE5: 0.625 | AG5: 0.66666667 | AI5: 0.70833333 | AK5: 0.75 | AM5: 0.79166667 | AO5: 0.83333333 | AQ5: 0.875 | AS5: 0.91666667 | AU5: 0.95833333 | AW5: 1
C6: 1 | D6: 2 | E6: 3 | F6: 4 | G6: 5 | H6: 6 | I6: 7 | J6: 8 | K6: 9 | L6: 10 | M6: 11 | N6: 12 | O6: 13 | P6: 14 | Q6: 15 | R6: 16 | S6: 17 | T6: 18 | U6: 19 | V6: 20 | W6: 21 | X6: 22 | Y6: 23 | Z6: 24 | AA6: 25 | AB6: 26 | AC6: 27 | AD6: 28 | AE6: 29 | AF6: 30 | AG6: 31 | AH6: 32 | AI6: 33 | AJ6: 34 | AK6: 35 | AL6: 36 | AM6: 37 | AN6: 38 | AO6: 39 | AP6: 40 | AQ6: 41 | AR6: 42 | AS6: 43 | AT6: 44 | AU6: 45 | AV6: 46 | AW6: 47 | AX6: 48
A7: {=SUM(IFERROR(C7:AX7,0))} -> 0.01691 | B7: 45292 | C7: 0 | D7: 0 | E7: 0 | F7: 0 | G7: 0 | H7: 0 | I7: 0 | J7: 0 | K7: 0 | L7: 0 | M7: 0 | N7: 0 | O7: 0 | P7: 0 | Q7: 0.00025 | R7: 5e-05 | S7: 0.001615 | T7: 0.001615 | U7: 0.00212 | V7: 0.00212 | W7: 0.00199 | X7: 0.00199 | Y7: 0.001895 | Z7: 0.001895 | AA7: 0.00076 | AB7: 0.00076 | AC7: 2e-05 | AD7: 2e-05 | AE7: -0.000105 | AF7: -0.000105 | AG7: 1e-05 | AH7: 1e-05 | AI7: 0 | AJ7: 0 | AK7: 0 | AL7: 0 | AM7: 0 | AN7: 0 | AO7: 0 | AP7: 0 | AQ7: 0 | AR7: 0 | AS7: 0 | AT7: 0 | AU7: 0 | AV7: 0 | AW7: 0 | AX7: 0
A8: {=SUM(IFERROR(C8:AX8,0))} -> 0.0195 | B8: 45293 | C8: 0 | D8: 0 | E8: 0 | F8: 0 | G8: 0 | H8: 0 | I8: 0 | J8: 0 | K8: 0 | L8: 0 | M8: 0 | N8: 0 | O8: 0 | P8: 0 | Q8: 0 | R8: 0 | S8: -2e-05 | T8: -2e-05 | U8: 0.00029 | V8: 0.00029 | W8: 0.00159 | X8: 0.00159 | Y8: 0.00172 | Z8: 0.00172 | AA8: 0.003745 | AB8: 0.003745 | AC8: 0.00166 | AD8: 0.00166 | AE8: 0.00073 | AF8: 0.00073 | AG8: 3.5e-05 | AH8: 3.5e-05 | AI8: 0 | AJ8: 0 | AK8: 0 | AL8: 0 | AM8: 0 | AN8: 0 | AO8: 0 | AP8: 0 | AQ8: 0 | AR8: 0 | AS8: 0 | AT8: 0 | AU8: 0 | AV8: 0 | AW8: 0 | AX8: 0
A9: {=SUM(IFERROR(C9:AX9,0))} -> 0.0369 | B9: 45294 | C9: 0 | D9: 0 | E9: 0 | F9: 0 | G9: 0 | H9: 0 | I9: 0 | J9: 0 | K9: 0 | L9: 0 | M9: 0 | N9: 0 | O9: 0 | P9: 0 | Q9: 0.00011 | R9: 0 | S9: 0.000965 | T9: 0.000965 | U9: 0.00211 | V9: 0.00211 | W9: 0.00454 | X9: 0.00454 | Y9: 0.006335 | Z9: 0.006335 | AA9: 0.00268 | AB9: 0.00268 | AC9: 0.000975 | AD9: 0.000975 | AE9: 0.00075 | AF9: 0.00075 | AG9: 4e-05 | AH9: 4e-05 | AI9: 0 | AJ9: 0 | AK9: 0 | AL9: 0 | AM9: 0 | AN9: 0 | AO9: 0 | AP9: 0 | AQ9: 0 | AR9: 0 | AS9: 0 | AT9: 0 | AU9: 0 | AV9: 0 | AW9: 0 | AX9: 0
A10: {=SUM(IFERROR(C10:AX10,0))} -> 0.01534 | B10: 45295 | C10: 0 | D10: 0 | E10: 0 | F10: 0 | G10: 0 | H10: 0 | I10: 0 | J10: 0 | K10: 0 | L10: 0 | M10: 0 | N10: 0 | O10: 0 | P10: 0 | Q10: 0.00021 | R10: 1e-05 | S10: 0.000915 | T10: 0.000915 | U10: 0.0019 | V10: 0.0019 | W10: 0.00153 | X10: 0.00153 | Y10: 0.00065 | Z10: 0.00065 | AA10: 0.00079 | AB10: 0.00079 | AC10: 0.00139 | AD10: 0.00139 | AE10: 0.000345 | AF10: 0.000345 | AG10: 4e-05 | AH10: 4e-05 | AI10: 0 | AJ10: 0 | AK10: 0 | AL10: 0 | AM10: 0 | AN10: 0 | AO10: 0 | AP10: 0 | AQ10: 0 | AR10: 0 | AS10: 0 | AT10: 0 | AU10: 0 | AV10: 0 | AW10: 0 | AX10: 0
A11: {=SUM(IFERROR(C11:AX11,0))} -> 0.04322 | B11: 45296 | C11: 0 | D11: 0 | E11: 0 | F11: 0 | G11: 0 | H11: 0 | I11: 0 | J11: 0 | K11: 0 | L11: 0 | M11: 0 | N11: 0 | O11: 0 | P11: 0 | Q11: 0.000205 | R11: 5e-06 | S11: 0.00167 | T11: 0.00167 | U11: 0.002495 | V11: 0.002495 | W11: 0.004235 | X11: 0.004235 | Y11: 0.00636 | Z11: 0.00636 | AA11: 0.004155 | AB11: 0.004155 | AC11: 0.001225 | AD11: 0.001225 | AE11: 0.001215 | AF11: 0.001215 | AG11: 0.00015 | AH11: 0.00015 | AI11: 0 | AJ11: 0 | AK11: 0 | AL11: 0 | AM11: 0 | AN11: 0 | AO11: 0 | AP11: 0 | AQ11: 0 | AR11: 0 | AS11: 0 | AT11: 0 | AU11: 0 | AV11: 0 | AW11: 0 | AX11: 0
A12: {=SUM(IFERROR(C12:AX12,0))} -> 0.05226 | B12: 45297 | C12: 0 | D12: 0 | E12: 0 | F12: 0 | G12: 0 | H12: 0 | I12: 0 | J12: 0 | K12: 0 | L12: 0 | M12: 0 | N12: 0 | O12: 0 | P12: 0 | Q12: 0.00022 | R12: 2e-05 | S12: 0.000765 | T12: 0.000765 | U12: 0.001565 | V12: 0.001565 | W12: 0.00675 | X12: 0.00675 | Y12: 0.00938 | Z12: 0.00938 | AA12: 0.00517 | AB12: 0.00517 | AC12: 0.001675 | AD12: 0.001675 | AE12: 0.000605 | AF12: 0.000605 | AG12: 0.0001 | AH12: 0.0001 | AI12: 0 | AJ12: 0 | AK12: 0 | AL12: 0 | AM12: 0 | AN12: 0 | AO12: 0 | AP12: 0 | AQ12: 0 | AR12: 0 | AS12: 0 | AT12: 0 | AU12: 0 | AV12: 0 | AW12: 0 | AX12: 0
A13: {=SUM(IFERROR(C13:AX13,0))} -> 0.03375 | B13: 45298 | C13: 0 | D13: 0 | E13: 0 | F13: 0 | G13: 0 | H13: 0 | I13: 0 | J13: 0 | K13: 0 | L13: 0 | M13: 0 | N13: 0 | O13: 0 | P13: 0 | Q13: 0.000185 | R13: -1.5e-05 | S13: 0.00053 | T13: 0.00053 | U13: 0.00242 | V13: 0.00242 | W13: 0.004045 | X13: 0.004045 | Y13: 0.003365 | Z13: 0.003365 | AA13: 0.0038 | AB13: 0.0038 | AC13: 0.001965 | AD13: 0.001965 | AE13: 0.000545 | AF13: 0.000545 | AG13: 0.000105 | AH13: 0.000105 | AI13: 1.5e-05 | AJ13: 1.5e-05 | AK13: 0 | AL13: 0 | AM13: 0 | AN13: 0 | AO13: 0 | AP13: 0 | AQ13: 0 | AR13: 0 | AS13: 0 | AT13: 0 | AU13: 0 | AV13: 0 | AW13: 0 | AX13: 0
A14: {=SUM(IFERROR(C14:AX14,0))} -> 0.03076 | B14: 45299 | C14: 0 | D14: 0 | E14: 0 | F14: 0 | G14: 0 | H14: 0 | I14: 0 | J14: 0 | K14: 0 | L14: 0 | M14: 0 | N14: 0 | O14: 0 | P14: 0 | Q14: 0.000265 | R14: 6.5e-05 | S14: 0.000845 | T14: 0.000845 | U14: 0.002215 | V14: 0.002215 | W14: 0.00499 | X14: 0.00499 | Y14: 0.00421 | Z14: 0.00421 | AA14: 0.001805 | AB14: 0.001805 | AC14: 0.00088 | AD14: 0.00088 | AE14: 0.00024 | AF14: 0.00024 | AG14: 3e-05 | AH14: 3e-05 | AI14: 0 | AJ14: 0 | AK14: 0 | AL14: 0 | AM14: 0 | AN14: 0 | AO14: 0 | AP14: 0 | AQ14: 0 | AR14: 0 | AS14: 0 | AT14: 0 | AU14: 0 | AV14: 0 | AW14: 0 | AX14: 0
A15: {=SUM(IFERROR(C15:AX15,0))} -> 0.051 | B15: 45300 | C15: 0 | D15: 0 | E15: 0 | F15: 0 | G15: 0 | H15: 0 | I15: 0 | J15: 0 | K15: 0 | L15: 0 | M15: 0 | N15: 0 | O15: 0 | P15: 0 | Q15: 0.000345 | R15: 0.000145 | S15: 0.001275 | T15: 0.001275 | U15: 0.0033 | V15: 0.0033 | W15: 0.00654 | X15: 0.00654 | Y15: 0.00733 | Z15: 0.00733 | AA15: 0.004865 | AB15: 0.004865 | AC15: 0.00142 | AD15: 0.00142 | AE15: 0.000425 | AF15: 0.000425 | AG15: 9e-05 | AH15: 9e-05 | AI15: 1e-05 | AJ15: 1e-05 | AK15: 0 | AL15: 0 | AM15: 0 | AN15: 0 | AO15: 0 | AP15: 0 | AQ15: 0 | AR15: 0 | AS15: 0 | AT15: 0 | AU15: 0 | AV15: 0 | AW15: 0 | AX15: 0
A16: {=SUM(IFERROR(C16:AX16,0))} -> 0.06048 | B16: 45301 | C16: 0 | D16: 0 | E16: 0 | F16: 0 | G16: 0 | H16: 0 | I16: 0 | J16: 0 | K16: 0 | L16: 0 | M16: 0 | N16: 0 | O16: 0 | P16: 0 | Q16: 0.00027 | R16: 7e-05 | S16: 0.000725 | T16: 0.000725 | U16: 0.00165 | V16: 0.00165 | W16: 0.007795 | X16: 0.007795 | Y16: 0.01171 | Z16: 0.01171 | AA16: 0.006115 | AB16: 0.006115 | AC16: 0.00145 | AD16: 0.00145 | AE16: 0.000495 | AF16: 0.000495 | AG16: 0.000125 | AH16: 0.000125 | AI16: 5e-06 | AJ16: 5e-06 | AK16: 0 | AL16: 0 | AM16: 0 | AN16: 0 | AO16: 0 | AP16: 0 | AQ16: 0 | AR16: 0 | AS16: 0 | AT16: 0 | AU16: 0 | AV16: 0 | AW16: 0 | AX16: 0
A17: {=SUM(IFERROR(C17:AX17,0))} -> 0.05571 | B17: 45302 | C17: 0 | D17: 0 | E17: 0 | F17: 0 | G17: 0 | H17: 0 | I17: 0 | J17: 0 | K17: 0 | L17: 0 | M17: 0 | N17: 0 | O17: 0 | P17: 0 | Q17: 0.00029 | R17: 9e-05 | S17: 0.000755 | T17: 0.000755 | U17: 0.00176 | V17: 0.00176 | W17: 0.00745 | X17: 0.00745 | Y17: 0.009985 | Z17: 0.009985 | AA17: 0.005495 | AB17: 0.005495 | AC17: 0.001625 | AD17: 0.001625 | AE17: 0.00045 | AF17: 0.00045 | AG17: 0.00014 | AH17: 0.00014 | AI17: 5e-06 | AJ17: 5e-06 | AK17: 0 | AL17: 0 | AM17: 0 | AN17: 0 | AO17: 0 | AP17: 0 | AQ17: 0 | AR17: 0 | AS17: 0 | AT17: 0 | AU17: 0 | AV17: 0 | AW17: 0 | AX17: 0
A18: {=SUM(IFERROR(C18:AX18,0))} -> 0.06059 | B18: 45303 | C18: 0 | D18: 0 | E18: 0 | F18: 0 | G18: 0 | H18: 0 | I18: 0 | J18: 0 | K18: 0 | L18: 0 | M18: 0 | N18: 0 | O18: 0 | P18: 0 | Q18: 0.00034 | R18: 0.00014 | S18: 0.00158 | T18: 0.00158 | U18: 0.0025 | V18: 0.0025 | W18: 0.00799 | X18: 0.00799 | Y18: 0.00954 | Z18: 0.00954 | AA18: 0.005835 | AB18: 0.005835 | AC18: 0.00183 | AD18: 0.00183 | AE18: 0.000635 | AF18: 0.000635 | AG18: 0.000145 | AH18: 0.000145 | AI18: 0 | AJ18: 0 | AK18: 0 | AL18: 0 | AM18: 0 | AN18: 0 | AO18: 0 | AP18: 0 | AQ18: 0 | AR18: 0 | AS18: 0 | AT18: 0 | AU18: 0 | AV18: 0 | AW18: 0 | AX18: 0
... A64: {=SUM(IFERROR(C64:AX64,0))} -> 0.0527 | B64: 45349 | C64: 0 | D64: 0 | E64: 0 | F64: 0 | G64: 0 | H64: 0 | I64: 0 | J64: 0 | K64: 0 | L64: 0 | M64: 0.000485 | N64: 0.000485 | O64: 0.002425 | P64: 0.002425 | Q64: 0.003885 | R64: 0.003685 | S64: 0.004975 | T64: 0.004975 | U64: 0.003175 | V64: 0.003175 | W64: 0.003085 | X64: 0.003085 | Y64: 0.003135 | Z64: 0.003135 | AA64: 0.002835 | AB64: 0.002835 | AC64: 0.001645 | AD64: 0.001645 | AE64: 0.00065 | AF64: 0.00065 | AG64: 0.00015 | AH64: 0.00015 | AI64: 5e-06 | AJ64: 5e-06 | AK64: 0 | AL64: 0 | AM64: 0 | AN64: 0 | AO64: 0 | AP64: 0 | AQ64: 0 | AR64: 0 | AS64: 0 | AT64: 0 | AU64: 0 | AV64: 0 | AW64: 0 | AX64: 0
A65: {=SUM(IFERROR(C65:AX65,0))} -> 0 | B65: 45350 | C65: - | D65: - | E65: - | F65: - | G65: - | H65: - | I65: - | J65: - | K65: - | L65: - | M65: - | N65: - | O65: - | P65: - | Q65: - | R65: - | S65: - | T65: - | U65: - | V65: - | W65: - | X65: - | Y65: - | Z65: - | AA65: - | AB65: - | AC65: - | AD65: - | AE65: - | AF65: - | AG65: - | AH65: - | AI65: - | AJ65: - | AK65: - | AL65: - | AM65: - | AN65: - | AO65: - | AP65: - | AQ65: - | AR65: - | AS65: - | AT65: - | AU65: - | AV65: - | AW65: - | AX65: -
A66: {=SUM(IFERROR(C66:AX66,0))} -> 0 | B66: 45351 | C66: - | D66: - | E66: - | F66: - | G66: - | H66: - | I66: - | J66: - | K66: - | L66: - | M66: - | N66: - | O66: - | P66: - | Q66: - | R66: - | S66: - | T66: - | U66: - | V66: - | W66: - | X66: - | Y66: - | Z66: - | AA66: - | AB66: - | AC66: - | AD66: - | AE66: - | AF66: - | AG66: - | AH66: - | AI66: - | AJ66: - | AK66: - | AL66: - | AM66: - | AN66: - | AO66: - | AP66: - | AQ66: - | AR66: - | AS66: - | AT66: - | AU66: - | AV66: - | AW66: - | AX66: -
A67: {=SUM(IFERROR(C67:AX67,0))} -> 0 | B67: 45352 | C67: - | D67: - | E67: - | F67: - | G67: - | H67: - | I67: - | J67: - | K67: - | L67: - | M67: - | N67: - | O67: - | P67: - | Q67: - | R67: - | S67: - | T67: - | U67: - | V67: - | W67: - | X67: - | Y67: - | Z67: - | AA67: - | AB67: - | AC67: - | AD67: - | AE67: - | AF67: - | AG67: - | AH67: - | AI67: - | AJ67: - | AK67: - | AL67: - | AM67: - | AN67: - | AO67: - | AP67: - | AQ67: - | AR67: - | AS67: - | AT67: - | AU67: - | AV67: - | AW67: - | AX67: -
A68: {=SUM(IFERROR(C68:AX68,0))} -> 0 | B68: 45353 | C68: - | D68: - | E68: - | F68: - | G68: - | H68: - | I68: - | J68: - | K68: - | L68: - | M68: - | N68: - | O68: - | P68: - | Q68: - | R68: - | S68: - | T68: - | U68: - | V68: - | W68: - | X68: - | Y68: - | Z68: - | AA68: - | AB68: - | AC68: - | AD68: - | AE68: - | AF68: - | AG68: - | AH68: - | AI68: - | AJ68: - | AK68: - | AL68: - | AM68: - | AN68: - | AO68: - | AP68: - | AQ68: - | AR68: - | AS68: - | AT68: - | AU68: - | AV68: - | AW68: - | AX68: -
A69: {=SUM(IFERROR(C69:AX69,0))} -> 0 | B69: 45354 | C69: - | D69: - | E69: - | F69: - | G69: - | H69: - | I69: - | J69: - | K69: - | L69: - | M69: - | N69: - | O69: - | P69: - | Q69: - | R69: - | S69: - | T69: - | U69: - | V69: - | W69: - | X69: - | Y69: - | Z69: - | AA69: - | AB69: - | AC69: - | AD69: - | AE69: - | AF69: - | AG69: - | AH69: - | AI69: - | AJ69: - | AK69: - | AL69: - | AM69: - | AN69: - | AO69: - | AP69: - | AQ69: - | AR69: - | AS69: - | AT69: - | AU69: - | AV69: - | AW69: - | AX69: -
A70: {=SUM(IFERROR(C70:AX70,0))} -> 0 | B70: 45355 | C70: - | D70: - | E70: - | F70: - | G70: - | H70: - | I70: - | J70: - | K70: - | L70: - | M70: - | N70: - | O70: - | P70: - | Q70: - | R70: - | S70: - | T70: - | U70: - | V70: - | W70: - | X70: - | Y70: - | Z70: - | AA70: - | AB70: - | AC70: - | AD70: - | AE70: - | AF70: - | AG70: - | AH70: - | AI70: - | AJ70: - | AK70: - | AL70: - | AM70: - | AN70: - | AO70: - | AP70: - | AQ70: - | AR70: - | AS70: - | AT70: - | AU70: - | AV70: - | AW70: - | AX70: -
A71: {=SUM(IFERROR(C71:AX71,0))} -> 0 | B71: 45356 | C71: - | D71: - | E71: - | F71: - | G71: - | H71: - | I71: - | J71: - | K71: - | L71: - | M71: - | N71: - | O71: - | P71: - | Q71: - | R71: - | S71: - | T71: - | U71: - | V71: - | W71: - | X71: - | Y71: - | Z71: - | AA71: - | AB71: - | AC71: - | AD71: - | AE71: - | AF71: - | AG71: - | AH71: - | AI71: - | AJ71: - | AK71: - | AL71: - | AM71: - | AN71: - | AO71: - | AP71: - | AQ71: - | AR71: - | AS71: - | AT71: - | AU71: - | AV71: - | AW71: - | AX71: -
A72: {=SUM(IFERROR(C72:AX72,0))} -> 0 | B72: 45357 | C72: - | D72: - | E72: - | F72: - | G72: - | H72: - | I72: - | J72: - | K72: - | L72: - | M72: - | N72: - | O72: - | P72: - | Q72: - | R72: - | S72: - | T72: - | U72: - | V72: - | W72: - | X72: - | Y72: - | Z72: - | AA72: - | AB72: - | AC72: - | AD72: - | AE72: - | AF72: - | AG72: - | AH72: - | AI72: - | AJ72: - | AK72: - | AL72: - | AM72: - | AN72: - | AO72: - | AP72: - | AQ72: - | AR72: - | AS72: - | AT72: - | AU72: - | AV72: - | AW72: - | AX72: -
A73: {=SUM(IFERROR(C73:AX73,0))} -> 0 | B73: 45358 | C73: - | D73: - | E73: - | F73: - | G73: - | H73: - | I73: - | J73: - | K73: - | L73: - | M73: - | N73: - | O73: - | P73: - | Q73: - | R73: - | S73: - | T73: - | U73: - | V73: - | W73: - | X73: - | Y73: - | Z73: - | AA73: - | AB73: - | AC73: - | AD73: - | AE73: - | AF73: - | AG73: - | AH73: - | AI73: - | AJ73: - | AK73: - | AL73: - | AM73: - | AN73: - | AO73: - | AP73: - | AQ73: - | AR73: - | AS73: - | AT73: - | AU73: - | AV73: - | AW73: - | AX73: -
A74: {=SUM(IFERROR(C74:AX74,0))} -> 0 | B74: 45359 | C74: - | D74: - | E74: - | F74: - | G74: - | H74: - | I74: - | J74: - | K74: - | L74: - | M74: - | N74: - | O74: - | P74: - | Q74: - | R74: - | S74: - | T74: - | U74: - | V74: - | W74: - | X74: - | Y74: - | Z74: - | AA74: - | AB74: - | AC74: - | AD74: - | AE74: - | AF74: - | AG74: - | AH74: - | AI74: - | AJ74: - | AK74: - | AL74: - | AM74: - | AN74: - | AO74: - | AP74: - | AQ74: - | AR74: - | AS74: - | AT74: - | AU74: - | AV74: - | AW74: - | AX74: -
A75: {=SUM(IFERROR(C75:AX75,0))} -> 0 | B75: 45360 | C75: - | D75: - | E75: - | F75: - | G75: - | H75: - | I75: - | J75: - | K75: - | L75: - | M75: - | N75: - | O75: - | P75: - | Q75: - | R75: - | S75: - | T75: - | U75: - | V75: - | W75: - | X75: - | Y75: - | Z75: - | AA75: - | AB75: - | AC75: - | AD75: - | AE75: - | AF75: - | AG75: - | AH75: - | AI75: - | AJ75: - | AK75: - | AL75: - | AM75: - | AN75: - | AO75: - | AP75: - | AQ75: - | AR75: - | AS75: - | AT75: - | AU75: - | AV75: - | AW75: - | AX75: -
A76: {=SUM(IFERROR(C76:AX76,0))} -> 0 | B76: 45361 | C76: - | D76: - | E76: - | F76: - | G76: - | H76: - | I76: - | J76: - | K76: - | L76: - | M76: - | N76: - | O76: - | P76: - | Q76: - | R76: - | S76: - | T76: - | U76: - | V76: - | W76: - | X76: - | Y76: - | Z76: - | AA76: - | AB76: - | AC76: - | AD76: - | AE76: - | AF76: - | AG76: - | AH76: - | AI76: - | AJ76: - | AK76: - | AL76: - | AM76: - | AN76: - | AO76: - | AP76: - | AQ76: - | AR76: - | AS76: - | AT76: - | AU76: - | AV76: - | AW76: - | AX76: -
... A372: {=SUM(IFERROR(C372:AX372,0))} -> 0 | B372: 45657 | C372: - | D372: - | E372: - | F372: - | G372: - | H372: - | I372: - | J372: - | K372: - | L372: - | M372: - | N372: - | O372: - | P372: - | Q372: - | R372: - | S372: - | T372: - | U372: - | V372: - | W372: - | X372: - | Y372: - | Z372: - | AA372: - | AB372: - | AC372: - | AD372: - | AE372: - | AF372: - | AG372: - | AH372: - | AI372: - | AJ372: - | AK372: - | AL372: - | AM372: - | AN372: - | AO372: - | AP372: - | AQ372: - | AR372: - | AS372: - | AT372: - | AU372: - | AV372: - | AW372: - | AX372: -

Sheet HHImportTariffInput
A1: PasteSpecialValues Half-hourly Import Tariff in £ Sterling per kiloWatt hour (e.g. £0.341) | W1: Hours of peak generation opportunity
B3: Time | C3: Hours of darkness | I3: Potential Max Summer Daylight Hours | AU3: Hours of darkness
Q4: Potential Min Winter Daylight Hours
B5: HH Period | C5: 0.041666667 | E5: 0.083333333 | G5: 0.125 | I5: 0.16666667 | K5: 0.20833333 | M5: 0.25 | O5: 0.29166667 | Q5: 0.33333333 | S5: 0.375 | U5: 0.41666667 | W5: 0.45833333 | Y5: 0.5 | AA5: 0.54166667 | AC5: 0.58333333 | AE5: 0.625 | AG5: 0.66666667 | AI5: 0.70833333 | AK5: 0.75 | AM5: 0.79166667 | AO5: 0.83333333 | AQ5: 0.875 | AS5: 0.91666667 | AU5: 0.95833333 | AW5: 1
C6: 1 | D6: 2 | E6: 3 | F6: 4 | G6: 5 | H6: 6 | I6: 7 | J6: 8 | K6: 9 | L6: 10 | M6: 11 | N6: 12 | O6: 13 | P6: 14 | Q6: 15 | R6: 16 | S6: 17 | T6: 18 | U6: 19 | V6: 20 | W6: 21 | X6: 22 | Y6: 23 | Z6: 24 | AA6: 25 | AB6: 26 | AC6: 27 | AD6: 28 | AE6: 29 | AF6: 30 | AG6: 31 | AH6: 32 | AI6: 33 | AJ6: 34 | AK6: 35 | AL6: 36 | AM6: 37 | AN6: 38 | AO6: 39 | AP6: 40 | AQ6: 41 | AR6: 42 | AS6: 43 | AT6: 44 | AU6: 45 | AV6: 46 | AW6: 47 | AX6: 48
B7: 45292 | C7: =34.0064650328068/100 -> 0.34006465 | D7: =34.0064650328068/100 -> 0.34006465 | E7: =34.0064650328068/100 -> 0.34006465 | F7: =34.0064650328068/100 -> 0.34006465 | G7: =34.0064650328068/100 -> 0.34006465 | H7: =34.0064650328068/100 -> 0.34006465 | I7: =34.0064650328068/100 -> 0.34006465 | J7: =34.0064650328068/100 -> 0.34006465 | ... AX7: =34.0064650328068/100 -> 0.34006465
B8: 45293 | C8: =34.0064650328068/100 -> 0.34006465 | D8: =34.0064650328068/100 -> 0.34006465 | E8: =34.0064650328068/100 -> 0.34006465 | F8: =34.0064650328068/100 -> 0.34006465 | G8: =34.0064650328068/100 -> 0.34006465 | H8: =34.0064650328068/100 -> 0.34006465 | I8: =34.0064650328068/100 -> 0.34006465 | J8: =34.0064650328068/100 -> 0.34006465 | ... AX8: =34.0064650328068/100 -> 0.34006465
B9: 45294 | C9: =34.0064650328068/100 -> 0.34006465 | D9: =34.0064650328068/100 -> 0.34006465 | E9: =34.0064650328068/100 -> 0.34006465 | F9: =34.0064650328068/100 -> 0.34006465 | G9: =34.0064650328068/100 -> 0.34006465 | H9: =34.0064650328068/100 -> 0.34006465 | I9: =34.0064650328068/100 -> 0.34006465 | J9: =34.0064650328068/100 -> 0.34006465 | ... AX9: =34.0064650328068/100 -> 0.34006465
B10: 45295 | C10: =34.0064650328068/100 -> 0.34006465 | D10: =34.0064650328068/100 -> 0.34006465 | E10: =34.0064650328068/100 -> 0.34006465 | F10: =34.0064650328068/100 -> 0.34006465 | G10: =34.0064650328068/100 -> 0.34006465 | H10: =34.0064650328068/100 -> 0.34006465 | I10: =34.0064650328068/100 -> 0.34006465 | J10: =34.0064650328068/100 -> 0.34006465 | ... AX10: =34.0064650328068/100 -> 0.34006465
B11: 45296 | C11: =34.0064650328068/100 -> 0.34006465 | D11: =34.0064650328068/100 -> 0.34006465 | E11: =34.0064650328068/100 -> 0.34006465 | F11: =34.0064650328068/100 -> 0.34006465 | G11: =34.0064650328068/100 -> 0.34006465 | H11: =34.0064650328068/100 -> 0.34006465 | I11: =34.0064650328068/100 -> 0.34006465 | J11: =34.0064650328068/100 -> 0.34006465 | ... AX11: =34.0064650328068/100 -> 0.34006465
B12: 45297 | C12: =34.0064650328068/100 -> 0.34006465 | D12: =34.0064650328068/100 -> 0.34006465 | E12: =34.0064650328068/100 -> 0.34006465 | F12: =34.0064650328068/100 -> 0.34006465 | G12: =34.0064650328068/100 -> 0.34006465 | H12: =34.0064650328068/100 -> 0.34006465 | I12: =34.0064650328068/100 -> 0.34006465 | J12: =34.0064650328068/100 -> 0.34006465 | ... AX12: =34.0064650328068/100 -> 0.34006465
B13: 45298 | C13: =34.0064650328068/100 -> 0.34006465 | D13: =34.0064650328068/100 -> 0.34006465 | E13: =34.0064650328068/100 -> 0.34006465 | F13: =34.0064650328068/100 -> 0.34006465 | G13: =34.0064650328068/100 -> 0.34006465 | H13: =34.0064650328068/100 -> 0.34006465 | I13: =34.0064650328068/100 -> 0.34006465 | J13: =34.0064650328068/100 -> 0.34006465 | ... AX13: =34.0064650328068/100 -> 0.34006465
B14: 45299 | C14: =34.0064650328068/100 -> 0.34006465 | D14: =34.0064650328068/100 -> 0.34006465 | E14: =34.0064650328068/100 -> 0.34006465 | F14: =34.0064650328068/100 -> 0.34006465 | G14: =34.0064650328068/100 -> 0.34006465 | H14: =34.0064650328068/100 -> 0.34006465 | I14: =34.0064650328068/100 -> 0.34006465 | J14: =34.0064650328068/100 -> 0.34006465 | ... AX14: =34.0064650328068/100 -> 0.34006465
B15: 45300 | C15: =34.0064650328068/100 -> 0.34006465 | D15: =34.0064650328068/100 -> 0.34006465 | E15: =34.0064650328068/100 -> 0.34006465 | F15: =34.0064650328068/100 -> 0.34006465 | G15: =34.0064650328068/100 -> 0.34006465 | H15: =34.0064650328068/100 -> 0.34006465 | I15: =34.0064650328068/100 -> 0.34006465 | J15: =34.0064650328068/100 -> 0.34006465 | ... AX15: =34.0064650328068/100 -> 0.34006465
B16: 45301 | C16: =34.0064650328068/100 -> 0.34006465 | D16: =34.0064650328068/100 -> 0.34006465 | E16: =34.0064650328068/100 -> 0.34006465 | F16: =34.0064650328068/100 -> 0.34006465 | G16: =34.0064650328068/100 -> 0.34006465 | H16: =34.0064650328068/100 -> 0.34006465 | I16: =34.0064650328068/100 -> 0.34006465 | J16: =34.0064650328068/100 -> 0.34006465 | ... AX16: =34.0064650328068/100 -> 0.34006465
B17: 45302 | C17: =34.0064650328068/100 -> 0.34006465 | D17: =34.0064650328068/100 -> 0.34006465 | E17: =34.0064650328068/100 -> 0.34006465 | F17: =34.0064650328068/100 -> 0.34006465 | G17: =34.0064650328068/100 -> 0.34006465 | H17: =34.0064650328068/100 -> 0.34006465 | I17: =34.0064650328068/100 -> 0.34006465 | J17: =34.0064650328068/100 -> 0.34006465 | ... AX17: =34.0064650328068/100 -> 0.34006465
B18: 45303 | C18: =34.0064650328068/100 -> 0.34006465 | D18: =34.0064650328068/100 -> 0.34006465 | E18: =34.0064650328068/100 -> 0.34006465 | F18: =34.0064650328068/100 -> 0.34006465 | G18: =34.0064650328068/100 -> 0.34006465 | H18: =34.0064650328068/100 -> 0.34006465 | I18: =34.0064650328068/100 -> 0.34006465 | J18: =34.0064650328068/100 -> 0.34006465 | ... AX18: =34.0064650328068/100 -> 0.34006465
... B164: 45449 | C164: =34.0064650328068/100 -> 0.34006465 | D164: =34.0064650328068/100 -> 0.34006465 | E164: =34.0064650328068/100 -> 0.34006465 | F164: =34.0064650328068/100 -> 0.34006465 | G164: =34.0064650328068/100 -> 0.34006465 | H164: =34.0064650328068/100 -> 0.34006465 | I164: =34.0064650328068/100 -> 0.34006465 | J164: =34.0064650328068/100 -> 0.34006465 | ... AX164: =34.0064650328068/100 -> 0.34006465
B165: 45450
B166: 45451
B167: 45452
B168: 45453
B169: 45454
B170: 45455
B171: 45456
B172: 45457
B173: 45458
B174: 45459
B175: 45460
B176: 45461
... B372: 45657

Sheet GenTariffInput
A1: PasteSpecialValues Half-hourly Generation Tariff in £ Sterling per kiloWatt hour (e.g. £0.0165) | W1: Hours of peak generation opportunity
B3: Time | C3: Hours of darkness | I3: Potential Max Summer Daylight Hours | AU3: Hours of darkness
Q4: Potential Min Winter Daylight Hours
B5: HH Period | C5: 0.041666667 | E5: 0.083333333 | G5: 0.125 | I5: 0.16666667 | K5: 0.20833333 | M5: 0.25 | O5: 0.29166667 | Q5: 0.33333333 | S5: 0.375 | U5: 0.41666667 | W5: 0.45833333 | Y5: 0.5 | AA5: 0.54166667 | AC5: 0.58333333 | AE5: 0.625 | AG5: 0.66666667 | AI5: 0.70833333 | AK5: 0.75 | AM5: 0.79166667 | AO5: 0.83333333 | AQ5: 0.875 | AS5: 0.91666667 | AU5: 0.95833333 | AW5: 1
C6: 1 | D6: 2 | E6: 3 | F6: 4 | G6: 5 | H6: 6 | I6: 7 | J6: 8 | K6: 9 | L6: 10 | M6: 11 | N6: 12 | O6: 13 | P6: 14 | Q6: 15 | R6: 16 | S6: 17 | T6: 18 | U6: 19 | V6: 20 | W6: 21 | X6: 22 | Y6: 23 | Z6: 24 | AA6: 25 | AB6: 26 | AC6: 27 | AD6: 28 | AE6: 29 | AF6: 30 | AG6: 31 | AH6: 32 | AI6: 33 | AJ6: 34 | AK6: 35 | AL6: 36 | AM6: 37 | AN6: 38 | AO6: 39 | AP6: 40 | AQ6: 41 | AR6: 42 | AS6: 43 | AT6: 44 | AU6: 45 | AV6: 46 | AW6: 47 | AX6: 48
B7: 45292 | C7: 0.0165 | D7: 0.0165 | E7: 0.0165 | F7: 0.0165 | G7: 0.0165 | H7: 0.0165 | I7: 0.0165 | J7: 0.0165 | K7: 0.0165 | L7: 0.0165 | M7: 0.0165 | N7: 0.0165 | O7: 0.0165 | P7: 0.0165 | Q7: 0.0165 | R7: 0.0165 | S7: 0.0165 | T7: 0.0165 | U7: 0.0165 | V7: 0.0165 | W7: 0.0165 | X7: 0.0165 | Y7: 0.0165 | Z7: 0.0165 | AA7: 0.0165 | AB7: 0.0165 | AC7: 0.0165 | AD7: 0.0165 | AE7: 0.0165 | AF7: 0.0165 | AG7: 0.0165 | AH7: 0.0165 | AI7: 0.0165 | AJ7: 0.0165 | AK7: 0.0165 | AL7: 0.0165 | AM7: 0.0165 | AN7: 0.0165 | AO7: 0.0165 | AP7: 0.0165 | AQ7: 0.0165 | AR7: 0.0165 | AS7: 0.0165 | AT7: 0.0165 | AU7: 0.0165 | AV7: 0.0165 | AW7: 0.0165 | AX7: 0.0165
B8: 45293 | C8: 0.0165 | D8: 0.0165 | E8: 0.0165 | F8: 0.0165 | G8: 0.0165 | H8: 0.0165 | I8: 0.0165 | J8: 0.0165 | K8: 0.0165 | L8: 0.0165 | M8: 0.0165 | N8: 0.0165 | O8: 0.0165 | P8: 0.0165 | Q8: 0.0165 | R8: 0.0165 | S8: 0.0165 | T8: 0.0165 | U8: 0.0165 | V8: 0.0165 | W8: 0.0165 | X8: 0.0165 | Y8: 0.0165 | Z8: 0.0165 | AA8: 0.0165 | AB8: 0.0165 | AC8: 0.0165 | AD8: 0.0165 | AE8: 0.0165 | AF8: 0.0165 | AG8: 0.0165 | AH8: 0.0165 | AI8: 0.0165 | AJ8: 0.0165 | AK8: 0.0165 | AL8: 0.0165 | AM8: 0.0165 | AN8: 0.0165 | AO8: 0.0165 | AP8: 0.0165 | AQ8: 0.0165 | AR8: 0.0165 | AS8: 0.0165 | AT8: 0.0165 | AU8: 0.0165 | AV8: 0.0165 | AW8: 0.0165 | AX8: 0.0165
B9: 45294 | C9: 0.0165 | D9: 0.0165 | E9: 0.0165 | F9: 0.0165 | G9: 0.0165 | H9: 0.0165 | I9: 0.0165 | J9: 0.0165 | K9: 0.0165 | L9: 0.0165 | M9: 0.0165 | N9: 0.0165 | O9: 0.0165 | P9: 0.0165 | Q9: 0.0165 | R9: 0.0165 | S9: 0.0165 | T9: 0.0165 | U9: 0.0165 | V9: 0.0165 | W9: 0.0165 | X9: 0.0165 | Y9: 0.0165 | Z9: 0.0165 | AA9: 0.0165 | AB9: 0.0165 | AC9: 0.0165 | AD9: 0.0165 | AE9: 0.0165 | AF9: 0.0165 | AG9: 0.0165 | AH9: 0.0165 | AI9: 0.0165 | AJ9: 0.0165 | AK9: 0.0165 | AL9: 0.0165 | AM9: 0.0165 | AN9: 0.0165 | AO9: 0.0165 | AP9: 0.0165 | AQ9: 0.0165 | AR9: 0.0165 | AS9: 0.0165 | AT9: 0.0165 | AU9: 0.0165 | AV9: 0.0165 | AW9: 0.0165 | AX9: 0.0165
B10: 45295 | C10: 0.0165 | D10: 0.0165 | E10: 0.0165 | F10: 0.0165 | G10: 0.0165 | H10: 0.0165 | I10: 0.0165 | J10: 0.0165 | K10: 0.0165 | L10: 0.0165 | M10: 0.0165 | N10: 0.0165 | O10: 0.0165 | P10: 0.0165 | Q10: 0.0165 | R10: 0.0165 | S10: 0.0165 | T10: 0.0165 | U10: 0.0165 | V10: 0.0165 | W10: 0.0165 | X10: 0.0165 | Y10: 0.0165 | Z10: 0.0165 | AA10: 0.0165 | AB10: 0.0165 | AC10: 0.0165 | AD10: 0.0165 | AE10: 0.0165 | AF10: 0.0165 | AG10: 0.0165 | AH10: 0.0165 | AI10: 0.0165 | AJ10: 0.0165 | AK10: 0.0165 | AL10: 0.0165 | AM10: 0.0165 | AN10: 0.0165 | AO10: 0.0165 | AP10: 0.0165 | AQ10: 0.0165 | AR10: 0.0165 | AS10: 0.0165 | AT10: 0.0165 | AU10: 0.0165 | AV10: 0.0165 | AW10: 0.0165 | AX10: 0.0165
B11: 45296 | C11: 0.0165 | D11: 0.0165 | E11: 0.0165 | F11: 0.0165 | G11: 0.0165 | H11: 0.0165 | I11: 0.0165 | J11: 0.0165 | K11: 0.0165 | L11: 0.0165 | M11: 0.0165 | N11: 0.0165 | O11: 0.0165 | P11: 0.0165 | Q11: 0.0165 | R11: 0.0165 | S11: 0.0165 | T11: 0.0165 | U11: 0.0165 | V11: 0.0165 | W11: 0.0165 | X11: 0.0165 | Y11: 0.0165 | Z11: 0.0165 | AA11: 0.0165 | AB11: 0.0165 | AC11: 0.0165 | AD11: 0.0165 | AE11: 0.0165 | AF11: 0.0165 | AG11: 0.0165 | AH11: 0.0165 | AI11: 0.0165 | AJ11: 0.0165 | AK11: 0.0165 | AL11: 0.0165 | AM11: 0.0165 | AN11: 0.0165 | AO11: 0.0165 | AP11: 0.0165 | AQ11: 0.0165 | AR11: 0.0165 | AS11: 0.0165 | AT11: 0.0165 | AU11: 0.0165 | AV11: 0.0165 | AW11: 0.0165 | AX11: 0.0165
B12: 45297 | C12: 0.0165 | D12: 0.0165 | E12: 0.0165 | F12: 0.0165 | G12: 0.0165 | H12: 0.0165 | I12: 0.0165 | J12: 0.0165 | K12: 0.0165 | L12: 0.0165 | M12: 0.0165 | N12: 0.0165 | O12: 0.0165 | P12: 0.0165 | Q12: 0.0165 | R12: 0.0165 | S12: 0.0165 | T12: 0.0165 | U12: 0.0165 | V12: 0.0165 | W12: 0.0165 | X12: 0.0165 | Y12: 0.0165 | Z12: 0.0165 | AA12: 0.0165 | AB12: 0.0165 | AC12: 0.0165 | AD12: 0.0165 | AE12: 0.0165 | AF12: 0.0165 | AG12: 0.0165 | AH12: 0.0165 | AI12: 0.0165 | AJ12: 0.0165 | AK12: 0.0165 | AL12: 0.0165 | AM12: 0.0165 | AN12: 0.0165 | AO12: 0.0165 | AP12: 0.0165 | AQ12: 0.0165 | AR12: 0.0165 | AS12: 0.0165 | AT12: 0.0165 | AU12: 0.0165 | AV12: 0.0165 | AW12: 0.0165 | AX12: 0.0165
B13: 45298 | C13: 0.0165 | D13: 0.0165 | E13: 0.0165 | F13: 0.0165 | G13: 0.0165 | H13: 0.0165 | I13: 0.0165 | J13: 0.0165 | K13: 0.0165 | L13: 0.0165 | M13: 0.0165 | N13: 0.0165 | O13: 0.0165 | P13: 0.0165 | Q13: 0.0165 | R13: 0.0165 | S13: 0.0165 | T13: 0.0165 | U13: 0.0165 | V13: 0.0165 | W13: 0.0165 | X13: 0.0165 | Y13: 0.0165 | Z13: 0.0165 | AA13: 0.0165 | AB13: 0.0165 | AC13: 0.0165 | AD13: 0.0165 | AE13: 0.0165 | AF13: 0.0165 | AG13: 0.0165 | AH13: 0.0165 | AI13: 0.0165 | AJ13: 0.0165 | AK13: 0.0165 | AL13: 0.0165 | AM13: 0.0165 | AN13: 0.0165 | AO13: 0.0165 | AP13: 0.0165 | AQ13: 0.0165 | AR13: 0.0165 | AS13: 0.0165 | AT13: 0.0165 | AU13: 0.0165 | AV13: 0.0165 | AW13: 0.0165 | AX13: 0.0165
B14: 45299 | C14: 0.0165 | D14: 0.0165 | E14: 0.0165 | F14: 0.0165 | G14: 0.0165 | H14: 0.0165 | I14: 0.0165 | J14: 0.0165 | K14: 0.0165 | L14: 0.0165 | M14: 0.0165 | N14: 0.0165 | O14: 0.0165 | P14: 0.0165 | Q14: 0.0165 | R14: 0.0165 | S14: 0.0165 | T14: 0.0165 | U14: 0.0165 | V14: 0.0165 | W14: 0.0165 | X14: 0.0165 | Y14: 0.0165 | Z14: 0.0165 | AA14: 0.0165 | AB14: 0.0165 | AC14: 0.0165 | AD14: 0.0165 | AE14: 0.0165 | AF14: 0.0165 | AG14: 0.0165 | AH14: 0.0165 | AI14: 0.0165 | AJ14: 0.0165 | AK14: 0.0165 | AL14: 0.0165 | AM14: 0.0165 | AN14: 0.0165 | AO14: 0.0165 | AP14: 0.0165 | AQ14: 0.0165 | AR14: 0.0165 | AS14: 0.0165 | AT14: 0.0165 | AU14: 0.0165 | AV14: 0.0165 | AW14: 0.0165 | AX14: 0.0165
B15: 45300 | C15: 0.0165 | D15: 0.0165 | E15: 0.0165 | F15: 0.0165 | G15: 0.0165 | H15: 0.0165 | I15: 0.0165 | J15: 0.0165 | K15: 0.0165 | L15: 0.0165 | M15: 0.0165 | N15: 0.0165 | O15: 0.0165 | P15: 0.0165 | Q15: 0.0165 | R15: 0.0165 | S15: 0.0165 | T15: 0.0165 | U15: 0.0165 | V15: 0.0165 | W15: 0.0165 | X15: 0.0165 | Y15: 0.0165 | Z15: 0.0165 | AA15: 0.0165 | AB15: 0.0165 | AC15: 0.0165 | AD15: 0.0165 | AE15: 0.0165 | AF15: 0.0165 | AG15: 0.0165 | AH15: 0.0165 | AI15: 0.0165 | AJ15: 0.0165 | AK15: 0.0165 | AL15: 0.0165 | AM15: 0.0165 | AN15: 0.0165 | AO15: 0.0165 | AP15: 0.0165 | AQ15: 0.0165 | AR15: 0.0165 | AS15: 0.0165 | AT15: 0.0165 | AU15: 0.0165 | AV15: 0.0165 | AW15: 0.0165 | AX15: 0.0165
B16: 45301 | C16: 0.0165 | D16: 0.0165 | E16: 0.0165 | F16: 0.0165 | G16: 0.0165 | H16: 0.0165 | I16: 0.0165 | J16: 0.0165 | K16: 0.0165 | L16: 0.0165 | M16: 0.0165 | N16: 0.0165 | O16: 0.0165 | P16: 0.0165 | Q16: 0.0165 | R16: 0.0165 | S16: 0.0165 | T16: 0.0165 | U16: 0.0165 | V16: 0.0165 | W16: 0.0165 | X16: 0.0165 | Y16: 0.0165 | Z16: 0.0165 | AA16: 0.0165 | AB16: 0.0165 | AC16: 0.0165 | AD16: 0.0165 | AE16: 0.0165 | AF16: 0.0165 | AG16: 0.0165 | AH16: 0.0165 | AI16: 0.0165 | AJ16: 0.0165 | AK16: 0.0165 | AL16: 0.0165 | AM16: 0.0165 | AN16: 0.0165 | AO16: 0.0165 | AP16: 0.0165 | AQ16: 0.0165 | AR16: 0.0165 | AS16: 0.0165 | AT16: 0.0165 | AU16: 0.0165 | AV16: 0.0165 | AW16: 0.0165 | AX16: 0.0165
B17: 45302 | C17: 0.0165 | D17: 0.0165 | E17: 0.0165 | F17: 0.0165 | G17: 0.0165 | H17: 0.0165 | I17: 0.0165 | J17: 0.0165 | K17: 0.0165 | L17: 0.0165 | M17: 0.0165 | N17: 0.0165 | O17: 0.0165 | P17: 0.0165 | Q17: 0.0165 | R17: 0.0165 | S17: 0.0165 | T17: 0.0165 | U17: 0.0165 | V17: 0.0165 | W17: 0.0165 | X17: 0.0165 | Y17: 0.0165 | Z17: 0.0165 | AA17: 0.0165 | AB17: 0.0165 | AC17: 0.0165 | AD17: 0.0165 | AE17: 0.0165 | AF17: 0.0165 | AG17: 0.0165 | AH17: 0.0165 | AI17: 0.0165 | AJ17: 0.0165 | AK17: 0.0165 | AL17: 0.0165 | AM17: 0.0165 | AN17: 0.0165 | AO17: 0.0165 | AP17: 0.0165 | AQ17: 0.0165 | AR17: 0.0165 | AS17: 0.0165 | AT17: 0.0165 | AU17: 0.0165 | AV17: 0.0165 | AW17: 0.0165 | AX17: 0.0165
B18: 45303 | C18: 0.0165 | D18: 0.0165 | E18: 0.0165 | F18: 0.0165 | G18: 0.0165 | H18: 0.0165 | I18: 0.0165 | J18: 0.0165 | K18: 0.0165 | L18: 0.0165 | M18: 0.0165 | N18: 0.0165 | O18: 0.0165 | P18: 0.0165 | Q18: 0.0165 | R18: 0.0165 | S18: 0.0165 | T18: 0.0165 | U18: 0.0165 | V18: 0.0165 | W18: 0.0165 | X18: 0.0165 | Y18: 0.0165 | Z18: 0.0165 | AA18: 0.0165 | AB18: 0.0165 | AC18: 0.0165 | AD18: 0.0165 | AE18: 0.0165 | AF18: 0.0165 | AG18: 0.0165 | AH18: 0.0165 | AI18: 0.0165 | AJ18: 0.0165 | AK18: 0.0165 | AL18: 0.0165 | AM18: 0.0165 | AN18: 0.0165 | AO18: 0.0165 | AP18: 0.0165 | AQ18: 0.0165 | AR18: 0.0165 | AS18: 0.0165 | AT18: 0.0165 | AU18: 0.0165 | AV18: 0.0165 | AW18: 0.0165 | AX18: 0.0165
... B372: 45657 | C372: 0.0165 | D372: 0.0165 | E372: 0.0165 | F372: 0.0165 | G372: 0.0165 | H372: 0.0165 | I372: 0.0165 | J372: 0.0165 | K372: 0.0165 | L372: 0.0165 | M372: 0.0165 | N372: 0.0165 | O372: 0.0165 | P372: 0.0165 | Q372: 0.0165 | R372: 0.0165 | S372: 0.0165 | T372: 0.0165 | U372: 0.0165 | V372: 0.0165 | W372: 0.0165 | X372: 0.0165 | Y372: 0.0165 | Z372: 0.0165 | AA372: 0.0165 | AB372: 0.0165 | AC372: 0.0165 | AD372: 0.0165 | AE372: 0.0165 | AF372: 0.0165 | AG372: 0.0165 | AH372: 0.0165 | AI372: 0.0165 | AJ372: 0.0165 | AK372: 0.0165 | AL372: 0.0165 | AM372: 0.0165 | AN372: 0.0165 | AO372: 0.0165 | AP372: 0.0165 | AQ372: 0.0165 | AR372: 0.0165 | AS372: 0.0165 | AT372: 0.0165 | AU372: 0.0165 | AV372: 0.0165 | AW372: 0.0165 | AX372: 0.0165

Sheet ExpTariffInput
A1: PasteSpecialValues Half-hourly Export Tariff in £ Sterling per kiloWatt hour (e.g. £0.050) | W1: Hours of peak generation opportunity
B3: Time | C3: Hours of darkness | I3: Potential Max Summer Daylight Hours | AU3: Hours of darkness
Q4: Potential Min Winter Daylight Hours
B5: HH Period | C5: 0.041666667 | E5: 0.083333333 | G5: 0.125 | I5: 0.16666667 | K5: 0.20833333 | M5: 0.25 | O5: 0.29166667 | Q5: 0.33333333 | S5: 0.375 | U5: 0.41666667 | W5: 0.45833333 | Y5: 0.5 | AA5: 0.54166667 | AC5: 0.58333333 | AE5: 0.625 | AG5: 0.66666667 | AI5: 0.70833333 | AK5: 0.75 | AM5: 0.79166667 | AO5: 0.83333333 | AQ5: 0.875 | AS5: 0.91666667 | AU5: 0.95833333 | AW5: 1
C6: 1 | D6: 2 | E6: 3 | F6: 4 | G6: 5 | H6: 6 | I6: 7 | J6: 8 | K6: 9 | L6: 10 | M6: 11 | N6: 12 | O6: 13 | P6: 14 | Q6: 15 | R6: 16 | S6: 17 | T6: 18 | U6: 19 | V6: 20 | W6: 21 | X6: 22 | Y6: 23 | Z6: 24 | AA6: 25 | AB6: 26 | AC6: 27 | AD6: 28 | AE6: 29 | AF6: 30 | AG6: 31 | AH6: 32 | AI6: 33 | AJ6: 34 | AK6: 35 | AL6: 36 | AM6: 37 | AN6: 38 | AO6: 39 | AP6: 40 | AQ6: 41 | AR6: 42 | AS6: 43 | AT6: 44 | AU6: 45 | AV6: 46 | AW6: 47 | AX6: 48
B7: 45292 | C7: 0.05 | D7: 0.05 | E7: 0.05 | F7: 0.05 | G7: 0.05 | H7: 0.05 | I7: 0.05 | J7: 0.05 | K7: 0.05 | L7: 0.05 | M7: 0.05 | N7: 0.05 | O7: 0.05 | P7: 0.05 | Q7: 0.05 | R7: 0.05 | S7: 0.05 | T7: 0.05 | U7: 0.05 | V7: 0.05 | W7: 0.05 | X7: 0.05 | Y7: 0.05 | Z7: 0.05 | AA7: 0.05 | AB7: 0.05 | AC7: 0.05 | AD7: 0.05 | AE7: 0.05 | AF7: 0.05 | AG7: 0.05 | AH7: 0.05 | AI7: 0.05 | AJ7: 0.05 | AK7: 0.05 | AL7: 0.05 | AM7: 0.05 | AN7: 0.05 | AO7: 0.05 | AP7: 0.05 | AQ7: 0.05 | AR7: 0.05 | AS7: 0.05 | AT7: 0.05 | AU7: 0.05 | AV7: 0.05 | AW7: 0.05 | AX7: 0.05
B8: 45293 | C8: 0.05 | D8: 0.05 | E8: 0.05 | F8: 0.05 | G8: 0.05 | H8: 0.05 | I8: 0.05 | J8: 0.05 | K8: 0.05 | L8: 0.05 | M8: 0.05 | N8: 0.05 | O8: 0.05 | P8: 0.05 | Q8: 0.05 | R8: 0.05 | S8: 0.05 | T8: 0.05 | U8: 0.05 | V8: 0.05 | W8: 0.05 | X8: 0.05 | Y8: 0.05 | Z8: 0.05 | AA8: 0.05 | AB8: 0.05 | AC8: 0.05 | AD8: 0.05 | AE8: 0.05 | AF8: 0.05 | AG8: 0.05 | AH8: 0.05 | AI8: 0.05 | AJ8: 0.05 | AK8: 0.05 | AL8: 0.05 | AM8: 0.05 | AN8: 0.05 | AO8: 0.05 | AP8: 0.05 | AQ8: 0.05 | AR8: 0.05 | AS8: 0.05 | AT8: 0.05 | AU8: 0.05 | AV8: 0.05 | AW8: 0.05 | AX8: 0.05
B9: 45294 | C9: 0.05 | D9: 0.05 | E9: 0.05 | F9: 0.05 | G9: 0.05 | H9: 0.05 | I9: 0.05 | J9: 0.05 | K9: 0.05 | L9: 0.05 | M9: 0.05 | N9: 0.05 | O9: 0.05 | P9: 0.05 | Q9: 0.05 | R9: 0.05 | S9: 0.05 | T9: 0.05 | U9: 0.05 | V9: 0.05 | W9: 0.05 | X9: 0.05 | Y9: 0.05 | Z9: 0.05 | AA9: 0.05 | AB9: 0.05 | AC9: 0.05 | AD9: 0.05 | AE9: 0.05 | AF9: 0.05 | AG9: 0.05 | AH9: 0.05 | AI9: 0.05 | AJ9: 0.05 | AK9: 0.05 | AL9: 0.05 | AM9: 0.05 | AN9: 0.05 | AO9: 0.05 | AP9: 0.05 | AQ9: 0.05 | AR9: 0.05 | AS9: 0.05 | AT9: 0.05 | AU9: 0.05 | AV9: 0.05 | AW9: 0.05 | AX9: 0.05
B10: 45295 | C10: 0.05 | D10: 0.05 | E10: 0.05 | F10: 0.05 | G10: 0.05 | H10: 0.05 | I10: 0.05 | J10: 0.05 | K10: 0.05 | L10: 0.05 | M10: 0.05 | N10: 0.05 | O10: 0.05 | P10: 0.05 | Q10: 0.05 | R10: 0.05 | S10: 0.05 | T10: 0.05 | U10: 0.05 | V10: 0.05 | W10: 0.05 | X10: 0.05 | Y10: 0.05 | Z10: 0.05 | AA10: 0.05 | AB10: 0.05 | AC10: 0.05 | AD10: 0.05 | AE10: 0.05 | AF10: 0.05 | AG10: 0.05 | AH10: 0.05 | AI10: 0.05 | AJ10: 0.05 | AK10: 0.05 | AL10: 0.05 | AM10: 0.05 | AN10: 0.05 | AO10: 0.05 | AP10: 0.05 | AQ10: 0.05 | AR10: 0.05 | AS10: 0.05 | AT10: 0.05 | AU10: 0.05 | AV10: 0.05 | AW10: 0.05 | AX10: 0.05
B11: 45296 | C11: 0.05 | D11: 0.05 | E11: 0.05 | F11: 0.05 | G11: 0.05 | H11: 0.05 | I11: 0.05 | J11: 0.05 | K11: 0.05 | L11: 0.05 | M11: 0.05 | N11: 0.05 | O11: 0.05 | P11: 0.05 | Q11: 0.05 | R11: 0.05 | S11: 0.05 | T11: 0.05 | U11: 0.05 | V11: 0.05 | W11: 0.05 | X11: 0.05 | Y11: 0.05 | Z11: 0.05 | AA11: 0.05 | AB11: 0.05 | AC11: 0.05 | AD11: 0.05 | AE11: 0.05 | AF11: 0.05 | AG11: 0.05 | AH11: 0.05 | AI11: 0.05 | AJ11: 0.05 | AK11: 0.05 | AL11: 0.05 | AM11: 0.05 | AN11: 0.05 | AO11: 0.05 | AP11: 0.05 | AQ11: 0.05 | AR11: 0.05 | AS11: 0.05 | AT11: 0.05 | AU11: 0.05 | AV11: 0.05 | AW11: 0.05 | AX11: 0.05
B12: 45297 | C12: 0.05 | D12: 0.05 | E12: 0.05 | F12: 0.05 | G12: 0.05 | H12: 0.05 | I12: 0.05 | J12: 0.05 | K12: 0.05 | L12: 0.05 | M12: 0.05 | N12: 0.05 | O12: 0.05 | P12: 0.05 | Q12: 0.05 | R12: 0.05 | S12: 0.05 | T12: 0.05 | U12: 0.05 | V12: 0.05 | W12: 0.05 | X12: 0.05 | Y12: 0.05 | Z12: 0.05 | AA12: 0.05 | AB12: 0.05 | AC12: 0.05 | AD12: 0.05 | AE12: 0.05 | AF12: 0.05 | AG12: 0.05 | AH12: 0.05 | AI12: 0.05 | AJ12: 0.05 | AK12: 0.05 | AL12: 0.05 | AM12: 0.05 | AN12: 0.05 | AO12: 0.05 | AP12: 0.05 | AQ12: 0.05 | AR12: 0.05 | AS12: 0.05 | AT12: 0.05 | AU12: 0.05 | AV12: 0.05 | AW12: 0.05 | AX12: 0.05
B13: 45298 | C13: 0.05 | D13: 0.05 | E13: 0.05 | F13: 0.05 | G13: 0.05 | H13: 0.05 | I13: 0.05 | J13: 0.05 | K13: 0.05 | L13: 0.05 | M13: 0.05 | N13: 0.05 | O13: 0.05 | P13: 0.05 | Q13: 0.05 | R13: 0.05 | S13: 0.05 | T13: 0.05 | U13: 0.05 | V13: 0.05 | W13: 0.05 | X13: 0.05 | Y13: 0.05 | Z13: 0.05 | AA13: 0.05 | AB13: 0.05 | AC13: 0.05 | AD13: 0.05 | AE13: 0.05 | AF13: 0.05 | AG13: 0.05 | AH13: 0.05 | AI13: 0.05 | AJ13: 0.05 | AK13: 0.05 | AL13: 0.05 | AM13: 0.05 | AN13: 0.05 | AO13: 0.05 | AP13: 0.05 | AQ13: 0.05 | AR13: 0.05 | AS13: 0.05 | AT13: 0.05 | AU13: 0.05 | AV13: 0.05 | AW13: 0.05 | AX13: 0.05
B14: 45299 | C14: 0.05 | D14: 0.05 | E14: 0.05 | F14: 0.05 | G14: 0.05 | H14: 0.05 | I14: 0.05 | J14: 0.05 | K14: 0.05 | L14: 0.05 | M14: 0.05 | N14: 0.05 | O14: 0.05 | P14: 0.05 | Q14: 0.05 | R14: 0.05 | S14: 0.05 | T14: 0.05 | U14: 0.05 | V14: 0.05 | W14: 0.05 | X14: 0.05 | Y14: 0.05 | Z14: 0.05 | AA14: 0.05 | AB14: 0.05 | AC14: 0.05 | AD14: 0.05 | AE14: 0.05 | AF14: 0.05 | AG14: 0.05 | AH14: 0.05 | AI14: 0.05 | AJ14: 0.05 | AK14: 0.05 | AL14: 0.05 | AM14: 0.05 | AN14: 0.05 | AO14: 0.05 | AP14: 0.05 | AQ14: 0.05 | AR14: 0.05 | AS14: 0.05 | AT14: 0.05 | AU14: 0.05 | AV14: 0.05 | AW14: 0.05 | AX14: 0.05
B15: 45300 | C15: 0.05 | D15: 0.05 | E15: 0.05 | F15: 0.05 | G15: 0.05 | H15: 0.05 | I15: 0.05 | J15: 0.05 | K15: 0.05 | L15: 0.05 | M15: 0.05 | N15: 0.05 | O15: 0.05 | P15: 0.05 | Q15: 0.05 | R15: 0.05 | S15: 0.05 | T15: 0.05 | U15: 0.05 | V15: 0.05 | W15: 0.05 | X15: 0.05 | Y15: 0.05 | Z15: 0.05 | AA15: 0.05 | AB15: 0.05 | AC15: 0.05 | AD15: 0.05 | AE15: 0.05 | AF15: 0.05 | AG15: 0.05 | AH15: 0.05 | AI15: 0.05 | AJ15: 0.05 | AK15: 0.05 | AL15: 0.05 | AM15: 0.05 | AN15: 0.05 | AO15: 0.05 | AP15: 0.05 | AQ15: 0.05 | AR15: 0.05 | AS15: 0.05 | AT15: 0.05 | AU15: 0.05 | AV15: 0.05 | AW15: 0.05 | AX15: 0.05
B16: 45301 | C16: 0.05 | D16: 0.05 | E16: 0.05 | F16: 0.05 | G16: 0.05 | H16: 0.05 | I16: 0.05 | J16: 0.05 | K16: 0.05 | L16: 0.05 | M16: 0.05 | N16: 0.05 | O16: 0.05 | P16: 0.05 | Q16: 0.05 | R16: 0.05 | S16: 0.05 | T16: 0.05 | U16: 0.05 | V16: 0.05 | W16: 0.05 | X16: 0.05 | Y16: 0.05 | Z16: 0.05 | AA16: 0.05 | AB16: 0.05 | AC16: 0.05 | AD16: 0.05 | AE16: 0.05 | AF16: 0.05 | AG16: 0.05 | AH16: 0.05 | AI16: 0.05 | AJ16: 0.05 | AK16: 0.05 | AL16: 0.05 | AM16: 0.05 | AN16: 0.05 | AO16: 0.05 | AP16: 0.05 | AQ16: 0.05 | AR16: 0.05 | AS16: 0.05 | AT16: 0.05 | AU16: 0.05 | AV16: 0.05 | AW16: 0.05 | AX16: 0.05
B17: 45302 | C17: 0.05 | D17: 0.05 | E17: 0.05 | F17: 0.05 | G17: 0.05 | H17: 0.05 | I17: 0.05 | J17: 0.05 | K17: 0.05 | L17: 0.05 | M17: 0.05 | N17: 0.05 | O17: 0.05 | P17: 0.05 | Q17: 0.05 | R17: 0.05 | S17: 0.05 | T17: 0.05 | U17: 0.05 | V17: 0.05 | W17: 0.05 | X17: 0.05 | Y17: 0.05 | Z17: 0.05 | AA17: 0.05 | AB17: 0.05 | AC17: 0.05 | AD17: 0.05 | AE17: 0.05 | AF17: 0.05 | AG17: 0.05 | AH17: 0.05 | AI17: 0.05 | AJ17: 0.05 | AK17: 0.05 | AL17: 0.05 | AM17: 0.05 | AN17: 0.05 | AO17: 0.05 | AP17: 0.05 | AQ17: 0.05 | AR17: 0.05 | AS17: 0.05 | AT17: 0.05 | AU17: 0.05 | AV17: 0.05 | AW17: 0.05 | AX17: 0.05
B18: 45303 | C18: 0.05 | D18: 0.05 | E18: 0.05 | F18: 0.05 | G18: 0.05 | H18: 0.05 | I18: 0.05 | J18: 0.05 | K18: 0.05 | L18: 0.05 | M18: 0.05 | N18: 0.05 | O18: 0.05 | P18: 0.05 | Q18: 0.05 | R18: 0.05 | S18: 0.05 | T18: 0.05 | U18: 0.05 | V18: 0.05 | W18: 0.05 | X18: 0.05 | Y18: 0.05 | Z18: 0.05 | AA18: 0.05 | AB18: 0.05 | AC18: 0.05 | AD18: 0.05 | AE18: 0.05 | AF18: 0.05 | AG18: 0.05 | AH18: 0.05 | AI18: 0.05 | AJ18: 0.05 | AK18: 0.05 | AL18: 0.05 | AM18: 0.05 | AN18: 0.05 | AO18: 0.05 | AP18: 0.05 | AQ18: 0.05 | AR18: 0.05 | AS18: 0.05 | AT18: 0.05 | AU18: 0.05 | AV18: 0.05 | AW18: 0.05 | AX18: 0.05
... B372: 45657 | C372: 0.05 | D372: 0.05 | E372: 0.05 | F372: 0.05 | G372: 0.05 | H372: 0.05 | I372: 0.05 | J372: 0.05 | K372: 0.05 | L372: 0.05 | M372: 0.05 | N372: 0.05 | O372: 0.05 | P372: 0.05 | Q372: 0.05 | R372: 0.05 | S372: 0.05 | T372: 0.05 | U372: 0.05 | V372: 0.05 | W372: 0.05 | X372: 0.05 | Y372: 0.05 | Z372: 0.05 | AA372: 0.05 | AB372: 0.05 | AC372: 0.05 | AD372: 0.05 | AE372: 0.05 | AF372: 0.05 | AG372: 0.05 | AH372: 0.05 | AI372: 0.05 | AJ372: 0.05 | AK372: 0.05 | AL372: 0.05 | AM372: 0.05 | AN372: 0.05 | AO372: 0.05 | AP372: 0.05 | AQ372: 0.05 | AR372: 0.05 | AS372: 0.05 | AT372: 0.05 | AU372: 0.05 | AV372: 0.05 | AW372: 0.05 | AX372: 0.05

Sheet UTC Daylight Hours Input
H1: Data Source: | I1: May 2024 Sunrise and Sunset Times in Swansea, Wales (sunrise-sunset.org)
A2: UTC | B2: Day | C2: Sunrise | D2: Sunset | E2: Day Length | F2: Solar Noon Info | H2: Swap this data for your own rooftop's location and amend to UTC (remove time change to British Summertime)
B3: Sun, Jan 1 | C3: 0.34707176 | D3: 0.67961806 | E3: 0.3325463 | F3: 0.51334491
B4: Mon, Jan 2 | C4: 0.34699074 | D4: 0.6803588 | E4: 0.33336806 | F4: 0.51366898
B5: Tue, Jan 3 | C5: 0.34686343 | D5: 0.68112269 | E5: 0.33425926 | F5: 0.51399306
B6: Wed, Jan 4 | C6: 0.34670139 | D6: 0.6819213 | E6: 0.33521991 | F6: 0.51430556
B7: Thu, Jan 5 | C7: 0.34650463 | D7: 0.68274306 | E7: 0.33623843 | F7: 0.51461806
B8: Fri, Jan 6 | C8: 0.34626157 | D8: 0.68359954 | E8: 0.33733796 | F8: 0.51493056
B9: Sat, Jan 7 | C9: 0.34599537 | D9: 0.68447917 | E9: 0.3384838 | F9: 0.51523148
B10: Sun, Jan 8 | C10: 0.34568287 | D10: 0.68538194 | E10: 0.33969907 | F10: 0.51553241
B11: Mon, Jan 9 | C11: 0.34532407 | D11: 0.68630787 | E11: 0.3409838 | F11: 0.51582176
B12: Tue, Jan 10 | C12: 0.34494213 | D12: 0.68726852 | E12: 0.34232639 | F12: 0.51609954
B13: Wed, Jan 11 | C13: 0.34451389 | D13: 0.68824074 | E13: 0.34372685 | F13: 0.51637731
B14: Thu, Jan 12 | C14: 0.3440625 | D14: 0.68924769 | E14: 0.34518519 | F14: 0.51665509
... B367: Sun, Dec 31 | C367: 0.34711806 | D367: 0.67875 | E367: 0.33163194 | F367: 0.51293981

Sheet GenerationkWh
A1: (Estimated annual energy yield = ? kWhs) | I1: kiloWatt hours | W1: Hours of peak generation opportunity
A3: Total kWh generated to date | B3: Time | C3: Hours of darkness | I3: Potential Max Summer Daylight Hours | AU3: Hours of darkness
A4: {=SUM(IFERROR(A7:A1635,0))} -> 3181.88 | Q4: Potential Min Winter Daylight Hours
B5: HH Period | C5: 0.041666667 | E5: 0.083333333 | G5: 0.125 | I5: 0.16666667 | K5: 0.20833333 | M5: 0.25 | O5: 0.29166667 | Q5: 0.33333333 | S5: 0.375 | U5: 0.41666667 | W5: 0.45833333 | Y5: 0.5 | AA5: 0.54166667 | AC5: 0.58333333 | AE5: 0.625 | AG5: 0.66666667 | AI5: 0.70833333 | AK5: 0.75 | AM5: 0.79166667 | AO5: 0.83333333 | AQ5: 0.875 | AS5: 0.91666667 | AU5: 0.95833333 | AW5: 1
C6: 1 | D6: 2 | E6: 3 | F6: 4 | G6: 5 | H6: 6 | I6: 7 | J6: 8 | K6: 9 | L6: 10 | M6: 11 | N6: 12 | O6: 13 | P6: 14 | Q6: 15 | R6: 16 | S6: 17 | T6: 18 | U6: 19 | V6: 20 | W6: 21 | X6: 22 | Y6: 23 | Z6: 24 | AA6: 25 | AB6: 26 | AC6: 27 | AD6: 28 | AE6: 29 | AF6: 30 | AG6: 31 | AH6: 32 | AI6: 33 | AJ6: 34 | AK6: 35 | AL6: 36 | AM6: 37 | AN6: 38 | AO6: 39 | AP6: 40 | AQ6: 41 | AR6: 42 | AS6: 43 | AT6: 44 | AU6: 45 | AV6: 46 | AW6: 47 | AX6: 48
A7: {=SUM(IFERROR(C7:AX7,0))} -> 19.91 | B7: =HHGenerationDataInput!B7 -> 45292 | C7: =HHGenerationDataInput!C7/1000 -> 0 | D7: =HHGenerationDataInput!D7/1000 -> 0 | E7: =HHGenerationDataInput!E7/1000 -> 0 | F7: =HHGenerationDataInput!F7/1000 -> 0 | G7: =HHGenerationDataInput!G7/1000 -> 0 | H7: =HHGenerationDataInput!H7/1000 -> 0 | I7: =HHGenerationDataInput!I7/1000 -> 0 | J7: =HHGenerationDataInput!J7/1000 -> 0 | ... AX7: =HHGenerationDataInput!AX7/1000 -> 0
A8: {=SUM(IFERROR(C8:AX8,0))} -> 22.3 | B8: =HHGenerationDataInput!B8 -> 45293 | C8: =HHGenerationDataInput!C8/1000 -> 0 | D8: =HHGenerationDataInput!D8/1000 -> 0 | E8: =HHGenerationDataInput!E8/1000 -> 0 | F8: =HHGenerationDataInput!F8/1000 -> 0 | G8: =HHGenerationDataInput!G8/1000 -> 0 | H8: =HHGenerationDataInput!H8/1000 -> 0 | I8: =HHGenerationDataInput!I8/1000 -> 0 | J8: =HHGenerationDataInput!J8/1000 -> 0 | ... AX8: =HHGenerationDataInput!AX8/1000 -> 0
A9: {=SUM(IFERROR(C9:AX9,0))} -> 39.81 | B9: =HHGenerationDataInput!B9 -> 45294 | C9: =HHGenerationDataInput!C9/1000 -> 0 | D9: =HHGenerationDataInput!D9/1000 -> 0 | E9: =HHGenerationDataInput!E9/1000 -> 0 | F9: =HHGenerationDataInput!F9/1000 -> 0 | G9: =HHGenerationDataInput!G9/1000 -> 0 | H9: =HHGenerationDataInput!H9/1000 -> 0 | I9: =HHGenerationDataInput!I9/1000 -> 0 | J9: =HHGenerationDataInput!J9/1000 -> 0 | ... AX9: =HHGenerationDataInput!AX9/1000 -> 0
A10: {=SUM(IFERROR(C10:AX10,0))} -> 18.34 | B10: =HHGenerationDataInput!B10 -> 45295 | C10: =HHGenerationDataInput!C10/1000 -> 0 | D10: =HHGenerationDataInput!D10/1000 -> 0 | E10: =HHGenerationDataInput!E10/1000 -> 0 | F10: =HHGenerationDataInput!F10/1000 -> 0 | G10: =HHGenerationDataInput!G10/1000 -> 0 | H10: =HHGenerationDataInput!H10/1000 -> 0 | I10: =HHGenerationDataInput!I10/1000 -> 0 | J10: =HHGenerationDataInput!J10/1000 -> 0 | ... AX10: =HHGenerationDataInput!AX10/1000 -> 0
A11: {=SUM(IFERROR(C11:AX11,0))} -> 46.22 | B11: =HHGenerationDataInput!B11 -> 45296 | C11: =HHGenerationDataInput!C11/1000 -> 0 | D11: =HHGenerationDataInput!D11/1000 -> 0 | E11: =HHGenerationDataInput!E11/1000 -> 0 | F11: =HHGenerationDataInput!F11/1000 -> 0 | G11: =HHGenerationDataInput!G11/1000 -> 0 | H11: =HHGenerationDataInput!H11/1000 -> 0 | I11: =HHGenerationDataInput!I11/1000 -> 0 | J11: =HHGenerationDataInput!J11/1000 -> 0 | ... AX11: =HHGenerationDataInput!AX11/1000 -> 0
A12: {=SUM(IFERROR(C12:AX12,0))} -> 55.26 | B12: =HHGenerationDataInput!B12 -> 45297 | C12: =HHGenerationDataInput!C12/1000 -> 0 | D12: =HHGenerationDataInput!D12/1000 -> 0 | E12: =HHGenerationDataInput!E12/1000 -> 0 | F12: =HHGenerationDataInput!F12/1000 -> 0 | G12: =HHGenerationDataInput!G12/1000 -> 0 | H12: =HHGenerationDataInput!H12/1000 -> 0 | I12: =HHGenerationDataInput!I12/1000 -> 0 | J12: =HHGenerationDataInput!J12/1000 -> 0 | ... AX12: =HHGenerationDataInput!AX12/1000 -> 0
A13: {=SUM(IFERROR(C13:AX13,0))} -> 36.75 | B13: =HHGenerationDataInput!B13 -> 45298 | C13: =HHGenerationDataInput!C13/1000 -> 0 | D13: =HHGenerationDataInput!D13/1000 -> 0 | E13: =HHGenerationDataInput!E13/1000 -> 0 | F13: =HHGenerationDataInput!F13/1000 -> 0 | G13: =HHGenerationDataInput!G13/1000 -> 0 | H13: =HHGenerationDataInput!H13/1000 -> 0 | I13: =HHGenerationDataInput!I13/1000 -> 0 | J13: =HHGenerationDataInput!J13/1000 -> 0 | ... AX13: =HHGenerationDataInput!AX13/1000 -> 0
A14: {=SUM(IFERROR(C14:AX14,0))} -> 33.76 | B14: =HHGenerationDataInput!B14 -> 45299 | C14: =HHGenerationDataInput!C14/1000 -> 0 | D14: =HHGenerationDataInput!D14/1000 -> 0 | E14: =HHGenerationDataInput!E14/1000 -> 0 | F14: =HHGenerationDataInput!F14/1000 -> 0 | G14: =HHGenerationDataInput!G14/1000 -> 0 | H14: =HHGenerationDataInput!H14/1000 -> 0 | I14: =HHGenerationDataInput!I14/1000 -> 0 | J14: =HHGenerationDataInput!J14/1000 -> 0 | ... AX14: =HHGenerationDataInput!AX14/1000 -> 0
A15: {=SUM(IFERROR(C15:AX15,0))} -> 54 | B15: =HHGenerationDataInput!B15 -> 45300 | C15: =HHGenerationDataInput!C15/1000 -> 0 | D15: =HHGenerationDataInput!D15/1000 -> 0 | E15: =HHGenerationDataInput!E15/1000 -> 0 | F15: =HHGenerationDataInput!F15/1000 -> 0 | G15: =HHGenerationDataInput!G15/1000 -> 0 | H15: =HHGenerationDataInput!H15/1000 -> 0 | I15: =HHGenerationDataInput!I15/1000 -> 0 | J15: =HHGenerationDataInput!J15/1000 -> 0 | ... AX15: =HHGenerationDataInput!AX15/1000 -> 0
A16: {=SUM(IFERROR(C16:AX16,0))} -> 63.48 | B16: =HHGenerationDataInput!B16 -> 45301 | C16: =HHGenerationDataInput!C16/1000 -> 0 | D16: =HHGenerationDataInput!D16/1000 -> 0 | E16: =HHGenerationDataInput!E16/1000 -> 0 | F16: =HHGenerationDataInput!F16/1000 -> 0 | G16: =HHGenerationDataInput!G16/1000 -> 0 | H16: =HHGenerationDataInput!H16/1000 -> 0 | I16: =HHGenerationDataInput!I16/1000 -> 0 | J16: =HHGenerationDataInput!J16/1000 -> 0 | ... AX16: =HHGenerationDataInput!AX16/1000 -> 0
A17: {=SUM(IFERROR(C17:AX17,0))} -> 58.71 | B17: =HHGenerationDataInput!B17 -> 45302 | C17: =HHGenerationDataInput!C17/1000 -> 0 | D17: =HHGenerationDataInput!D17/1000 -> 0 | E17: =HHGenerationDataInput!E17/1000 -> 0 | F17: =HHGenerationDataInput!F17/1000 -> 0 | G17: =HHGenerationDataInput!G17/1000 -> 0 | H17: =HHGenerationDataInput!H17/1000 -> 0 | I17: =HHGenerationDataInput!I17/1000 -> 0 | J17: =HHGenerationDataInput!J17/1000 -> 0 | ... AX17: =HHGenerationDataInput!AX17/1000 -> 0
A18: {=SUM(IFERROR(C18:AX18,0))} -> 63.59 | B18: =HHGenerationDataInput!B18 -> 45303 | C18: =HHGenerationDataInput!C18/1000 -> 0 | D18: =HHGenerationDataInput!D18/1000 -> 0 | E18: =HHGenerationDataInput!E18/1000 -> 0 | F18: =HHGenerationDataInput!F18/1000 -> 0 | G18: =HHGenerationDataInput!G18/1000 -> 0 | H18: =HHGenerationDataInput!H18/1000 -> 0 | I18: =HHGenerationDataInput!I18/1000 -> 0 | J18: =HHGenerationDataInput!J18/1000 -> 0 | ... AX18: =HHGenerationDataInput!AX18/1000 -> 0
... A372: {=SUM(IFERROR(C372:AX372,0))} -> 0 | B372: =HHGenerationDataInput!B372 -> 45657 | C372: =HHGenerationDataInput!C372/1000 -> #VALUE! | D372: =HHGenerationDataInput!D372/1000 -> #VALUE! | E372: =HHGenerationDataInput!E372/1000 -> #VALUE! | F372: =HHGenerationDataInput!F372/1000 -> #VALUE! | G372: =HHGenerationDataInput!G372/1000 -> #VALUE! | H372: =HHGenerationDataInput!H372/1000 -> #VALUE! | I372: =HHGenerationDataInput!I372/1000 -> #VALUE! | J372: =HHGenerationDataInput!J372/1000 -> #VALUE! | ... AX372: =HHGenerationDataInput!AX372/1000 -> #VALUE!

Sheet SiteDemand
A1: Import, plus generation, minus export, kiloWatts | W1: Hours of peak generation opportunity
A3: Maximum kW site demand | B3: Time | C3: Hours of darkness | I3: Potential Max Summer Daylight Hours | AU3: Hours of darkness
A4: {=MAX(IFERROR(A7:A1635,0))} -> 129.97441 | Q4: Potential Min Winter Daylight Hours
B5: HH Period | C5: 0.041666667 | E5: 0.083333333 | G5: 0.125 | I5: 0.16666667 | K5: 0.20833333 | M5: 0.25 | O5: 0.29166667 | Q5: 0.33333333 | S5: 0.375 | U5: 0.41666667 | W5: 0.45833333 | Y5: 0.5 | AA5: 0.54166667 | AC5: 0.58333333 | AE5: 0.625 | AG5: 0.66666667 | AI5: 0.70833333 | AK5: 0.75 | AM5: 0.79166667 | AO5: 0.83333333 | AQ5: 0.875 | AS5: 0.91666667 | AU5: 0.95833333 | AW5: 1
C6: 1 | D6: 2 | E6: 3 | F6: 4 | G6: 5 | H6: 6 | I6: 7 | J6: 8 | K6: 9 | L6: 10 | M6: 11 | N6: 12 | O6: 13 | P6: 14 | Q6: 15 | R6: 16 | S6: 17 | T6: 18 | U6: 19 | V6: 20 | W6: 21 | X6: 22 | Y6: 23 | Z6: 24 | AA6: 25 | AB6: 26 | AC6: 27 | AD6: 28 | AE6: 29 | AF6: 30 | AG6: 31 | AH6: 32 | AI6: 33 | AJ6: 34 | AK6: 35 | AL6: 36 | AM6: 37 | AN6: 38 | AO6: 39 | AP6: 40 | AQ6: 41 | AR6: 42 | AS6: 43 | AT6: 44 | AU6: 45 | AV6: 46 | AW6: 47 | AX6: 48
A7: {=MAX(IFERROR(C7:AX7,0))} -> 40.22677 | B7: =HHGenerationDataInput!B7 -> 45292 | C7: =((ImportHHDatakWhInput!C7+GenerationkWh!C7)-(HHExportDataInput!C7))*2 -> 34.6 | D7: =((ImportHHDatakWhInput!D7+GenerationkWh!D7)-(HHExportDataInput!D7))*2 -> 34.2 | E7: =((ImportHHDatakWhInput!E7+GenerationkWh!E7)-(HHExportDataInput!E7))*2 -> 35.4 | F7: =((ImportHHDatakWhInput!F7+GenerationkWh!F7)-(HHExportDataInput!F7))*2 -> 35.6 | G7: =((ImportHHDatakWhInput!G7+GenerationkWh!G7)-(HHExportDataInput!G7))*2 -> 36.2 | H7: =((ImportHHDatakWhInput!H7+GenerationkWh!H7)-(HHExportDataInput!H7))*2 -> 37.2 | I7: =((ImportHHDatakWhInput!I7+GenerationkWh!I7)-(HHExportDataInput!I7))*2 -> 36 | J7: =((ImportHHDatakWhInput!J7+GenerationkWh!J7)-(HHExportDataInput!J7))*2 -> 33.4 | ... AX7: =((ImportHHDatakWhInput!AX7+GenerationkWh!AX7)-(HHExportDataInput!AX7))*2 -> 33.6
A8: {=MAX(IFERROR(C8:AX8,0))} -> 58.97942 | B8: =HHGenerationDataInput!B8 -> 45293 | C8: =((ImportHHDatakWhInput!C8+GenerationkWh!C8)-(HHExportDataInput!C8))*2 -> 30.8 | D8: =((ImportHHDatakWhInput!D8+GenerationkWh!D8)-(HHExportDataInput!D8))*2 -> 32.4 | E8: =((ImportHHDatakWhInput!E8+GenerationkWh!E8)-(HHExportDataInput!E8))*2 -> 33.8 | F8: =((ImportHHDatakWhInput!F8+GenerationkWh!F8)-(HHExportDataInput!F8))*2 -> 34 | G8: =((ImportHHDatakWhInput!G8+GenerationkWh!G8)-(HHExportDataInput!G8))*2 -> 33.4 | H8: =((ImportHHDatakWhInput!H8+GenerationkWh!H8)-(HHExportDataInput!H8))*2 -> 33.6 | I8: =((ImportHHDatakWhInput!I8+GenerationkWh!I8)-(HHExportDataInput!I8))*2 -> 32.8 | J8: =((ImportHHDatakWhInput!J8+GenerationkWh!J8)-(HHExportDataInput!J8))*2 -> 32.4 | ... AX8: =((ImportHHDatakWhInput!AX8+GenerationkWh!AX8)-(HHExportDataInput!AX8))*2 -> 40
A9: {=MAX(IFERROR(C9:AX9,0))} -> 72.27092 | B9: =HHGenerationDataInput!B9 -> 45294 | C9: =((ImportHHDatakWhInput!C9+GenerationkWh!C9)-(HHExportDataInput!C9))*2 -> 34.6 | D9: =((ImportHHDatakWhInput!D9+GenerationkWh!D9)-(HHExportDataInput!D9))*2 -> 38.6 | E9: =((ImportHHDatakWhInput!E9+GenerationkWh!E9)-(HHExportDataInput!E9))*2 -> 32.4 | F9: =((ImportHHDatakWhInput!F9+GenerationkWh!F9)-(HHExportDataInput!F9))*2 -> 37.4 | G9: =((ImportHHDatakWhInput!G9+GenerationkWh!G9)-(HHExportDataInput!G9))*2 -> 36.2 | H9: =((ImportHHDatakWhInput!H9+GenerationkWh!H9)-(HHExportDataInput!H9))*2 -> 32.6 | I9: =((ImportHHDatakWhInput!I9+GenerationkWh!I9)-(HHExportDataInput!I9))*2 -> 37.2 | J9: =((ImportHHDatakWhInput!J9+GenerationkWh!J9)-(HHExportDataInput!J9))*2 -> 38.2 | ... AX9: =((ImportHHDatakWhInput!AX9+GenerationkWh!AX9)-(HHExportDataInput!AX9))*2 -> 34.8
A10: {=MAX(IFERROR(C10:AX10,0))} -> 69.5962 | B10: =HHGenerationDataInput!B10 -> 45295 | C10: =((ImportHHDatakWhInput!C10+GenerationkWh!C10)-(HHExportDataInput!C10))*2 -> 39.2 | D10: =((ImportHHDatakWhInput!D10+GenerationkWh!D10)-(HHExportDataInput!D10))*2 -> 39.8 | E10: =((ImportHHDatakWhInput!E10+GenerationkWh!E10)-(HHExportDataInput!E10))*2 -> 42.6 | F10: =((ImportHHDatakWhInput!F10+GenerationkWh!F10)-(HHExportDataInput!F10))*2 -> 42.2 | G10: =((ImportHHDatakWhInput!G10+GenerationkWh!G10)-(HHExportDataInput!G10))*2 -> 36.6 | H10: =((ImportHHDatakWhInput!H10+GenerationkWh!H10)-(HHExportDataInput!H10))*2 -> 34.2 | I10: =((ImportHHDatakWhInput!I10+GenerationkWh!I10)-(HHExportDataInput!I10))*2 -> 44.6 | J10: =((ImportHHDatakWhInput!J10+GenerationkWh!J10)-(HHExportDataInput!J10))*2 -> 39.8 | ... AX10: =((ImportHHDatakWhInput!AX10+GenerationkWh!AX10)-(HHExportDataInput!AX10))*2 -> 36.4
A11: {=MAX(IFERROR(C11:AX11,0))} -> 66.78501 | B11: =HHGenerationDataInput!B11 -> 45296 | C11: =((ImportHHDatakWhInput!C11+GenerationkWh!C11)-(HHExportDataInput!C11))*2 -> 44.4 | D11: =((ImportHHDatakWhInput!D11+GenerationkWh!D11)-(HHExportDataInput!D11))*2 -> 37.2 | E11: =((ImportHHDatakWhInput!E11+GenerationkWh!E11)-(HHExportDataInput!E11))*2 -> 44.4 | F11: =((ImportHHDatakWhInput!F11+GenerationkWh!F11)-(HHExportDataInput!F11))*2 -> 40.6 | G11: =((ImportHHDatakWhInput!G11+GenerationkWh!G11)-(HHExportDataInput!G11))*2 -> 40.6 | H11: =((ImportHHDatakWhInput!H11+GenerationkWh!H11)-(HHExportDataInput!H11))*2 -> 36 | I11: =((ImportHHDatakWhInput!I11+GenerationkWh!I11)-(HHExportDataInput!I11))*2 -> 44.2 | J11: =((ImportHHDatakWhInput!J11+GenerationkWh!J11)-(HHExportDataInput!J11))*2 -> 43.8 | ... AX11: =((ImportHHDatakWhInput!AX11+GenerationkWh!AX11)-(HHExportDataInput!AX11))*2 -> 42
A12: {=MAX(IFERROR(C12:AX12,0))} -> 58.0865 | B12: =HHGenerationDataInput!B12 -> 45297 | C12: =((ImportHHDatakWhInput!C12+GenerationkWh!C12)-(HHExportDataInput!C12))*2 -> 44 | D12: =((ImportHHDatakWhInput!D12+GenerationkWh!D12)-(HHExportDataInput!D12))*2 -> 41.8 | E12: =((ImportHHDatakWhInput!E12+GenerationkWh!E12)-(HHExportDataInput!E12))*2 -> 44.6 | F12: =((ImportHHDatakWhInput!F12+GenerationkWh!F12)-(HHExportDataInput!F12))*2 -> 39 | G12: =((ImportHHDatakWhInput!G12+GenerationkWh!G12)-(HHExportDataInput!G12))*2 -> 44.8 | H12: =((ImportHHDatakWhInput!H12+GenerationkWh!H12)-(HHExportDataInput!H12))*2 -> 45.2 | I12: =((ImportHHDatakWhInput!I12+GenerationkWh!I12)-(HHExportDataInput!I12))*2 -> 43.6 | J12: =((ImportHHDatakWhInput!J12+GenerationkWh!J12)-(HHExportDataInput!J12))*2 -> 43.2 | ... AX12: =((ImportHHDatakWhInput!AX12+GenerationkWh!AX12)-(HHExportDataInput!AX12))*2 -> 48.2
A13: {=MAX(IFERROR(C13:AX13,0))} -> 60.43516 | B13: =HHGenerationDataInput!B13 -> 45298 | C13: =((ImportHHDatakWhInput!C13+GenerationkWh!C13)-(HHExportDataInput!C13))*2 -> 44.6 | D13: =((ImportHHDatakWhInput!D13+GenerationkWh!D13)-(HHExportDataInput!D13))*2 -> 52.8 | E13: =((ImportHHDatakWhInput!E13+GenerationkWh!E13)-(HHExportDataInput!E13))*2 -> 48 | F13: =((ImportHHDatakWhInput!F13+GenerationkWh!F13)-(HHExportDataInput!F13))*2 -> 52.4 | G13: =((ImportHHDatakWhInput!G13+GenerationkWh!G13)-(HHExportDataInput!G13))*2 -> 49.6 | H13: =((ImportHHDatakWhInput!H13+GenerationkWh!H13)-(HHExportDataInput!H13))*2 -> 49.2 | I13: =((ImportHHDatakWhInput!I13+GenerationkWh!I13)-(HHExportDataInput!I13))*2 -> 52.8 | J13: =((ImportHHDatakWhInput!J13+GenerationkWh!J13)-(HHExportDataInput!J13))*2 -> 51.4 | ... AX13: =((ImportHHDatakWhInput!AX13+GenerationkWh!AX13)-(HHExportDataInput!AX13))*2 -> 55.6
A14: {=MAX(IFERROR(C14:AX14,0))} -> 104.57002 | B14: =HHGenerationDataInput!B14 -> 45299 | C14: =((ImportHHDatakWhInput!C14+GenerationkWh!C14)-(HHExportDataInput!C14))*2 -> 58.6 | D14: =((ImportHHDatakWhInput!D14+GenerationkWh!D14)-(HHExportDataInput!D14))*2 -> 58.4 | E14: =((ImportHHDatakWhInput!E14+GenerationkWh!E14)-(HHExportDataInput!E14))*2 -> 54.2 | F14: =((ImportHHDatakWhInput!F14+GenerationkWh!F14)-(HHExportDataInput!F14))*2 -> 55.8 | G14: =((ImportHHDatakWhInput!G14+GenerationkWh!G14)-(HHExportDataInput!G14))*2 -> 54 | H14: =((ImportHHDatakWhInput!H14+GenerationkWh!H14)-(HHExportDataInput!H14))*2 -> 52 | I14: =((ImportHHDatakWhInput!I14+GenerationkWh!I14)-(HHExportDataInput!I14))*2 -> 59.2 | J14: =((ImportHHDatakWhInput!J14+GenerationkWh!J14)-(HHExportDataInput!J14))*2 -> 56.6 | ... AX14: =((ImportHHDatakWhInput!AX14+GenerationkWh!AX14)-(HHExportDataInput!AX14))*2 -> 58.2
A15: {=MAX(IFERROR(C15:AX15,0))} -> 117.06692 | B15: =HHGenerationDataInput!B15 -> 45300 | C15: =((ImportHHDatakWhInput!C15+GenerationkWh!C15)-(HHExportDataInput!C15))*2 -> 59.4 | D15: =((ImportHHDatakWhInput!D15+GenerationkWh!D15)-(HHExportDataInput!D15))*2 -> 54.6 | E15: =((ImportHHDatakWhInput!E15+GenerationkWh!E15)-(HHExportDataInput!E15))*2 -> 59.8 | F15: =((ImportHHDatakWhInput!F15+GenerationkWh!F15)-(HHExportDataInput!F15))*2 -> 53.2 | G15: =((ImportHHDatakWhInput!G15+GenerationkWh!G15)-(HHExportDataInput!G15))*2 -> 55.6 | H15: =((ImportHHDatakWhInput!H15+GenerationkWh!H15)-(HHExportDataInput!H15))*2 -> 55.8 | I15: =((ImportHHDatakWhInput!I15+GenerationkWh!I15)-(HHExportDataInput!I15))*2 -> 57.2 | J15: =((ImportHHDatakWhInput!J15+GenerationkWh!J15)-(HHExportDataInput!J15))*2 -> 54.4 | ... AX15: =((ImportHHDatakWhInput!AX15+GenerationkWh!AX15)-(HHExportDataInput!AX15))*2 -> 65.6
A16: {=MAX(IFERROR(C16:AX16,0))} -> 129.97441 | B16: =HHGenerationDataInput!B16 -> 45301 | C16: =((ImportHHDatakWhInput!C16+GenerationkWh!C16)-(HHExportDataInput!C16))*2 -> 70.4 | D16: =((ImportHHDatakWhInput!D16+GenerationkWh!D16)-(HHExportDataInput!D16))*2 -> 68.6 | E16: =((ImportHHDatakWhInput!E16+GenerationkWh!E16)-(HHExportDataInput!E16))*2 -> 67.4 | F16: =((ImportHHDatakWhInput!F16+GenerationkWh!F16)-(HHExportDataInput!F16))*2 -> 67 | G16: =((ImportHHDatakWhInput!G16+GenerationkWh!G16)-(HHExportDataInput!G16))*2 -> 63.8 | H16: =((ImportHHDatakWhInput!H16+GenerationkWh!H16)-(HHExportDataInput!H16))*2 -> 72.2 | I16: =((ImportHHDatakWhInput!I16+GenerationkWh!I16)-(HHExportDataInput!I16))*2 -> 69.4 | J16: =((ImportHHDatakWhInput!J16+GenerationkWh!J16)-(HHExportDataInput!J16))*2 -> 66.2 | ... AX16: =((ImportHHDatakWhInput!AX16+GenerationkWh!AX16)-(HHExportDataInput!AX16))*2 -> 52.6
A17: {=MAX(IFERROR(C17:AX17,0))} -> 34.55003 | B17: =HHGenerationDataInput!B17 -> 45302 | C17: =((ImportHHDatakWhInput!C17+GenerationkWh!C17)-(HHExportDataInput!C17))*2 -> 9.8 | D17: =((ImportHHDatakWhInput!D17+GenerationkWh!D17)-(HHExportDataInput!D17))*2 -> 10 | E17: =((ImportHHDatakWhInput!E17+GenerationkWh!E17)-(HHExportDataInput!E17))*2 -> 10.6 | F17: =((ImportHHDatakWhInput!F17+GenerationkWh!F17)-(HHExportDataInput!F17))*2 -> 10.6 | G17: =((ImportHHDatakWhInput!G17+GenerationkWh!G17)-(HHExportDataInput!G17))*2 -> 9.2 | H17: =((ImportHHDatakWhInput!H17+GenerationkWh!H17)-(HHExportDataInput!H17))*2 -> 8.6 | I17: =((ImportHHDatakWhInput!I17+GenerationkWh!I17)-(HHExportDataInput!I17))*2 -> 11.2 | J17: =((ImportHHDatakWhInput!J17+GenerationkWh!J17)-(HHExportDataInput!J17))*2 -> 10 | ... AX17: =((ImportHHDatakWhInput!AX17+GenerationkWh!AX17)-(HHExportDataInput!AX17))*2 -> 9
A18: {=MAX(IFERROR(C18:AX18,0))} -> 31.86092 | B18: =HHGenerationDataInput!B18 -> 45303 | C18: =((ImportHHDatakWhInput!C18+GenerationkWh!C18)-(HHExportDataInput!C18))*2 -> 11 | D18: =((ImportHHDatakWhInput!D18+GenerationkWh!D18)-(HHExportDataInput!D18))*2 -> 9.4 | E18: =((ImportHHDatakWhInput!E18+GenerationkWh!E18)-(HHExportDataInput!E18))*2 -> 11 | F18: =((ImportHHDatakWhInput!F18+GenerationkWh!F18)-(HHExportDataInput!F18))*2 -> 10.2 | G18: =((ImportHHDatakWhInput!G18+GenerationkWh!G18)-(HHExportDataInput!G18))*2 -> 10.2 | H18: =((ImportHHDatakWhInput!H18+GenerationkWh!H18)-(HHExportDataInput!H18))*2 -> 9 | I18: =((ImportHHDatakWhInput!I18+GenerationkWh!I18)-(HHExportDataInput!I18))*2 -> 11 | J18: =((ImportHHDatakWhInput!J18+GenerationkWh!J18)-(HHExportDataInput!J18))*2 -> 11 | ... AX18: =((ImportHHDatakWhInput!AX18+GenerationkWh!AX18)-(HHExportDataInput!AX18))*2 -> 18.6
... A372: {=MAX(IFERROR(C372:AX372,0))} -> 0 | B372: =HHGenerationDataInput!B372 -> 45657 | C372: =((ImportHHDatakWhInput!C372+GenerationkWh!C372)-(HHExportDataInput!C372))*2 -> #VALUE! | D372: =((ImportHHDatakWhInput!D372+GenerationkWh!D372)-(HHExportDataInput!D372))*2 -> #VALUE! | E372: =((ImportHHDatakWhInput!E372+GenerationkWh!E372)-(HHExportDataInput!E372))*2 -> #VALUE! | F372: =((ImportHHDatakWhInput!F372+GenerationkWh!F372)-(HHExportDataInput!F372))*2 -> #VALUE! | G372: =((ImportHHDatakWhInput!G372+GenerationkWh!G372)-(HHExportDataInput!G372))*2 -> #VALUE! | H372: =((ImportHHDatakWhInput!H372+GenerationkWh!H372)-(HHExportDataInput!H372))*2 -> #VALUE! | I372: =((ImportHHDatakWhInput!I372+GenerationkWh!I372)-(HHExportDataInput!I372))*2 -> #VALUE! | J372: =((ImportHHDatakWhInput!J372+GenerationkWh!J372)-(HHExportDataInput!J372))*2 -> #VALUE! | ... AX372: =((ImportHHDatakWhInput!AX372+GenerationkWh!AX372)-(HHExportDataInput!AX372))*2 -> #VALUE!

Sheet ValueSelfConsumingSite
A1: Value to Date | D1: £ sterling | W1: Hours of peak generation opportunity | AQ1: Levelised Daily Cost of O&M (LCOM) | AZ1: 0.68306011 | BA1: example data
A3: {=SUM(IFERROR(A7:A1635,0))} -> 1134.5459 | B3: Time | C3: Hours of darkness | I3: Potential Max Summer Daylight Hours | AU3: Hours of darkness | AY3: {=SUM(IFERROR(AY7:AY1635,0))} -> 884.54593
A4: Daily value | Q4: Potential Min Winter Daylight Hours | AY4: Daily value, less OCOM
B5: HH Period | C5: 0.041666667 | E5: 0.083333333 | G5: 0.125 | I5: 0.16666667 | K5: 0.20833333 | M5: 0.25 | O5: 0.29166667 | Q5: 0.33333333 | S5: 0.375 | U5: 0.41666667 | W5: 0.45833333 | Y5: 0.5 | AA5: 0.54166667 | AC5: 0.58333333 | AE5: 0.625 | AG5: 0.66666667 | AI5: 0.70833333 | AK5: 0.75 | AM5: 0.79166667 | AO5: 0.83333333 | AQ5: 0.875 | AS5: 0.91666667 | AU5: 0.95833333 | AW5: 1
C6: 1 | D6: 2 | E6: 3 | F6: 4 | G6: 5 | H6: 6 | I6: 7 | J6: 8 | K6: 9 | L6: 10 | M6: 11 | N6: 12 | O6: 13 | P6: 14 | Q6: 15 | R6: 16 | S6: 17 | T6: 18 | U6: 19 | V6: 20 | W6: 21 | X6: 22 | Y6: 23 | Z6: 24 | AA6: 25 | AB6: 26 | AC6: 27 | AD6: 28 | AE6: 29 | AF6: 30 | AG6: 31 | AH6: 32 | AI6: 33 | AJ6: 34 | AK6: 35 | AL6: 36 | AM6: 37 | AN6: 38 | AO6: 39 | AP6: 40 | AQ6: 41 | AR6: 42 | AS6: 43 | AT6: 44 | AU6: 45 | AV6: 46 | AW6: 47 | AX6: 48
A7: {=SUM(IFERROR(C7:AX7,0))} -> 7.0992022 | B7: =HHGenerationDataInput!B7 -> 45292 | C7: =(GenerationkWh!C7*(HHImportTariffInput!C7+GenTariffInput!C7)) -> 0 | D7: =(GenerationkWh!D7*(HHImportTariffInput!D7+GenTariffInput!D7)) -> 0 | E7: =(GenerationkWh!E7*(HHImportTariffInput!E7+GenTariffInput!E7)) -> 0 | F7: =(GenerationkWh!F7*(HHImportTariffInput!F7+GenTariffInput!F7)) -> 0 | G7: =(GenerationkWh!G7*(HHImportTariffInput!G7+GenTariffInput!G7)) -> 0 | H7: =(GenerationkWh!H7*(HHImportTariffInput!H7+GenTariffInput!H7)) -> 0 | I7: =(GenerationkWh!I7*(HHImportTariffInput!I7+GenTariffInput!I7)) -> 0 | J7: =(GenerationkWh!J7*(HHImportTariffInput!J7+GenTariffInput!J7)) -> 0 | ... AX7: =(GenerationkWh!AX7*(HHImportTariffInput!AX7+GenTariffInput!AX7)) -> 0 | AY7: =A7-$AZ$1 -> 6.4161421
A8: {=SUM(IFERROR(C8:AX8,0))} -> 7.9513917 | B8: =HHGenerationDataInput!B8 -> 45293 | C8: =(GenerationkWh!C8*(HHImportTariffInput!C8+GenTariffInput!C8)) -> 0 | D8: =(GenerationkWh!D8*(HHImportTariffInput!D8+GenTariffInput!D8)) -> 0 | E8: =(GenerationkWh!E8*(HHImportTariffInput!E8+GenTariffInput!E8)) -> 0 | F8: =(GenerationkWh!F8*(HHImportTariffInput!F8+GenTariffInput!F8)) -> 0 | G8: =(GenerationkWh!G8*(HHImportTariffInput!G8+GenTariffInput!G8)) -> 0 | H8: =(GenerationkWh!H8*(HHImportTariffInput!H8+GenTariffInput!H8)) -> 0 | I8: =(GenerationkWh!I8*(HHImportTariffInput!I8+GenTariffInput!I8)) -> 0 | J8: =(GenerationkWh!J8*(HHImportTariffInput!J8+GenTariffInput!J8)) -> 0 | ... AX8: =(GenerationkWh!AX8*(HHImportTariffInput!AX8+GenTariffInput!AX8)) -> 0 | AY8: =A8-$AZ$1 -> 7.2683316
A9: {=SUM(IFERROR(C9:AX9,0))} -> 14.194839 | B9: =HHGenerationDataInput!B9 -> 45294 | C9: =(GenerationkWh!C9*(HHImportTariffInput!C9+GenTariffInput!C9)) -> 0 | D9: =(GenerationkWh!D9*(HHImportTariffInput!D9+GenTariffInput!D9)) -> 0 | E9: =(GenerationkWh!E9*(HHImportTariffInput!E9+GenTariffInput!E9)) -> 0 | F9: =(GenerationkWh!F9*(HHImportTariffInput!F9+GenTariffInput!F9)) -> 0 | G9: =(GenerationkWh!G9*(HHImportTariffInput!G9+GenTariffInput!G9)) -> 0 | H9: =(GenerationkWh!H9*(HHImportTariffInput!H9+GenTariffInput!H9)) -> 0 | I9: =(GenerationkWh!I9*(HHImportTariffInput!I9+GenTariffInput!I9)) -> 0 | J9: =(GenerationkWh!J9*(HHImportTariffInput!J9+GenTariffInput!J9)) -> 0 | ... AX9: =(GenerationkWh!AX9*(HHImportTariffInput!AX9+GenTariffInput!AX9)) -> 0 | AY9: =A9-$AZ$1 -> 13.511779
A10: {=SUM(IFERROR(C10:AX10,0))} -> 6.5393957 | B10: =HHGenerationDataInput!B10 -> 45295 | C10: =(GenerationkWh!C10*(HHImportTariffInput!C10+GenTariffInput!C10)) -> 0 | D10: =(GenerationkWh!D10*(HHImportTariffInput!D10+GenTariffInput!D10)) -> 0 | E10: =(GenerationkWh!E10*(HHImportTariffInput!E10+GenTariffInput!E10)) -> 0 | F10: =(GenerationkWh!F10*(HHImportTariffInput!F10+GenTariffInput!F10)) -> 0 | G10: =(GenerationkWh!G10*(HHImportTariffInput!G10+GenTariffInput!G10)) -> 0 | H10: =(GenerationkWh!H10*(HHImportTariffInput!H10+GenTariffInput!H10)) -> 0 | I10: =(GenerationkWh!I10*(HHImportTariffInput!I10+GenTariffInput!I10)) -> 0 | J10: =(GenerationkWh!J10*(HHImportTariffInput!J10+GenTariffInput!J10)) -> 0 | ... AX10: =(GenerationkWh!AX10*(HHImportTariffInput!AX10+GenTariffInput!AX10)) -> 0 | AY10: =A10-$AZ$1 -> 5.8563356
A11: {=SUM(IFERROR(C11:AX11,0))} -> 16.480418 | B11: =HHGenerationDataInput!B11 -> 45296 | C11: =(GenerationkWh!C11*(HHImportTariffInput!C11+GenTariffInput!C11)) -> 0 | D11: =(GenerationkWh!D11*(HHImportTariffInput!D11+GenTariffInput!D11)) -> 0 | E11: =(GenerationkWh!E11*(HHImportTariffInput!E11+GenTariffInput!E11)) -> 0 | F11: =(GenerationkWh!F11*(HHImportTariffInput!F11+GenTariffInput!F11)) -> 0 | G11: =(GenerationkWh!G11*(HHImportTariffInput!G11+GenTariffInput!G11)) -> 0 | H11: =(GenerationkWh!H11*(HHImportTariffInput!H11+GenTariffInput!H11)) -> 0 | I11: =(GenerationkWh!I11*(HHImportTariffInput!I11+GenTariffInput!I11)) -> 0 | J11: =(GenerationkWh!J11*(HHImportTariffInput!J11+GenTariffInput!J11)) -> 0 | ... AX11: =(GenerationkWh!AX11*(HHImportTariffInput!AX11+GenTariffInput!AX11)) -> 0 | AY11: =A11-$AZ$1 -> 15.797358
A12: {=SUM(IFERROR(C12:AX12,0))} -> 19.703763 | B12: =HHGenerationDataInput!B12 -> 45297 | C12: =(GenerationkWh!C12*(HHImportTariffInput!C12+GenTariffInput!C12)) -> 0 | D12: =(GenerationkWh!D12*(HHImportTariffInput!D12+GenTariffInput!D12)) -> 0 | E12: =(GenerationkWh!E12*(HHImportTariffInput!E12+GenTariffInput!E12)) -> 0 | F12: =(GenerationkWh!F12*(HHImportTariffInput!F12+GenTariffInput!F12)) -> 0 | G12: =(GenerationkWh!G12*(HHImportTariffInput!G12+GenTariffInput!G12)) -> 0 | H12: =(GenerationkWh!H12*(HHImportTariffInput!H12+GenTariffInput!H12)) -> 0 | I12: =(GenerationkWh!I12*(HHImportTariffInput!I12+GenTariffInput!I12)) -> 0 | J12: =(GenerationkWh!J12*(HHImportTariffInput!J12+GenTariffInput!J12)) -> 0 | ... AX12: =(GenerationkWh!AX12*(HHImportTariffInput!AX12+GenTariffInput!AX12)) -> 0 | AY12: =A12-$AZ$1 -> 19.020702
A13: {=SUM(IFERROR(C13:AX13,0))} -> 13.103751 | B13: =HHGenerationDataInput!B13 -> 45298 | C13: =(GenerationkWh!C13*(HHImportTariffInput!C13+GenTariffInput!C13)) -> 0 | D13: =(GenerationkWh!D13*(HHImportTariffInput!D13+GenTariffInput!D13)) -> 0 | E13: =(GenerationkWh!E13*(HHImportTariffInput!E13+GenTariffInput!E13)) -> 0 | F13: =(GenerationkWh!F13*(HHImportTariffInput!F13+GenTariffInput!F13)) -> 0 | G13: =(GenerationkWh!G13*(HHImportTariffInput!G13+GenTariffInput!G13)) -> 0 | H13: =(GenerationkWh!H13*(HHImportTariffInput!H13+GenTariffInput!H13)) -> 0 | I13: =(GenerationkWh!I13*(HHImportTariffInput!I13+GenTariffInput!I13)) -> 0 | J13: =(GenerationkWh!J13*(HHImportTariffInput!J13+GenTariffInput!J13)) -> 0 | ... AX13: =(GenerationkWh!AX13*(HHImportTariffInput!AX13+GenTariffInput!AX13)) -> 0 | AY13: =A13-$AZ$1 -> 12.420691
A14: {=SUM(IFERROR(C14:AX14,0))} -> 12.037623 | B14: =HHGenerationDataInput!B14 -> 45299 | C14: =(GenerationkWh!C14*(HHImportTariffInput!C14+GenTariffInput!C14)) -> 0 | D14: =(GenerationkWh!D14*(HHImportTariffInput!D14+GenTariffInput!D14)) -> 0 | E14: =(GenerationkWh!E14*(HHImportTariffInput!E14+GenTariffInput!E14)) -> 0 | F14: =(GenerationkWh!F14*(HHImportTariffInput!F14+GenTariffInput!F14)) -> 0 | G14: =(GenerationkWh!G14*(HHImportTariffInput!G14+GenTariffInput!G14)) -> 0 | H14: =(GenerationkWh!H14*(HHImportTariffInput!H14+GenTariffInput!H14)) -> 0 | I14: =(GenerationkWh!I14*(HHImportTariffInput!I14+GenTariffInput!I14)) -> 0 | J14: =(GenerationkWh!J14*(HHImportTariffInput!J14+GenTariffInput!J14)) -> 0 | ... AX14: =(GenerationkWh!AX14*(HHImportTariffInput!AX14+GenTariffInput!AX14)) -> 0 | AY14: =A14-$AZ$1 -> 11.354562
A15: {=SUM(IFERROR(C15:AX15,0))} -> 19.254491 | B15: =HHGenerationDataInput!B15 -> 45300 | C15: =(GenerationkWh!C15*(HHImportTariffInput!C15+GenTariffInput!C15)) -> 0 | D15: =(GenerationkWh!D15*(HHImportTariffInput!D15+GenTariffInput!D15)) -> 0 | E15: =(GenerationkWh!E15*(HHImportTariffInput!E15+GenTariffInput!E15)) -> 0 | F15: =(GenerationkWh!F15*(HHImportTariffInput!F15+GenTariffInput!F15)) -> 0 | G15: =(GenerationkWh!G15*(HHImportTariffInput!G15+GenTariffInput!G15)) -> 0 | H15: =(GenerationkWh!H15*(HHImportTariffInput!H15+GenTariffInput!H15)) -> 0 | I15: =(GenerationkWh!I15*(HHImportTariffInput!I15+GenTariffInput!I15)) -> 0 | J15: =(GenerationkWh!J15*(HHImportTariffInput!J15+GenTariffInput!J15)) -> 0 | ... AX15: =(GenerationkWh!AX15*(HHImportTariffInput!AX15+GenTariffInput!AX15)) -> 0 | AY15: =A15-$AZ$1 -> 18.571431
A16: {=SUM(IFERROR(C16:AX16,0))} -> 22.634724 | B16: =HHGenerationDataInput!B16 -> 45301 | C16: =(GenerationkWh!C16*(HHImportTariffInput!C16+GenTariffInput!C16)) -> 0 | D16: =(GenerationkWh!D16*(HHImportTariffInput!D16+GenTariffInput!D16)) -> 0 | E16: =(GenerationkWh!E16*(HHImportTariffInput!E16+GenTariffInput!E16)) -> 0 | F16: =(GenerationkWh!F16*(HHImportTariffInput!F16+GenTariffInput!F16)) -> 0 | G16: =(GenerationkWh!G16*(HHImportTariffInput!G16+GenTariffInput!G16)) -> 0 | H16: =(GenerationkWh!H16*(HHImportTariffInput!H16+GenTariffInput!H16)) -> 0 | I16: =(GenerationkWh!I16*(HHImportTariffInput!I16+GenTariffInput!I16)) -> 0 | J16: =(GenerationkWh!J16*(HHImportTariffInput!J16+GenTariffInput!J16)) -> 0 | ... AX16: =(GenerationkWh!AX16*(HHImportTariffInput!AX16+GenTariffInput!AX16)) -> 0 | AY16: =A16-$AZ$1 -> 21.951664
A17: {=SUM(IFERROR(C17:AX17,0))} -> 20.933911 | B17: =HHGenerationDataInput!B17 -> 45302 | C17: =(GenerationkWh!C17*(HHImportTariffInput!C17+GenTariffInput!C17)) -> 0 | D17: =(GenerationkWh!D17*(HHImportTariffInput!D17+GenTariffInput!D17)) -> 0 | E17: =(GenerationkWh!E17*(HHImportTariffInput!E17+GenTariffInput!E17)) -> 0 | F17: =(GenerationkWh!F17*(HHImportTariffInput!F17+GenTariffInput!F17)) -> 0 | G17: =(GenerationkWh!G17*(HHImportTariffInput!G17+GenTariffInput!G17)) -> 0 | H17: =(GenerationkWh!H17*(HHImportTariffInput!H17+GenTariffInput!H17)) -> 0 | I17: =(GenerationkWh!I17*(HHImportTariffInput!I17+GenTariffInput!I17)) -> 0 | J17: =(GenerationkWh!J17*(HHImportTariffInput!J17+GenTariffInput!J17)) -> 0 | ... AX17: =(GenerationkWh!AX17*(HHImportTariffInput!AX17+GenTariffInput!AX17)) -> 0 | AY17: =A17-$AZ$1 -> 20.250851
A18: {=SUM(IFERROR(C18:AX18,0))} -> 22.673946 | B18: =HHGenerationDataInput!B18 -> 45303 | C18: =(GenerationkWh!C18*(HHImportTariffInput!C18+GenTariffInput!C18)) -> 0 | D18: =(GenerationkWh!D18*(HHImportTariffInput!D18+GenTariffInput!D18)) -> 0 | E18: =(GenerationkWh!E18*(HHImportTariffInput!E18+GenTariffInput!E18)) -> 0 | F18: =(GenerationkWh!F18*(HHImportTariffInput!F18+GenTariffInput!F18)) -> 0 | G18: =(GenerationkWh!G18*(HHImportTariffInput!G18+GenTariffInput!G18)) -> 0 | H18: =(GenerationkWh!H18*(HHImportTariffInput!H18+GenTariffInput!H18)) -> 0 | I18: =(GenerationkWh!I18*(HHImportTariffInput!I18+GenTariffInput!I18)) -> 0 | J18: =(GenerationkWh!J18*(HHImportTariffInput!J18+GenTariffInput!J18)) -> 0 | ... AX18: =(GenerationkWh!AX18*(HHImportTariffInput!AX18+GenTariffInput!AX18)) -> 0 | AY18: =A18-$AZ$1 -> 21.990886
... A372: {=SUM(IFERROR(C372:AX372,0))} -> 0 | B372: =HHGenerationDataInput!B372 -> 45657 | C372: =(GenerationkWh!C372*(HHImportTariffInput!C372+GenTariffInput!C372)) -> #VALUE! | D372: =(GenerationkWh!D372*(HHImportTariffInput!D372+GenTariffInput!D372)) -> #VALUE! | E372: =(GenerationkWh!E372*(HHImportTariffInput!E372+GenTariffInput!E372)) -> #VALUE! | F372: =(GenerationkWh!F372*(HHImportTariffInput!F372+GenTariffInput!F372)) -> #VALUE! | G372: =(GenerationkWh!G372*(HHImportTariffInput!G372+GenTariffInput!G372)) -> #VALUE! | H372: =(GenerationkWh!H372*(HHImportTariffInput!H372+GenTariffInput!H372)) -> #VALUE! | I372: =(GenerationkWh!I372*(HHImportTariffInput!I372+GenTariffInput!I372)) -> #VALUE! | J372: =(GenerationkWh!J372*(HHImportTariffInput!J372+GenTariffInput!J372)) -> #VALUE! | ... AX372: =(GenerationkWh!AX372*(HHImportTariffInput!AX372+GenTariffInput!AX372)) -> #VALUE! | AY372: =A372-$AZ$1 -> -0.68306011

Sheet ValueSurplusExportSite
A1: Value to Date | D1: £ sterling | W1: Hours of peak generation opportunity | AS1: Levelised Daily Cost of O&M (LCOM) | AZ1: 0.68306011
AZ2: example data
A3: {=SUM(IFERROR(A7:A1635,0))} -> 1081.1721 | B3: Time | C3: Hours of darkness | I3: Potential Max Summer Daylight Hours | AU3: Hours of darkness | AY3: {=SUM(IFERROR(AY7:AY1635,0))} -> 831.17209
A4: Daily value | Q4: Potential Min Winter Daylight Hours | AY4: Daily value, less OCOM
B5: HH Period | C5: 0.041666667 | E5: 0.083333333 | G5: 0.125 | I5: 0.16666667 | K5: 0.20833333 | M5: 0.25 | O5: 0.29166667 | Q5: 0.33333333 | S5: 0.375 | U5: 0.41666667 | W5: 0.45833333 | Y5: 0.5 | AA5: 0.54166667 | AC5: 0.58333333 | AE5: 0.625 | AG5: 0.66666667 | AI5: 0.70833333 | AK5: 0.75 | AM5: 0.79166667 | AO5: 0.83333333 | AQ5: 0.875 | AS5: 0.91666667 | AU5: 0.95833333 | AW5: 1
C6: 1 | D6: 2 | E6: 3 | F6: 4 | G6: 5 | H6: 6 | I6: 7 | J6: 8 | K6: 9 | L6: 10 | M6: 11 | N6: 12 | O6: 13 | P6: 14 | Q6: 15 | R6: 16 | S6: 17 | T6: 18 | U6: 19 | V6: 20 | W6: 21 | X6: 22 | Y6: 23 | Z6: 24 | AA6: 25 | AB6: 26 | AC6: 27 | AD6: 28 | AE6: 29 | AF6: 30 | AG6: 31 | AH6: 32 | AI6: 33 | AJ6: 34 | AK6: 35 | AL6: 36 | AM6: 37 | AN6: 38 | AO6: 39 | AP6: 40 | AQ6: 41 | AR6: 42 | AS6: 43 | AT6: 44 | AU6: 45 | AV6: 46 | AW6: 47 | AX6: 48
A7: {=SUM(IFERROR(C7:AX7,0))} -> 6.7657822 | B7: =HHGenerationDataInput!B7 -> 45292 | C7: =(((GenerationkWh!C7-HHExportDataInput!C7)*(HHImportTariffInput!C7))+(HHExportDataInput!C7*ExpTariffInput!C7)) -> 0 | D7: =(((GenerationkWh!D7-HHExportDataInput!D7)*(HHImportTariffInput!D7))+(HHExportDataInput!D7*ExpTariffInput!D7)) -> 0 | E7: =(((GenerationkWh!E7-HHExportDataInput!E7)*(HHImportTariffInput!E7))+(HHExportDataInput!E7*ExpTariffInput!E7)) -> 0 | F7: =(((GenerationkWh!F7-HHExportDataInput!F7)*(HHImportTariffInput!F7))+(HHExportDataInput!F7*ExpTariffInput!F7)) -> 0 | G7: =(((GenerationkWh!G7-HHExportDataInput!G7)*(HHImportTariffInput!G7))+(HHExportDataInput!G7*ExpTariffInput!G7)) -> 0 | H7: =(((GenerationkWh!H7-HHExportDataInput!H7)*(HHImportTariffInput!H7))+(HHExportDataInput!H7*ExpTariffInput!H7)) -> 0 | I7: =(((GenerationkWh!I7-HHExportDataInput!I7)*(HHImportTariffInput!I7))+(HHExportDataInput!I7*ExpTariffInput!I7)) -> 0 | J7: =(((GenerationkWh!J7-HHExportDataInput!J7)*(HHImportTariffInput!J7))+(HHExportDataInput!J7*ExpTariffInput!J7)) -> 0 | ... AX7: =(((GenerationkWh!AX7-HHExportDataInput!AX7)*(HHImportTariffInput!AX7))+(HHExportDataInput!AX7*ExpTariffInput!AX7)) -> 0 | AY7: =A7-$AZ$1 -> 6.0827221
A8: {=SUM(IFERROR(C8:AX8,0))} -> 7.5777854 | B8: =HHGenerationDataInput!B8 -> 45293 | C8: =(((GenerationkWh!C8-HHExportDataInput!C8)*(HHImportTariffInput!C8))+(HHExportDataInput!C8*ExpTariffInput!C8)) -> 0 | D8: =(((GenerationkWh!D8-HHExportDataInput!D8)*(HHImportTariffInput!D8))+(HHExportDataInput!D8*ExpTariffInput!D8)) -> 0 | E8: =(((GenerationkWh!E8-HHExportDataInput!E8)*(HHImportTariffInput!E8))+(HHExportDataInput!E8*ExpTariffInput!E8)) -> 0 | F8: =(((GenerationkWh!F8-HHExportDataInput!F8)*(HHImportTariffInput!F8))+(HHExportDataInput!F8*ExpTariffInput!F8)) -> 0 | G8: =(((GenerationkWh!G8-HHExportDataInput!G8)*(HHImportTariffInput!G8))+(HHExportDataInput!G8*ExpTariffInput!G8)) -> 0 | H8: =(((GenerationkWh!H8-HHExportDataInput!H8)*(HHImportTariffInput!H8))+(HHExportDataInput!H8*ExpTariffInput!H8)) -> 0 | I8: =(((GenerationkWh!I8-HHExportDataInput!I8)*(HHImportTariffInput!I8))+(HHExportDataInput!I8*ExpTariffInput!I8)) -> 0 | J8: =(((GenerationkWh!J8-HHExportDataInput!J8)*(HHImportTariffInput!J8))+(HHExportDataInput!J8*ExpTariffInput!J8)) -> 0 | ... AX8: =(((GenerationkWh!AX8-HHExportDataInput!AX8)*(HHImportTariffInput!AX8))+(HHExportDataInput!AX8*ExpTariffInput!AX8)) -> 0 | AY8: =A8-$AZ$1 -> 6.8947253
A9: {=SUM(IFERROR(C9:AX9,0))} -> 13.52727 | B9: =HHGenerationDataInput!B9 -> 45294 | C9: =(((GenerationkWh!C9-HHExportDataInput!C9)*(HHImportTariffInput!C9))+(HHExportDataInput!C9*ExpTariffInput!C9)) -> 0 | D9: =(((GenerationkWh!D9-HHExportDataInput!D9)*(HHImportTariffInput!D9))+(HHExportDataInput!D9*ExpTariffInput!D9)) -> 0 | E9: =(((GenerationkWh!E9-HHExportDataInput!E9)*(HHImportTariffInput!E9))+(HHExportDataInput!E9*ExpTariffInput!E9)) -> 0 | F9: =(((GenerationkWh!F9-HHExportDataInput!F9)*(HHImportTariffInput!F9))+(HHExportDataInput!F9*ExpTariffInput!F9)) -> 0 | G9: =(((GenerationkWh!G9-HHExportDataInput!G9)*(HHImportTariffInput!G9))+(HHExportDataInput!G9*ExpTariffInput!G9)) -> 0 | H9: =(((GenerationkWh!H9-HHExportDataInput!H9)*(HHImportTariffInput!H9))+(HHExportDataInput!H9*ExpTariffInput!H9)) -> 0 | I9: =(((GenerationkWh!I9-HHExportDataInput!I9)*(HHImportTariffInput!I9))+(HHExportDataInput!I9*ExpTariffInput!I9)) -> 0 | J9: =(((GenerationkWh!J9-HHExportDataInput!J9)*(HHImportTariffInput!J9))+(HHExportDataInput!J9*ExpTariffInput!J9)) -> 0 | ... AX9: =(((GenerationkWh!AX9-HHExportDataInput!AX9)*(HHImportTariffInput!AX9))+(HHExportDataInput!AX9*ExpTariffInput!AX9)) -> 0 | AY9: =A9-$AZ$1 -> 12.84421
A10: {=SUM(IFERROR(C10:AX10,0))} -> 6.2323361 | B10: =HHGenerationDataInput!B10 -> 45295 | C10: =(((GenerationkWh!C10-HHExportDataInput!C10)*(HHImportTariffInput!C10))+(HHExportDataInput!C10*ExpTariffInput!C10)) -> 0 | D10: =(((GenerationkWh!D10-HHExportDataInput!D10)*(HHImportTariffInput!D10))+(HHExportDataInput!D10*ExpTariffInput!D10)) -> 0 | E10: =(((GenerationkWh!E10-HHExportDataInput!E10)*(HHImportTariffInput!E10))+(HHExportDataInput!E10*ExpTariffInput!E10)) -> 0 | F10: =(((GenerationkWh!F10-HHExportDataInput!F10)*(HHImportTariffInput!F10))+(HHExportDataInput!F10*ExpTariffInput!F10)) -> 0 | G10: =(((GenerationkWh!G10-HHExportDataInput!G10)*(HHImportTariffInput!G10))+(HHExportDataInput!G10*ExpTariffInput!G10)) -> 0 | H10: =(((GenerationkWh!H10-HHExportDataInput!H10)*(HHImportTariffInput!H10))+(HHExportDataInput!H10*ExpTariffInput!H10)) -> 0 | I10: =(((GenerationkWh!I10-HHExportDataInput!I10)*(HHImportTariffInput!I10))+(HHExportDataInput!I10*ExpTariffInput!I10)) -> 0 | J10: =(((GenerationkWh!J10-HHExportDataInput!J10)*(HHImportTariffInput!J10))+(HHExportDataInput!J10*ExpTariffInput!J10)) -> 0 | ... AX10: =(((GenerationkWh!AX10-HHExportDataInput!AX10)*(HHImportTariffInput!AX10))+(HHExportDataInput!AX10*ExpTariffInput!AX10)) -> 0 | AY10: =A10-$AZ$1 -> 5.549276
A11: {=SUM(IFERROR(C11:AX11,0))} -> 15.705252 | B11: =HHGenerationDataInput!B11 -> 45296 | C11: =(((GenerationkWh!C11-HHExportDataInput!C11)*(HHImportTariffInput!C11))+(HHExportDataInput!C11*ExpTariffInput!C11)) -> 0 | D11: =(((GenerationkWh!D11-HHExportDataInput!D11)*(HHImportTariffInput!D11))+(HHExportDataInput!D11*ExpTariffInput!D11)) -> 0 | E11: =(((GenerationkWh!E11-HHExportDataInput!E11)*(HHImportTariffInput!E11))+(HHExportDataInput!E11*ExpTariffInput!E11)) -> 0 | F11: =(((GenerationkWh!F11-HHExportDataInput!F11)*(HHImportTariffInput!F11))+(HHExportDataInput!F11*ExpTariffInput!F11)) -> 0 | G11: =(((GenerationkWh!G11-HHExportDataInput!G11)*(HHImportTariffInput!G11))+(HHExportDataInput!G11*ExpTariffInput!G11)) -> 0 | H11: =(((GenerationkWh!H11-HHExportDataInput!H11)*(HHImportTariffInput!H11))+(HHExportDataInput!H11*ExpTariffInput!H11)) -> 0 | I11: =(((GenerationkWh!I11-HHExportDataInput!I11)*(HHImportTariffInput!I11))+(HHExportDataInput!I11*ExpTariffInput!I11)) -> 0 | J11: =(((GenerationkWh!J11-HHExportDataInput!J11)*(HHImportTariffInput!J11))+(HHExportDataInput!J11*ExpTariffInput!J11)) -> 0 | ... AX11: =(((GenerationkWh!AX11-HHExportDataInput!AX11)*(HHImportTariffInput!AX11))+(HHExportDataInput!AX11*ExpTariffInput!AX11)) -> 0 | AY11: =A11-$AZ$1 -> 15.022191
A12: {=SUM(IFERROR(C12:AX12,0))} -> 18.776814 | B12: =HHGenerationDataInput!B12 -> 45297 | C12: =(((GenerationkWh!C12-HHExportDataInput!C12)*(HHImportTariffInput!C12))+(HHExportDataInput!C12*ExpTariffInput!C12)) -> 0 | D12: =(((GenerationkWh!D12-HHExportDataInput!D12)*(HHImportTariffInput!D12))+(HHExportDataInput!D12*ExpTariffInput!D12)) -> 0 | E12: =(((GenerationkWh!E12-HHExportDataInput!E12)*(HHImportTariffInput!E12))+(HHExportDataInput!E12*ExpTariffInput!E12)) -> 0 | F12: =(((GenerationkWh!F12-HHExportDataInput!F12)*(HHImportTariffInput!F12))+(HHExportDataInput!F12*ExpTariffInput!F12)) -> 0 | G12: =(((GenerationkWh!G12-HHExportDataInput!G12)*(HHImportTariffInput!G12))+(HHExportDataInput!G12*ExpTariffInput!G12)) -> 0 | H12: =(((GenerationkWh!H12-HHExportDataInput!H12)*(HHImportTariffInput!H12))+(HHExportDataInput!H12*ExpTariffInput!H12)) -> 0 | I12: =(((GenerationkWh!I12-HHExportDataInput!I12)*(HHImportTariffInput!I12))+(HHExportDataInput!I12*ExpTariffInput!I12)) -> 0 | J12: =(((GenerationkWh!J12-HHExportDataInput!J12)*(HHImportTariffInput!J12))+(HHExportDataInput!J12*ExpTariffInput!J12)) -> 0 | ... AX12: =(((GenerationkWh!AX12-HHExportDataInput!AX12)*(HHImportTariffInput!AX12))+(HHExportDataInput!AX12*ExpTariffInput!AX12)) -> 0 | AY12: =A12-$AZ$1 -> 18.093754
A13: {=SUM(IFERROR(C13:AX13,0))} -> 12.487586 | B13: =HHGenerationDataInput!B13 -> 45298 | C13: =(((GenerationkWh!C13-HHExportDataInput!C13)*(HHImportTariffInput!C13))+(HHExportDataInput!C13*ExpTariffInput!C13)) -> 0 | D13: =(((GenerationkWh!D13-HHExportDataInput!D13)*(HHImportTariffInput!D13))+(HHExportDataInput!D13*ExpTariffInput!D13)) -> 0 | E13: =(((GenerationkWh!E13-HHExportDataInput!E13)*(HHImportTariffInput!E13))+(HHExportDataInput!E13*ExpTariffInput!E13)) -> 0 | F13: =(((GenerationkWh!F13-HHExportDataInput!F13)*(HHImportTariffInput!F13))+(HHExportDataInput!F13*ExpTariffInput!F13)) -> 0 | G13: =(((GenerationkWh!G13-HHExportDataInput!G13)*(HHImportTariffInput!G13))+(HHExportDataInput!G13*ExpTariffInput!G13)) -> 0 | H13: =(((GenerationkWh!H13-HHExportDataInput!H13)*(HHImportTariffInput!H13))+(HHExportDataInput!H13*ExpTariffInput!H13)) -> 0 | I13: =(((GenerationkWh!I13-HHExportDataInput!I13)*(HHImportTariffInput!I13))+(HHExportDataInput!I13*ExpTariffInput!I13)) -> 0 | J13: =(((GenerationkWh!J13-HHExportDataInput!J13)*(HHImportTariffInput!J13))+(HHExportDataInput!J13*ExpTariffInput!J13)) -> 0 | ... AX13: =(((GenerationkWh!AX13-HHExportDataInput!AX13)*(HHImportTariffInput!AX13))+(HHExportDataInput!AX13*ExpTariffInput!AX13)) -> 0 | AY13: =A13-$AZ$1 -> 11.804526
A14: {=SUM(IFERROR(C14:AX14,0))} -> 11.47166 | B14: =HHGenerationDataInput!B14 -> 45299 | C14: =(((GenerationkWh!C14-HHExportDataInput!C14)*(HHImportTariffInput!C14))+(HHExportDataInput!C14*ExpTariffInput!C14)) -> 0 | D14: =(((GenerationkWh!D14-HHExportDataInput!D14)*(HHImportTariffInput!D14))+(HHExportDataInput!D14*ExpTariffInput!D14)) -> 0 | E14: =(((GenerationkWh!E14-HHExportDataInput!E14)*(HHImportTariffInput!E14))+(HHExportDataInput!E14*ExpTariffInput!E14)) -> 0 | F14: =(((GenerationkWh!F14-HHExportDataInput!F14)*(HHImportTariffInput!F14))+(HHExportDataInput!F14*ExpTariffInput!F14)) -> 0 | G14: =(((GenerationkWh!G14-HHExportDataInput!G14)*(HHImportTariffInput!G14))+(HHExportDataInput!G14*ExpTariffInput!G14)) -> 0 | H14: =(((GenerationkWh!H14-HHExportDataInput!H14)*(HHImportTariffInput!H14))+(HHExportDataInput!H14*ExpTariffInput!H14)) -> 0 | I14: =(((GenerationkWh!I14-HHExportDataInput!I14)*(HHImportTariffInput!I14))+(HHExportDataInput!I14*ExpTariffInput!I14)) -> 0 | J14: =(((GenerationkWh!J14-HHExportDataInput!J14)*(HHImportTariffInput!J14))+(HHExportDataInput!J14*ExpTariffInput!J14)) -> 0 | ... AX14: =(((GenerationkWh!AX14-HHExportDataInput!AX14)*(HHImportTariffInput!AX14))+(HHExportDataInput!AX14*ExpTariffInput!AX14)) -> 0 | AY14: =A14-$AZ$1 -> 10.7886
A15: {=SUM(IFERROR(C15:AX15,0))} -> 18.348698 | B15: =HHGenerationDataInput!B15 -> 45300 | C15: =(((GenerationkWh!C15-HHExportDataInput!C15)*(HHImportTariffInput!C15))+(HHExportDataInput!C15*ExpTariffInput!C15)) -> 0 | D15: =(((GenerationkWh!D15-HHExportDataInput!D15)*(HHImportTariffInput!D15))+(HHExportDataInput!D15*ExpTariffInput!D15)) -> 0 | E15: =(((GenerationkWh!E15-HHExportDataInput!E15)*(HHImportTariffInput!E15))+(HHExportDataInput!E15*ExpTariffInput!E15)) -> 0 | F15: =(((GenerationkWh!F15-HHExportDataInput!F15)*(HHImportTariffInput!F15))+(HHExportDataInput!F15*ExpTariffInput!F15)) -> 0 | G15: =(((GenerationkWh!G15-HHExportDataInput!G15)*(HHImportTariffInput!G15))+(HHExportDataInput!G15*ExpTariffInput!G15)) -> 0 | H15: =(((GenerationkWh!H15-HHExportDataInput!H15)*(HHImportTariffInput!H15))+(HHExportDataInput!H15*ExpTariffInput!H15)) -> 0 | I15: =(((GenerationkWh!I15-HHExportDataInput!I15)*(HHImportTariffInput!I15))+(HHExportDataInput!I15*ExpTariffInput!I15)) -> 0 | J15: =(((GenerationkWh!J15-HHExportDataInput!J15)*(HHImportTariffInput!J15))+(HHExportDataInput!J15*ExpTariffInput!J15)) -> 0 | ... AX15: =(((GenerationkWh!AX15-HHExportDataInput!AX15)*(HHImportTariffInput!AX15))+(HHExportDataInput!AX15*ExpTariffInput!AX15)) -> 0 | AY15: =A15-$AZ$1 -> 17.665638
A16: {=SUM(IFERROR(C16:AX16,0))} -> 21.569761 | B16: =HHGenerationDataInput!B16 -> 45301 | C16: =(((GenerationkWh!C16-HHExportDataInput!C16)*(HHImportTariffInput!C16))+(HHExportDataInput!C16*ExpTariffInput!C16)) -> 0 | D16: =(((GenerationkWh!D16-HHExportDataInput!D16)*(HHImportTariffInput!D16))+(HHExportDataInput!D16*ExpTariffInput!D16)) -> 0 | E16: =(((GenerationkWh!E16-HHExportDataInput!E16)*(HHImportTariffInput!E16))+(HHExportDataInput!E16*ExpTariffInput!E16)) -> 0 | F16: =(((GenerationkWh!F16-HHExportDataInput!F16)*(HHImportTariffInput!F16))+(HHExportDataInput!F16*ExpTariffInput!F16)) -> 0 | G16: =(((GenerationkWh!G16-HHExportDataInput!G16)*(HHImportTariffInput!G16))+(HHExportDataInput!G16*ExpTariffInput!G16)) -> 0 | H16: =(((GenerationkWh!H16-HHExportDataInput!H16)*(HHImportTariffInput!H16))+(HHExportDataInput!H16*ExpTariffInput!H16)) -> 0 | I16: =(((GenerationkWh!I16-HHExportDataInput!I16)*(HHImportTariffInput!I16))+(HHExportDataInput!I16*ExpTariffInput!I16)) -> 0 | J16: =(((GenerationkWh!J16-HHExportDataInput!J16)*(HHImportTariffInput!J16))+(HHExportDataInput!J16*ExpTariffInput!J16)) -> 0 | ... AX16: =(((GenerationkWh!AX16-HHExportDataInput!AX16)*(HHImportTariffInput!AX16))+(HHExportDataInput!AX16*ExpTariffInput!AX16)) -> 0 | AY16: =A16-$AZ$1 -> 20.886701
A17: {=SUM(IFERROR(C17:AX17,0))} -> 19.949036 | B17: =HHGenerationDataInput!B17 -> 45302 | C17: =(((GenerationkWh!C17-HHExportDataInput!C17)*(HHImportTariffInput!C17))+(HHExportDataInput!C17*ExpTariffInput!C17)) -> 0 | D17: =(((GenerationkWh!D17-HHExportDataInput!D17)*(HHImportTariffInput!D17))+(HHExportDataInput!D17*ExpTariffInput!D17)) -> 0 | E17: =(((GenerationkWh!E17-HHExportDataInput!E17)*(HHImportTariffInput!E17))+(HHExportDataInput!E17*ExpTariffInput!E17)) -> 0 | F17: =(((GenerationkWh!F17-HHExportDataInput!F17)*(HHImportTariffInput!F17))+(HHExportDataInput!F17*ExpTariffInput!F17)) -> 0 | G17: =(((GenerationkWh!G17-HHExportDataInput!G17)*(HHImportTariffInput!G17))+(HHExportDataInput!G17*ExpTariffInput!G17)) -> 0 | H17: =(((GenerationkWh!H17-HHExportDataInput!H17)*(HHImportTariffInput!H17))+(HHExportDataInput!H17*ExpTariffInput!H17)) -> 0 | I17: =(((GenerationkWh!I17-HHExportDataInput!I17)*(HHImportTariffInput!I17))+(HHExportDataInput!I17*ExpTariffInput!I17)) -> 0 | J17: =(((GenerationkWh!J17-HHExportDataInput!J17)*(HHImportTariffInput!J17))+(HHExportDataInput!J17*ExpTariffInput!J17)) -> 0 | ... AX17: =(((GenerationkWh!AX17-HHExportDataInput!AX17)*(HHImportTariffInput!AX17))+(HHExportDataInput!AX17*ExpTariffInput!AX17)) -> 0 | AY17: =A17-$AZ$1 -> 19.265976
A18: {=SUM(IFERROR(C18:AX18,0))} -> 21.607136 | B18: =HHGenerationDataInput!B18 -> 45303 | C18: =(((GenerationkWh!C18-HHExportDataInput!C18)*(HHImportTariffInput!C18))+(HHExportDataInput!C18*ExpTariffInput!C18)) -> 0 | D18: =(((GenerationkWh!D18-HHExportDataInput!D18)*(HHImportTariffInput!D18))+(HHExportDataInput!D18*ExpTariffInput!D18)) -> 0 | E18: =(((GenerationkWh!E18-HHExportDataInput!E18)*(HHImportTariffInput!E18))+(HHExportDataInput!E18*ExpTariffInput!E18)) -> 0 | F18: =(((GenerationkWh!F18-HHExportDataInput!F18)*(HHImportTariffInput!F18))+(HHExportDataInput!F18*ExpTariffInput!F18)) -> 0 | G18: =(((GenerationkWh!G18-HHExportDataInput!G18)*(HHImportTariffInput!G18))+(HHExportDataInput!G18*ExpTariffInput!G18)) -> 0 | H18: =(((GenerationkWh!H18-HHExportDataInput!H18)*(HHImportTariffInput!H18))+(HHExportDataInput!H18*ExpTariffInput!H18)) -> 0 | I18: =(((GenerationkWh!I18-HHExportDataInput!I18)*(HHImportTariffInput!I18))+(HHExportDataInput!I18*ExpTariffInput!I18)) -> 0 | J18: =(((GenerationkWh!J18-HHExportDataInput!J18)*(HHImportTariffInput!J18))+(HHExportDataInput!J18*ExpTariffInput!J18)) -> 0 | ... AX18: =(((GenerationkWh!AX18-HHExportDataInput!AX18)*(HHImportTariffInput!AX18))+(HHExportDataInput!AX18*ExpTariffInput!AX18)) -> 0 | AY18: =A18-$AZ$1 -> 20.924076
... A372: {=SUM(IFERROR(C372:AX372,0))} -> 0 | B372: =HHGenerationDataInput!B372 -> 45657 | C372: =(((GenerationkWh!C372-HHExportDataInput!C372)*(HHImportTariffInput!C372))+(HHExportDataInput!C372*ExpTariffInput!C372)) -> #VALUE! | D372: =(((GenerationkWh!D372-HHExportDataInput!D372)*(HHImportTariffInput!D372))+(HHExportDataInput!D372*ExpTariffInput!D372)) -> #VALUE! | E372: =(((GenerationkWh!E372-HHExportDataInput!E372)*(HHImportTariffInput!E372))+(HHExportDataInput!E372*ExpTariffInput!E372)) -> #VALUE! | F372: =(((GenerationkWh!F372-HHExportDataInput!F372)*(HHImportTariffInput!F372))+(HHExportDataInput!F372*ExpTariffInput!F372)) -> #VALUE! | G372: =(((GenerationkWh!G372-HHExportDataInput!G372)*(HHImportTariffInput!G372))+(HHExportDataInput!G372*ExpTariffInput!G372)) -> #VALUE! | H372: =(((GenerationkWh!H372-HHExportDataInput!H372)*(HHImportTariffInput!H372))+(HHExportDataInput!H372*ExpTariffInput!H372)) -> #VALUE! | I372: =(((GenerationkWh!I372-HHExportDataInput!I372)*(HHImportTariffInput!I372))+(HHExportDataInput!I372*ExpTariffInput!I372)) -> #VALUE! | J372: =(((GenerationkWh!J372-HHExportDataInput!J372)*(HHImportTariffInput!J372))+(HHExportDataInput!J372*ExpTariffInput!J372)) -> #VALUE! | ... AX372: =(((GenerationkWh!AX372-HHExportDataInput!AX372)*(HHImportTariffInput!AX372))+(HHExportDataInput!AX372*ExpTariffInput!AX372)) -> #VALUE! | AY372: =A372-$AZ$1 -> -0.68306011

Sheet ValueExportOnlySite
A1: Value to Date | D1: £ sterling | W1: Hours of peak generation opportunity | AQ1: Levelised Daily Cost of O&M (LCOM) | AZ1: 0.68306011 | BA1: example data
A3: {=SUM(IFERROR(A7:A1635,0))} -> 159.094 | B3: Time | C3: Hours of darkness | I3: Potential Max Summer Daylight Hours | AU3: Hours of darkness | AY3: {=SUM(IFERROR(AY7:AY1635,0))} -> -90.906
A4: Daily value | Q4: Potential Min Winter Daylight Hours | AY4: Daily value, less OCOM
B5: HH Period | C5: 0.041666667 | E5: 0.083333333 | G5: 0.125 | I5: 0.16666667 | K5: 0.20833333 | M5: 0.25 | O5: 0.29166667 | Q5: 0.33333333 | S5: 0.375 | U5: 0.41666667 | W5: 0.45833333 | Y5: 0.5 | AA5: 0.54166667 | AC5: 0.58333333 | AE5: 0.625 | AG5: 0.66666667 | AI5: 0.70833333 | AK5: 0.75 | AM5: 0.79166667 | AO5: 0.83333333 | AQ5: 0.875 | AS5: 0.91666667 | AU5: 0.95833333 | AW5: 1
C6: 1 | D6: 2 | E6: 3 | F6: 4 | G6: 5 | H6: 6 | I6: 7 | J6: 8 | K6: 9 | L6: 10 | M6: 11 | N6: 12 | O6: 13 | P6: 14 | Q6: 15 | R6: 16 | S6: 17 | T6: 18 | U6: 19 | V6: 20 | W6: 21 | X6: 22 | Y6: 23 | Z6: 24 | AA6: 25 | AB6: 26 | AC6: 27 | AD6: 28 | AE6: 29 | AF6: 30 | AG6: 31 | AH6: 32 | AI6: 33 | AJ6: 34 | AK6: 35 | AL6: 36 | AM6: 37 | AN6: 38 | AO6: 39 | AP6: 40 | AQ6: 41 | AR6: 42 | AS6: 43 | AT6: 44 | AU6: 45 | AV6: 46 | AW6: 47 | AX6: 48
A7: {=SUM(IFERROR(C7:AX7,0))} -> 0.9955 | B7: =HHGenerationDataInput!B7 -> 45292 | C7: =GenerationkWh!C7*ExpTariffInput!C7 -> 0 | D7: =GenerationkWh!D7*ExpTariffInput!D7 -> 0 | E7: =GenerationkWh!E7*ExpTariffInput!E7 -> 0 | F7: =GenerationkWh!F7*ExpTariffInput!F7 -> 0 | G7: =GenerationkWh!G7*ExpTariffInput!G7 -> 0 | H7: =GenerationkWh!H7*ExpTariffInput!H7 -> 0 | I7: =GenerationkWh!I7*ExpTariffInput!I7 -> 0 | J7: =GenerationkWh!J7*ExpTariffInput!J7 -> 0 | ... AX7: =GenerationkWh!AX7*ExpTariffInput!AX7 -> 0 | AY7: =A7-$AZ$1 -> 0.31243989
A8: {=SUM(IFERROR(C8:AX8,0))} -> 1.115 | B8: =HHGenerationDataInput!B8 -> 45293 | C8: =GenerationkWh!C8*ExpTariffInput!C8 -> 0 | D8: =GenerationkWh!D8*ExpTariffInput!D8 -> 0 | E8: =GenerationkWh!E8*ExpTariffInput!E8 -> 0 | F8: =GenerationkWh!F8*ExpTariffInput!F8 -> 0 | G8: =GenerationkWh!G8*ExpTariffInput!G8 -> 0 | H8: =GenerationkWh!H8*ExpTariffInput!H8 -> 0 | I8: =GenerationkWh!I8*ExpTariffInput!I8 -> 0 | J8: =GenerationkWh!J8*ExpTariffInput!J8 -> 0 | ... AX8: =GenerationkWh!AX8*ExpTariffInput!AX8 -> 0 | AY8: =A8-$AZ$1 -> 0.43193989
A9: {=SUM(IFERROR(C9:AX9,0))} -> 1.9905 | B9: =HHGenerationDataInput!B9 -> 45294 | C9: =GenerationkWh!C9*ExpTariffInput!C9 -> 0 | D9: =GenerationkWh!D9*ExpTariffInput!D9 -> 0 | E9: =GenerationkWh!E9*ExpTariffInput!E9 -> 0 | F9: =GenerationkWh!F9*ExpTariffInput!F9 -> 0 | G9: =GenerationkWh!G9*ExpTariffInput!G9 -> 0 | H9: =GenerationkWh!H9*ExpTariffInput!H9 -> 0 | I9: =GenerationkWh!I9*ExpTariffInput!I9 -> 0 | J9: =GenerationkWh!J9*ExpTariffInput!J9 -> 0 | ... AX9: =GenerationkWh!AX9*ExpTariffInput!AX9 -> 0 | AY9: =A9-$AZ$1 -> 1.3074399
A10: {=SUM(IFERROR(C10:AX10,0))} -> 0.917 | B10: =HHGenerationDataInput!B10 -> 45295 | C10: =GenerationkWh!C10*ExpTariffInput!C10 -> 0 | D10: =GenerationkWh!D10*ExpTariffInput!D10 -> 0 | E10: =GenerationkWh!E10*ExpTariffInput!E10 -> 0 | F10: =GenerationkWh!F10*ExpTariffInput!F10 -> 0 | G10: =GenerationkWh!G10*ExpTariffInput!G10 -> 0 | H10: =GenerationkWh!H10*ExpTariffInput!H10 -> 0 | I10: =GenerationkWh!I10*ExpTariffInput!I10 -> 0 | J10: =GenerationkWh!J10*ExpTariffInput!J10 -> 0 | ... AX10: =GenerationkWh!AX10*ExpTariffInput!AX10 -> 0 | AY10: =A10-$AZ$1 -> 0.23393989
A11: {=SUM(IFERROR(C11:AX11,0))} -> 2.311 | B11: =HHGenerationDataInput!B11 -> 45296 | C11: =GenerationkWh!C11*ExpTariffInput!C11 -> 0 | D11: =GenerationkWh!D11*ExpTariffInput!D11 -> 0 | E11: =GenerationkWh!E11*ExpTariffInput!E11 -> 0 | F11: =GenerationkWh!F11*ExpTariffInput!F11 -> 0 | G11: =GenerationkWh!G11*ExpTariffInput!G11 -> 0 | H11: =GenerationkWh!H11*ExpTariffInput!H11 -> 0 | I11: =GenerationkWh!I11*ExpTariffInput!I11 -> 0 | J11: =GenerationkWh!J11*ExpTariffInput!J11 -> 0 | ... AX11: =GenerationkWh!AX11*ExpTariffInput!AX11 -> 0 | AY11: =A11-$AZ$1 -> 1.6279399
A12: {=SUM(IFERROR(C12:AX12,0))} -> 2.763 | B12: =HHGenerationDataInput!B12 -> 45297 | C12: =GenerationkWh!C12*ExpTariffInput!C12 -> 0 | D12: =GenerationkWh!D12*ExpTariffInput!D12 -> 0 | E12: =GenerationkWh!E12*ExpTariffInput!E12 -> 0 | F12: =GenerationkWh!F12*ExpTariffInput!F12 -> 0 | G12: =GenerationkWh!G12*ExpTariffInput!G12 -> 0 | H12: =GenerationkWh!H12*ExpTariffInput!H12 -> 0 | I12: =GenerationkWh!I12*ExpTariffInput!I12 -> 0 | J12: =GenerationkWh!J12*ExpTariffInput!J12 -> 0 | ... AX12: =GenerationkWh!AX12*ExpTariffInput!AX12 -> 0 | AY12: =A12-$AZ$1 -> 2.0799399
A13: {=SUM(IFERROR(C13:AX13,0))} -> 1.8375 | B13: =HHGenerationDataInput!B13 -> 45298 | C13: =GenerationkWh!C13*ExpTariffInput!C13 -> 0 | D13: =GenerationkWh!D13*ExpTariffInput!D13 -> 0 | E13: =GenerationkWh!E13*ExpTariffInput!E13 -> 0 | F13: =GenerationkWh!F13*ExpTariffInput!F13 -> 0 | G13: =GenerationkWh!G13*ExpTariffInput!G13 -> 0 | H13: =GenerationkWh!H13*ExpTariffInput!H13 -> 0 | I13: =GenerationkWh!I13*ExpTariffInput!I13 -> 0 | J13: =GenerationkWh!J13*ExpTariffInput!J13 -> 0 | ... AX13: =GenerationkWh!AX13*ExpTariffInput!AX13 -> 0 | AY13: =A13-$AZ$1 -> 1.1544399
A14: {=SUM(IFERROR(C14:AX14,0))} -> 1.688 | B14: =HHGenerationDataInput!B14 -> 45299 | C14: =GenerationkWh!C14*ExpTariffInput!C14 -> 0 | D14: =GenerationkWh!D14*ExpTariffInput!D14 -> 0 | E14: =GenerationkWh!E14*ExpTariffInput!E14 -> 0 | F14: =GenerationkWh!F14*ExpTariffInput!F14 -> 0 | G14: =GenerationkWh!G14*ExpTariffInput!G14 -> 0 | H14: =GenerationkWh!H14*ExpTariffInput!H14 -> 0 | I14: =GenerationkWh!I14*ExpTariffInput!I14 -> 0 | J14: =GenerationkWh!J14*ExpTariffInput!J14 -> 0 | ... AX14: =GenerationkWh!AX14*ExpTariffInput!AX14 -> 0 | AY14: =A14-$AZ$1 -> 1.0049399
A15: {=SUM(IFERROR(C15:AX15,0))} -> 2.7 | B15: =HHGenerationDataInput!B15 -> 45300 | C15: =GenerationkWh!C15*ExpTariffInput!C15 -> 0 | D15: =GenerationkWh!D15*ExpTariffInput!D15 -> 0 | E15: =GenerationkWh!E15*ExpTariffInput!E15 -> 0 | F15: =GenerationkWh!F15*ExpTariffInput!F15 -> 0 | G15: =GenerationkWh!G15*ExpTariffInput!G15 -> 0 | H15: =GenerationkWh!H15*ExpTariffInput!H15 -> 0 | I15: =GenerationkWh!I15*ExpTariffInput!I15 -> 0 | J15: =GenerationkWh!J15*ExpTariffInput!J15 -> 0 | ... AX15: =GenerationkWh!AX15*ExpTariffInput!AX15 -> 0 | AY15: =A15-$AZ$1 -> 2.0169399
A16: {=SUM(IFERROR(C16:AX16,0))} -> 3.174 | B16: =HHGenerationDataInput!B16 -> 45301 | C16: =GenerationkWh!C16*ExpTariffInput!C16 -> 0 | D16: =GenerationkWh!D16*ExpTariffInput!D16 -> 0 | E16: =GenerationkWh!E16*ExpTariffInput!E16 -> 0 | F16: =GenerationkWh!F16*ExpTariffInput!F16 -> 0 | G16: =GenerationkWh!G16*ExpTariffInput!G16 -> 0 | H16: =GenerationkWh!H16*ExpTariffInput!H16 -> 0 | I16: =GenerationkWh!I16*ExpTariffInput!I16 -> 0 | J16: =GenerationkWh!J16*ExpTariffInput!J16 -> 0 | ... AX16: =GenerationkWh!AX16*ExpTariffInput!AX16 -> 0 | AY16: =A16-$AZ$1 -> 2.4909399
A17: {=SUM(IFERROR(C17:AX17,0))} -> 2.9355 | B17: =HHGenerationDataInput!B17 -> 45302 | C17: =GenerationkWh!C17*ExpTariffInput!C17 -> 0 | D17: =GenerationkWh!D17*ExpTariffInput!D17 -> 0 | E17: =GenerationkWh!E17*ExpTariffInput!E17 -> 0 | F17: =GenerationkWh!F17*ExpTariffInput!F17 -> 0 | G17: =GenerationkWh!G17*ExpTariffInput!G17 -> 0 | H17: =GenerationkWh!H17*ExpTariffInput!H17 -> 0 | I17: =GenerationkWh!I17*ExpTariffInput!I17 -> 0 | J17: =GenerationkWh!J17*ExpTariffInput!J17 -> 0 | ... AX17: =GenerationkWh!AX17*ExpTariffInput!AX17 -> 0 | AY17: =A17-$AZ$1 -> 2.2524399
A18: {=SUM(IFERROR(C18:AX18,0))} -> 3.1795 | B18: =HHGenerationDataInput!B18 -> 45303 | C18: =GenerationkWh!C18*ExpTariffInput!C18 -> 0 | D18: =GenerationkWh!D18*ExpTariffInput!D18 -> 0 | E18: =GenerationkWh!E18*ExpTariffInput!E18 -> 0 | F18: =GenerationkWh!F18*ExpTariffInput!F18 -> 0 | G18: =GenerationkWh!G18*ExpTariffInput!G18 -> 0 | H18: =GenerationkWh!H18*ExpTariffInput!H18 -> 0 | I18: =GenerationkWh!I18*ExpTariffInput!I18 -> 0 | J18: =GenerationkWh!J18*ExpTariffInput!J18 -> 0 | ... AX18: =GenerationkWh!AX18*ExpTariffInput!AX18 -> 0 | AY18: =A18-$AZ$1 -> 2.4964399
... A372: {=SUM(IFERROR(C372:AX372,0))} -> 0 | B372: =HHGenerationDataInput!B372 -> 45657 | C372: =GenerationkWh!C372*ExpTariffInput!C372 -> #VALUE! | D372: =GenerationkWh!D372*ExpTariffInput!D372 -> #VALUE! | E372: =GenerationkWh!E372*ExpTariffInput!E372 -> #VALUE! | F372: =GenerationkWh!F372*ExpTariffInput!F372 -> #VALUE! | G372: =GenerationkWh!G372*ExpTariffInput!G372 -> #VALUE! | H372: =GenerationkWh!H372*ExpTariffInput!H372 -> #VALUE! | I372: =GenerationkWh!I372*ExpTariffInput!I372 -> #VALUE! | J372: =GenerationkWh!J372*ExpTariffInput!J372 -> #VALUE! | ... AX372: =GenerationkWh!AX372*ExpTariffInput!AX372 -> #VALUE! | AY372: =A372-$AZ$1 -> -0.68306011

Sheet KEY for OperationAnalysis
B2: Key | D2: Operational question/s | E2: Remedial Action/s
B3: Not generating | C3: 0 | D3: As expected | E3: None
D4: 1. Power outage 2. Maintenance outage? 3. No demand for electricity from the building circuit? 4. Distribution system operator has switched off the generator? 5. Data collector error? 6. Meter fault? 7. Data collector has not loaded the data onto the web portal/monitoring platform? 8. Telecoms fault? 9. If continuous; telecoms/SIM disconnected due to an unpaid invoice? | E4: 1. Investigate the cause of the power outage and ensure it is not repeated. 2. Confirm the hours of maintenance and if it was necessary to switch off the generator. 3. Confirm whether there was zero demand or if this is a system fault. 4. If the Distribution system operator has the facility to stop generation, liaise with them to question why the generator was switched off. 5. Contact your appointed Data Collector. 6. Contact your electricity Supplier or Meter Operator. 7. Wait several hours before contacting your Data Collector to give them the opportunity to load the data. 8. Contact the telecoms service provider. 9. Contact your service providers/s to confirm payments are up to date and arrange reconnection.
D5: Is this appropriate for the time of day? Is it dark? 1. Is it cloudy? 2. Is there enough demand? 3. Is there a fault on the system e.g. inverter? 4. Are the panels dirty or obscured? | E5: 1. Confirm weather conditions. 2. Confirm there is an operational drop in demand. 3. Check the monitoring system or inverter display panels for fault flags and call your Operation and Maintenance contractor as necessary. 4. Arrange panel cleaning.
B6: Generation output is greater than 0 but less than 1 kW | C6: 0 | D6: Is this appropriate for the time of day? 1. Is it cloudy? 2. Is there enough demand? 3. Is there a fault on the system e.g. inverter? 4. Are the panels dirty or obscured? | E6: 1. Confirm weather conditions. 2. Confirm there is an operational drop in demand. 3. Check the monitoring system or inverter display panels for fault flags and call your Operation and Maintenance contractor as necessary. 4. Arrange panel cleaning.
B7: If the generation is reported during hours of darkness outside daylight hours | D7: This indicates more than zero but less than 1kWh has been generated in this HH period before sunrise or after sunset. Bear in mind light is still present for an hour or so either side. 1. Is the timestamp of your generation data at the end of the half-hourly interval? 2. Has there been a seasonal clock change which may have impacted your data intervals? 3. Is the monitoring platform set to the correct timezone? 4. Is your daylight hours data source accurate? | E7: 1. The half-hourly data grids in this analysis tool are set to a standard UTC format which does not alter. You may have to align your input data accordingly. 2. See above. 3. Contact your Monitoring Service provider or installer ask them to confirm the timezone at comissioning. 4. Use a different data source.
B8: Generation output level colour scale | C8: 37 | D8: Is the level of kW output appropriate for the time of day and time of year? | E8: When you know the output your rooftop solar array is expected to achieve and what it has achieved historically, you are in a good position to compare one day's output with another. If you suspect the system is not performing as it should, ask your monitoring service provider or operation and maintenance provider for more information.
B9: NOT achieving 95% of previous recorded highest kiloWatt output during optimal daylight hours. | C9: 60 | D9: 1. Is it April - August? 2. Is it cloudy? 3. Is there enough demand? 4. Is there a fault on the system e.g. inverter? 5. Are the panels dirty or obscured? | E9: 1. Unlikely to reach peak output outside of April-August. No action. 2. Confirm weather conditions. 3. Confirm there is an operational drop in demand. 4. Check the monitoring system or inverter display panels for fault flags and call your Operation and Maintenance contractor as necessary. 5. Arrange panel cleaning.
B10: Generating at installed rated capacity at peak sunshine | C10: 75 | D10: Evidence the array is capable of generating at the rated installed kW output of the solar panels in optimum conditions. (e.g. full sunshine etc and when demand is higher than generation). | E10: Expect similar performance in similar conditions. It may be worth reviewing the system design and inverter setup if the total annual generation is often lower than forecast. Curtailed Installations: If the solar installation has never achieved the rated installed kiloWatt capacity of the solar panels, confirm with the supplier (or operations and maintenance provider) the maximum kiloWatt output acheivable fir the system. Often systems are configured to generate below peak capacity ("clipping") to enable MORE kWhs generation overall. If necessary, adjust the Conditional Formatting on the Operational Analysis tab to reflect the maximum possible kW output figure. (See Instructions tab).
B11: Overall site demand (kilowatts) for electricity is greater than the installed rated kilowatt capacity of the solar array. | C11: 76 | D11: In this situation, the solar array should be generating at the maximum kilowatt output possible under the operating conditions at the time. Is the level of kW output appropriate for the time of day and time of year? | E11: When you know the output your rooftop solar array is expected to achieve and what it has achieved historically, you are in a good position to compare one day's output with another. If you suspect the system is not performing as it should, ask your monitoring service provider or operation and maintenance provider for more information.
B12: No electricity is being imported from the grid | C12: 40 | D12: During daylight hours, if there is a positive value in the cell, this indicates either that demand is being met by the solar array entirely. If the cell value is 0, during daylight hours, there is no demand for electricity from the site.

Sheet OperationAnalysis
A1: Installed kiloWatt capacity ? | N1: kiloWatts | W1: Hours of peak generation opportunity | AN1: See KEY tab for full Key
A3: Maximum kW generated to date | B3: Time | C3: Hours of darkness | I3: Potential Max Summer Daylight Hours | AU3: Hours of darkness
Q4: Potential Min Winter Daylight Hours
A5: {=MAX(IFERROR(A7:A1635,0))} -> 41.21 | B5: HH Period | C5: 0.041666667 | E5: 0.083333333 | G5: 0.125 | I5: 0.16666667 | K5: 0.20833333 | M5: 0.25 | O5: 0.29166667 | Q5: 0.33333333 | S5: 0.375 | U5: 0.41666667 | W5: 0.45833333 | Y5: 0.5 | AA5: 0.54166667 | AC5: 0.58333333 | AE5: 0.625 | AG5: 0.66666667 | AI5: 0.70833333 | AK5: 0.75 | AM5: 0.79166667 | AO5: 0.83333333 | AQ5: 0.875 | AS5: 0.91666667 | AU5: 0.95833333 | AW5: 1
C6: 1 | D6: 2 | E6: 3 | F6: 4 | G6: 5 | H6: 6 | I6: 7 | J6: 8 | K6: 9 | L6: 10 | M6: 11 | N6: 12 | O6: 13 | P6: 14 | Q6: 15 | R6: 16 | S6: 17 | T6: 18 | U6: 19 | V6: 20 | W6: 21 | X6: 22 | Y6: 23 | Z6: 24 | AA6: 25 | AB6: 26 | AC6: 27 | AD6: 28 | AE6: 29 | AF6: 30 | AG6: 31 | AH6: 32 | AI6: 33 | AJ6: 34 | AK6: 35 | AL6: 36 | AM6: 37 | AN6: 38 | AO6: 39 | AP6: 40 | AQ6: 41 | AR6: 42 | AS6: 43 | AT6: 44 | AU6: 45 | AV6: 46 | AW6: 47 | AX6: 48
A7: =MAX(C7:AX7) -> 4.64 | B7: =HHGenerationDataInput!B7 -> 45292 | C7: =(GenerationkWh!C7)*2 -> 0 | D7: =(GenerationkWh!D7)*2 -> 0 | E7: =(GenerationkWh!E7)*2 -> 0 | F7: =(GenerationkWh!F7)*2 -> 0 | G7: =(GenerationkWh!G7)*2 -> 0 | H7: =(GenerationkWh!H7)*2 -> 0 | I7: =(GenerationkWh!I7)*2 -> 0 | J7: =(GenerationkWh!J7)*2 -> 0 | ... AX7: =(GenerationkWh!AX7)*2 -> 0
A8: =MAX(C8:AX8) -> 7.89 | B8: =HHGenerationDataInput!B8 -> 45293 | C8: =(GenerationkWh!C8)*2 -> 0 | D8: =(GenerationkWh!D8)*2 -> 0 | E8: =(GenerationkWh!E8)*2 -> 0 | F8: =(GenerationkWh!F8)*2 -> 0 | G8: =(GenerationkWh!G8)*2 -> 0 | H8: =(GenerationkWh!H8)*2 -> 0 | I8: =(GenerationkWh!I8)*2 -> 0 | J8: =(GenerationkWh!J8)*2 -> 0 | ... AX8: =(GenerationkWh!AX8)*2 -> 0
A9: =MAX(C9:AX9) -> 13.07 | B9: =HHGenerationDataInput!B9 -> 45294 | C9: =(GenerationkWh!C9)*2 -> 0 | D9: =(GenerationkWh!D9)*2 -> 0 | E9: =(GenerationkWh!E9)*2 -> 0 | F9: =(GenerationkWh!F9)*2 -> 0 | G9: =(GenerationkWh!G9)*2 -> 0 | H9: =(GenerationkWh!H9)*2 -> 0 | I9: =(GenerationkWh!I9)*2 -> 0 | J9: =(GenerationkWh!J9)*2 -> 0 | ... AX9: =(GenerationkWh!AX9)*2 -> 0
A10: =MAX(C10:AX10) -> 4.2 | B10: =HHGenerationDataInput!B10 -> 45295 | C10: =(GenerationkWh!C10)*2 -> 0 | D10: =(GenerationkWh!D10)*2 -> 0 | E10: =(GenerationkWh!E10)*2 -> 0 | F10: =(GenerationkWh!F10)*2 -> 0 | G10: =(GenerationkWh!G10)*2 -> 0 | H10: =(GenerationkWh!H10)*2 -> 0 | I10: =(GenerationkWh!I10)*2 -> 0 | J10: =(GenerationkWh!J10)*2 -> 0 | ... AX10: =(GenerationkWh!AX10)*2 -> 0
A11: =MAX(C11:AX11) -> 13.12 | B11: =HHGenerationDataInput!B11 -> 45296 | C11: =(GenerationkWh!C11)*2 -> 0 | D11: =(GenerationkWh!D11)*2 -> 0 | E11: =(GenerationkWh!E11)*2 -> 0 | F11: =(GenerationkWh!F11)*2 -> 0 | G11: =(GenerationkWh!G11)*2 -> 0 | H11: =(GenerationkWh!H11)*2 -> 0 | I11: =(GenerationkWh!I11)*2 -> 0 | J11: =(GenerationkWh!J11)*2 -> 0 | ... AX11: =(GenerationkWh!AX11)*2 -> 0
A12: =MAX(C12:AX12) -> 19.16 | B12: =HHGenerationDataInput!B12 -> 45297 | C12: =(GenerationkWh!C12)*2 -> 0 | D12: =(GenerationkWh!D12)*2 -> 0 | E12: =(GenerationkWh!E12)*2 -> 0 | F12: =(GenerationkWh!F12)*2 -> 0 | G12: =(GenerationkWh!G12)*2 -> 0 | H12: =(GenerationkWh!H12)*2 -> 0 | I12: =(GenerationkWh!I12)*2 -> 0 | J12: =(GenerationkWh!J12)*2 -> 0 | ... AX12: =(GenerationkWh!AX12)*2 -> 0
A13: =MAX(C13:AX13) -> 8.49 | B13: =HHGenerationDataInput!B13 -> 45298 | C13: =(GenerationkWh!C13)*2 -> 0 | D13: =(GenerationkWh!D13)*2 -> 0 | E13: =(GenerationkWh!E13)*2 -> 0 | F13: =(GenerationkWh!F13)*2 -> 0 | G13: =(GenerationkWh!G13)*2 -> 0 | H13: =(GenerationkWh!H13)*2 -> 0 | I13: =(GenerationkWh!I13)*2 -> 0 | J13: =(GenerationkWh!J13)*2 -> 0 | ... AX13: =(GenerationkWh!AX13)*2 -> 0
A14: =MAX(C14:AX14) -> 10.38 | B14: =HHGenerationDataInput!B14 -> 45299 | C14: =(GenerationkWh!C14)*2 -> 0 | D14: =(GenerationkWh!D14)*2 -> 0 | E14: =(GenerationkWh!E14)*2 -> 0 | F14: =(GenerationkWh!F14)*2 -> 0 | G14: =(GenerationkWh!G14)*2 -> 0 | H14: =(GenerationkWh!H14)*2 -> 0 | I14: =(GenerationkWh!I14)*2 -> 0 | J14: =(GenerationkWh!J14)*2 -> 0 | ... AX14: =(GenerationkWh!AX14)*2 -> 0
A15: =MAX(C15:AX15) -> 15.06 | B15: =HHGenerationDataInput!B15 -> 45300 | C15: =(GenerationkWh!C15)*2 -> 0 | D15: =(GenerationkWh!D15)*2 -> 0 | E15: =(GenerationkWh!E15)*2 -> 0 | F15: =(GenerationkWh!F15)*2 -> 0 | G15: =(GenerationkWh!G15)*2 -> 0 | H15: =(GenerationkWh!H15)*2 -> 0 | I15: =(GenerationkWh!I15)*2 -> 0 | J15: =(GenerationkWh!J15)*2 -> 0 | ... AX15: =(GenerationkWh!AX15)*2 -> 0
A16: =MAX(C16:AX16) -> 23.82 | B16: =HHGenerationDataInput!B16 -> 45301 | C16: =(GenerationkWh!C16)*2 -> 0 | D16: =(GenerationkWh!D16)*2 -> 0 | E16: =(GenerationkWh!E16)*2 -> 0 | F16: =(GenerationkWh!F16)*2 -> 0 | G16: =(GenerationkWh!G16)*2 -> 0 | H16: =(GenerationkWh!H16)*2 -> 0 | I16: =(GenerationkWh!I16)*2 -> 0 | J16: =(GenerationkWh!J16)*2 -> 0 | ... AX16: =(GenerationkWh!AX16)*2 -> 0
A17: =MAX(C17:AX17) -> 20.37 | B17: =HHGenerationDataInput!B17 -> 45302 | C17: =(GenerationkWh!C17)*2 -> 0 | D17: =(GenerationkWh!D17)*2 -> 0 | E17: =(GenerationkWh!E17)*2 -> 0 | F17: =(GenerationkWh!F17)*2 -> 0 | G17: =(GenerationkWh!G17)*2 -> 0 | H17: =(GenerationkWh!H17)*2 -> 0 | I17: =(GenerationkWh!I17)*2 -> 0 | J17: =(GenerationkWh!J17)*2 -> 0 | ... AX17: =(GenerationkWh!AX17)*2 -> 0
A18: =MAX(C18:AX18) -> 19.48 | B18: =HHGenerationDataInput!B18 -> 45303 | C18: =(GenerationkWh!C18)*2 -> 0 | D18: =(GenerationkWh!D18)*2 -> 0 | E18: =(GenerationkWh!E18)*2 -> 0 | F18: =(GenerationkWh!F18)*2 -> 0 | G18: =(GenerationkWh!G18)*2 -> 0 | H18: =(GenerationkWh!H18)*2 -> 0 | I18: =(GenerationkWh!I18)*2 -> 0 | J18: =(GenerationkWh!J18)*2 -> 0 | ... AX18: =(GenerationkWh!AX18)*2 -> 0
... A372: =MAX(C372:AX372) -> #VALUE! | B372: =HHGenerationDataInput!B372 -> 45657 | C372: =(GenerationkWh!C372)*2 -> #VALUE! | D372: =(GenerationkWh!D372)*2 -> #VALUE! | E372: =(GenerationkWh!E372)*2 -> #VALUE! | F372: =(GenerationkWh!F372)*2 -> #VALUE! | G372: =(GenerationkWh!G372)*2 -> #VALUE! | H372: =(GenerationkWh!H372)*2 -> #VALUE! | I372: =(GenerationkWh!I372)*2 -> #VALUE! | J372: =(GenerationkWh!J372)*2 -> #VALUE! | ... AX372: =(GenerationkWh!AX372)*2 -> #VALUE!

Sheet SpareHHGrid
W1: Hours of peak generation opportunity
B3: Time | C3: Hours of darkness | L3: Potential Summer Daylight Hours | AS3: Hours of darkness
S4: Potential Winter Daylight Hours
B5: HH Period | C5: 0.041666667 | E5: 0.083333333 | G5: 0.125 | I5: 0.16666667 | K5: 0.20833333 | M5: 0.25 | O5: 0.29166667 | Q5: 0.33333333 | S5: 0.375 | U5: 0.41666667 | W5: 0.45833333 | Y5: 0.5 | AA5: 0.54166667 | AC5: 0.58333333 | AE5: 0.625 | AG5: 0.66666667 | AI5: 0.70833333 | AK5: 0.75 | AM5: 0.79166667 | AO5: 0.83333333 | AQ5: 0.875 | AS5: 0.91666667 | AU5: 0.95833333 | AW5: 1
C6: 1 | D6: 2 | E6: 3 | F6: 4 | G6: 5 | H6: 6 | I6: 7 | J6: 8 | K6: 9 | L6: 10 | M6: 11 | N6: 12 | O6: 13 | P6: 14 | Q6: 15 | R6: 16 | S6: 17 | T6: 18 | U6: 19 | V6: 20 | W6: 21 | X6: 22 | Y6: 23 | Z6: 24 | AA6: 25 | AB6: 26 | AC6: 27 | AD6: 28 | AE6: 29 | AF6: 30 | AG6: 31 | AH6: 32 | AI6: 33 | AJ6: 34 | AK6: 35 | AL6: 36 | AM6: 37 | AN6: 38 | AO6: 39 | AP6: 40 | AQ6: 41 | AR6: 42 | AS6: 43 | AT6: 44 | AU6: 45 | AV6: 46 | AW6: 47 | AX6: 48
B7: 44927
B8: 44928
B9: 44929
B10: 44930
B11: 44931
B12: 44932
B13: 44933
B14: 44934
B15: 44935
B16: 44936
B17: 44937
B18: 44938
... B737: 45657
